Workbook
Name _Hlk214345935: B_PH_Hinweise!$A$1
Name _Hlk233272744: B_PH_Hinweise!$B$14
Name _Hlk235628445: B_PH_Hinweise!#REF!
Name eeadivisor: B_PH_Gesamtkalkulation!$H$11
Name pnk: [1]Personalaufwendungen!$I$72
Name risiko: [1]Personalaufwendungen!$I$76

Sheet B_PH_Versionsinfo
A2: Erläuterung der Änderungen gegenüber der Vorversion (Änderungshistorie ab 18.06.2026)
A5: Datum der Änderung | B5: Tabellenblatt | C5: Zeile/Spalte | D5: Erläuterung der Änderung | E5: Hinweise für die Anwender
A6: 46246 | B6: Gesamtdokument | D6: Neugestaltung der Antragsunterlagen auf Basis des bisherigen Antrages B1
A7: 46254 | B7: B_PH_Gesamtkalkulation | C7: H52 | D7: anstelle 1,5 => 0,5 | E7: Kostenverteilung korrigiert
C8: J52 | D8: bisherige Formel ohne Berücksichtigung VW-Budget Formel neu: =WENN(B_PH_Kalkulation!H15=0;RUNDEN(B_PH_Gesamtkalkulation!L57*KAT!M35;2);RUNDEN((B_PH_Gesamtkalkulation!J16+B_PH_Gesamtkalkulation!J30+B_PH_Gesamtkalkulation!J40+J49);2))
B9: B_PH_Kalkulation | C9: D29:D31 , J29:J31 | D9: Formel ohne Runden | E9: keine Rundung der Rundung, da im Vollantrag aus der VK die PR auf 2 Nachkommastellen gerundet wird, desh. kann in dem pauschalen Antrag aus den gerundeten PR nicht die VK mit nochmaliger Rundung ermittelt werden
C10: D24:D26; J24:J26 | D10: Rundung bleibt, da Anteilswerte innerhalb der vorgegebenen Grenzen veränderbar
C11: M35; M46 | D11: Fehlertext angepasst, SK max. 2,5%, FL max. 6%
C12: KATI74 | D12: 0.025
C13: KATI75 | D13: 0.06
A14: 46259 | B14: B_PH_Gesamtkalkulation | C14: J61, T61, V61, X61 | D14: Runden der Pflegesätze auf zwei Nachkommastellen für die KZP | E14: Runden der Pflegesätze auf zwei Nachkommastellen
A15: 46260 | B15: B_PH_Kalkulation | C15: C24:C26; C29:C31 | D15: Eingabe mit max. 2 Nachkommastellen begrenzt
C16: I24 | D16: Datenüberprüfung angepasst: bisher Dezimal; min = KAT!B26 und max. C24 Korrektur: benutzerdefiniert; Formel=UND(I24>=KAT!B25;I24<=C24;REST(I24*10000;1)=0) + Text angepasst
C17: I25 | D17: Datenüberprüfung angepasst: bisher Dezimal; min = 0 und max. C25 Korrektur: benutzerdefiniert; Formel=UND(I25>=0;I25<=C25;REST(I25*10000;1)=0) + Text angepasst
C18: I26 | D18: Datenüberprüfung angepasst: bisher Dezimal; min = 0 und max. C26 Korrektur: benutzerdefiniert; Formel=UND(I26>=0;I26<=C26;REST(I26*10000;1)=0) + Text angepasst
B19: B_PH_Berechnung rüE | C19: B29:B30 | D19: bisher: Beschätigungsgruppe Korrektur: Beschäftigungsgruppe
B20: KAT | C20: B31:R41 | D20: Berichtspflicht intern
A21: 46288 | B21: KAT | C21: H1:H4 | D21: Auswahlmöglichkeiten Kostenträger ergänzt (für Auswahl im Blatt Ergebnis)
C22: C48 | D22: Wert von 1,25 auf 1,5 angepasst
C23: L67 | D23: Formel =INDEX(I67:K67;VERGLEICH($L$66;I$66:$K$66;0)) eingefügt
C24: I67 | D24: Wert ergänzt (wird benötigt für die Steigerung der PK PDL)
B25: B_PH_Ergebnis | C25: B99:B100 | D25: Auswahlfeld zur Angabe des Verhandlungsführers hinterlegt
B26: B_PH_Kalkulation | C26: C24:C26; C29:C31; I24:I26 | D26: Funktion angepasst: rest() ersetzt durch
D27: WENNFEHLER((LÄNGE()-FINDEN(",";));0)
C28: I24:I26 | D28: Fehlertext angepasst
A29: 46295 | B29: Verknüpfungstabelle | C29: Zeile 10 | D29: Anpassungen für Betriebsvergleich
A30: 46297 | B30: B_PH_Kalkulation | C30: Zeile 63ff | D30: Eingabefelder für bisherige Vereinbarungswerte eingefügt; Positionierung und Formulierungen der Forderungswerte angepasst
C31: Zeile 58 bis 61 | D31: Eingabefelder für das bisher vereinbartes Verwaltungsbudget ergänzt
A32: 06.10.2026/ 07.10.2026 | B32: B_PH_Kalkulation | C32: O25, O20 und O21:R33 | D32: O25: Text enfernt (alt: "- Personalkostensteigerungen - (nicht für Funktionsbereich Pflege, Betreuung, zusätzliche Betreuung notwendig)") O20: Text ersetzt (alt: " - die veränderte Personalausstattung -") Zellen verbunden
A33: 46304 | B33: KAT | C33: H66:K75 | D33: Steigerungen entsprechend Beschluss PSK vom 08.10.2026 angepasst
C34: diverse Zellen | D34: Textfarbe in grau geändert (zur Kennzeichnung nicht verwendeter Inhalte)
B35: B_PH_Allgemeine Angaben | C35: N59 | D35: Formel durch "0" ersetzt (um das aktivieren des Blattes B_PH_Berechnung rüE zu verhindern) (alt: =WENN(UND(H56<>"ja";H57="rüE");1;0))
C36: J59 | D36: Formel angepasst
B37: B_PH_Kalkulation | C37: I25:I26 | D37: Bedingung Datenüberprüfung korrigiert
C38: K29:K31 | D38: Prüfung Mindetslohn entfernt
C39: Spalte M | D39: Hinweistexte bei Überschreitung der max. Steigerungen angepasst
B40: B_PH_Berechnung rüE | D40: Blatt ausgeblendet
A41: 46311 | B41: B_PH_Kalkulation | C41: I24:I26 | D41: Fehlertext angepasst (alt: Wert außerhalb der zulässigen Bandbreite …)
B42: B_PH_Bewohnervertretung | D42: Begriff "Bewohnerfürsprecher" durch "Bewohnersprecher" ersetzt
A43: 46314 | B43: B_PH_Hinweise | D43: Blatt Hinweise eingefügt
B44: B_PH_Kalkulation | C44: H-N87 gesperrt und Link entfernt | D44: kein Absprung mehr zum Blatt B_PH_Berechnung rüE
B45: B_PH_Ergebnis | C45: B99 gelb eingefärbt | D45: damit Eintragung Verhandlungsführer ermöglicht wird
B46: Verknüpfungstabelle | C46: Bezüge zum ausgeblendeten Blatt "B_PH_Berechnung rüE" entfernt | D46: die im ausgeblendeten Blatt gefüllten/angegebenen Paramerter sind weder geeint noch zutreffend, sie dürfen im aktuellen Verfahren keine Verwendung finden und nicht zur Anzeige kommen

Sheet Verknüpfungstabelle
A1: Verhandlungsart | B1: IK_E | C1: IK_KZP | D1: Antragsdatum | E1: E_Art | F1: Name_E | G1: Straße_E | H1: PLZ_E | I1: Ort_E | J1: TEL_E | K1: Fax_E | L1: EMail_E | M1: Web_E | N1: Einrichtungsleitung | O1: PDL | P1: Name_T | Q1: Straße_T | R1: PLZ_T | S1: Ort_T | T1: Tel_T | U1: Fax_T | V1: EMail_T | W1: Web_T | X1: AP_Funktion | Y1: Verband | Z1: Zulassungsdatum | AA1: Platzzahl | AB1: dav_KZP_Plätze | AC1: LFZ_ab | AD1: LFZ_bis | AE1: letzte_LFZ_ab | AF1: letzte_LFZ_bis | AG1: ANT_AOK | AH1: ANT_vdek | AI1: ANT_BKK | AJ1: ANT_IKK | AK1: ANT_KBS | AL1: ANT_PKV | AM1: ANT_Sonstige_SVT | AN1: dav_SHT | AO1: Ausbildungsbetrieb | AP1: 132g | AQ1: Auslastung_E | AR1: BEL_letze12M_PG1 | AS1: BEL_letze12M_PG2 | AT1: BEL_letze12M_PG3 | AU1: BEL_letze12M_PG4 | AV1: BEL_letze12M_PG5 | AW1: BEL_letze12M_SUM | AX1: BEL_STICHTAG_PG1 | AY1: BEL_STICHTAG_PG2 | AZ1: BEL_STICHTAG_PG3 | BA1: BEL_STICHTAG_PG4 | BB1: BEL_STICHTAG_PG5 | BC1: BEL_STICHTAG_SUM | BD1: BEL_PROG_PG1 | BE1: BEL_PROG_PG2 | BF1: BEL_PROG_PG3 | BG1: BEL_PROG_PG4 | BH1: BEL_PROG_PG5 | BI1: BEL_PROG_SUM | BJ1: BEL_PROG_DAV_KZP_PG1 | BK1: BEL_PROG_DAV_KZP_PG2 | BL1: BEL_PROG_DAV_KZP_PG3 | BM1: BEL_PROG_DAV_KZP_PG4 | BN1: BEL_PROG_DAV_KZP_PG5 | BO1: BEL_PROG_DAV_KZP_SUM | BP1: wö_AZ_je_VK | BQ1: letzte12M_PKL_von | BR1: letzte12M_PKL_bis | BS1: PKL_PERS_IST_111_PDL-stellvPDL | BT1: PKL_AG_Brutto_IST_111_PDL-stellvPDL | BU1: PKL_PERS_IST_112_QM | BV1: PKL_AG_Brutto_IST_112_QM | BW1: PKL_PERS_IST_113_HM | BX1: PKL_AG_Brutto_IST_113_HM | BY1: PKL_PERS_IST_121_PFK/BFK | BZ1: PKL_AG_Brutto_IST_121_PFK/BFK | CA1: PKL_PERS_IST_121_PFK/BFK_DAV_PRÄSK | CB1: PKL_PERS_IST_122_PK/BK | CC1: PKL_AG_Brutto_IST_121_PK/BK | CD1: PKL_PERS_IST_122_PK/BK_DAV_PRÄSK | CE1: PKL_PERS_IST_123_PK/BK o. | CF1: PKL_AG_Brutto_IST_123_PK/BK o. | CG1: PKL_PERS_IST_123_PK/BK o._DAV_PRÄSK | CH1: PKL_PERS_IST_12_SUM | CI1: PKL_AG_Brutto_IST_12_SUM | CJ1: PKL_IST_121_PFK/BFK_ANT_113c | CK1: PKL_IST_122_PK/BKANT_113c | CL1: PKL_IST_123_PK/BK o.113c | CM1: PKL_PERS_IST_131_43b_PK/BK | CN1: PKL_AG_Brutto_IST_131_43b_PK/BK | CO1: PKL_PERS_IST_132_43b_PK/BK o. | CP1: PKL_AG_Brutto_IST_132_43b_PK/BK o. | CQ1: PKL_PERS_IST_13_43b_SUM | CR1: PKL_AG_Brutto_IST_13_43b_SUM | CS1: PKL_PERS_IST_14_LuV | CT1: PKL_AG_Brutto_IST_14_LuV | CU1: PKL_PERS_IST_15_HW | CV1: PKL_AG_Brutto_IST_15_HW | CW1: PKL_PERS_IST_15_HW_DAV_PräsK_PFK/BFK | CX1: PKL_PERS_IST_15_HW_DAV_PräsK_PK/BK | CY1: PKL_PERS_IST_15_HW_DAV_PräsK_PK/BK o. | CZ1: PKL_PERS_IST_16_KÜCHE | DA1: PKL_AG_Brutto_IST_16_KÜCHE | DB1: PKL_PERS_IST_17_HAT | DC1: PKL_AG_Brutto_IST_17_HAT | DD1: PKL_PERS_IST_18_FwD | DE1: PKL_AG_Brutto_IST_18_FwD | DF1: PKL_PERS_IST_18_FSJ | DG1: PKL_AG_Brutto_IST_18_FSJ | DH1: PKL_PERS_IST_18_SONS_SUM | DI1: PKL_AG_Brutto_IST_18_SONS_SUM | DJ1: UNMITT_TARIFBIND | DK1: ENTLOHNUNG_NACH | DL1: TARIF_AVR | DM1: TARIF_FASSG_VOM | DN1: FORD_SV_ANT | DO1: FORD_bAV_ANT | DP1: FORD_SV_ANT_GfB | DQ1: FORD_GVWG_STD_LOHN_PFK/BFK | DR1: FORD_GVWG_STD_LOHN_PK/BK | DS1: FORD_GVWG_STD_LOHN_PK/BK o. | DT1: FORD_GVWG_VK_PFK/BFK | DU1: FORD_GVWG_VK_PK/BK | DV1: FORD_GVWG_VK_PK/BK o. | DW1: FORD_GVWG_VK_SUM | DX1: FORD_GVWG_REG | DY1: FORD_GVWG_GES_BRUTTO_PFK/BFK | DZ1: FORD_GVWG_GES_BRUTTO_PK/BK | EA1: FORD_GVWG_GES_BRUTTO_PK/BK o. | EB1: PERS_STICHT_111_PDL-stellvPDL | EC1: PERS_STICHT_112_QM | ED1: PERS_STICHT_113_HM | EE1: PERS_STICHT_11_SUM | EF1: PERS_STICHT_121_PFK/BFK | EG1: PERS_STICHT_121_PFK/BFK_DAV_PRÄSK | EH1: PERS_STICHT_122_PK/BK | EI1: PERS_STICHT_122_PK/BK_DAV_PRÄSK | EJ1: PERS_STICHT_123_PK/BK o. | EK1: PERS_STICHT_123_PK/BK o._DAV_PRÄSK | EL1: PERS_STICHT_12_SUM | EM1: ANT_113c_STICHT_121_PFK/BFK | EN1: ANT_113c_STICHT_122_PK/BK | EO1: ANT_113c_STICHT_123_PK/BK o. | EP1: PERS_STICHT_131_43b_PK/BK | EQ1: PERS_STICHT_132_43b_PK/BK o. | ER1: PERS_STICHT_13_43b_SUM | ES1: PERS_STICHT_14_LuV_LTG | ET1: PERS_STICHT_14_LuV_VW | EU1: PERS_STICHT_14_EL | EV1: PERS_STICHT_15_HW | EW1: PERS_STICHT_15_HW_DAV_PRÄSK_PFK/BFK | EX1: PERS_STICHT_15_HW_DAV_PRÄSK_PK/BK | EY1: PERS_STICHT_15_HW_DAV_PRÄSK_PK/BK o. | EZ1: PERS_STICHT_16_KÜCHE | FA1: PERS_STICHT_17_HAT | FB1: PERS_STICHT_18_FwD | FC1: PERS_STICHT_18_FSJ | FD1: PERS_PROGN_111_PDL-stellvPDL | FE1: PERS_PROGN_112_QM | FF1: PERS_PROGN_113_HM | FG1: PERS_PROGN_11_SUM | FH1: PERS_PROGN_121_PFK/BFK | FI1: PERS_PROGN_121_PFK/BFK_DAV_PRÄSK | FJ1: PERS_PROGN_122_PK/BK | FK1: PERS_PROGN_122_PK/BK_DAV_PRÄSK | FL1: PERS_PROGN_123_PK/BK o. | FM1: PERS_PROGN_123_PK/BK o._DAV_PRÄSK | FN1: PERS_PROGN_12_SUM | FO1: ANT_113c_PROGN_121_PFK/BFK | FP1: ANT_113c_PROGN_122_PK/BK | FQ1: ANT_113c_PROGN_123_PK/BK o. | FR1: PERS_PROGN_131_43b_PK/BK | FS1: PERS_PROGN_132_43b_PK/BK o. | FT1: PERS_PROGN_13_43b_SUM | FU1: PERS_PROGN_14_LuV_LTG | FV1: PERS_PROGN_14_LuV_VW | FW1: PERS_PROGN_14_EL | FX1: PERS_PROGN_15_HW | FY1: PERS_PROGN_15_HW_DAV_PRÄSK_PFK/BFK | FZ1: PERS_PROGN_15_HW_DAV_PRÄSK_PK/BK | GA1: PERS_PROGN_15_HW_DAV_PRÄSK_PK/BK o. | GB1: PERS_PROGN_15_HW_SUM | GC1: ANT_PROGN_PRÄSK_15_HW | GD1: PERS_PROGN_16_KÜCHE | GE1: PERS_PROGN_17_HAT | GF1: PERS_PROGN_18_FwD | GG1: PERS_PROGN_18_FSJ | GH1: PNK_PROGN_BG | GI1: PNK_PROGN_AUSGL | GJ1: PNK_PROGN_FORTB | GK1: PNK_PROGN_ARB-GES-SCHUTZ | GL1: PNK_PROGN_PROZ | GM1: PNK_PROGN_SUM | GN1: stfr_Sachbez_PROGN_PROZ | GO1: stfr_Sachbez_PROGN | GP1: UR_PROGN_PROZ | GQ1: UR_PROGN | GR1: GES-PeKo_PROGN_111_PDL-stellvPDL | GS1: GES_PeKo_PROGN_112_QM | GT1: GES_PeKo_PROGN_113_HM | GU1: GES_PeKo_PROGN_11_SUM | GV1: GES_PeKo_PROGN_121_PFK/BFK | GW1: GES_PeKo_PROGN_122_PK/BK | GX1: GES_PeKo_PROGN_123_PK/BK o. | GY1: GES_PeKo_PROGN_12_SUM | GZ1: GES_PeKo_PROGN_131_43b_PK/BK | HA1: GES_PeKo_PROGN_132_43b_PK/BK o. | HB1: GES_PeKo_PROGN_13_43b_SUM | HC1: GES_PeKo_PROGN_14_LuV_LTG | HD1: GES_PeKo_PROGN_14_LuV_VW | HE1: GES_PeKo_PROGN_14_EL_SUM | HF1: GES_PeKo_PROGN_15_HW_SUM | HG1: GES_PeKo_PROGN_16_KÜCHE_SUM | HH1: GES_PeKo_PROGN_17_HAT_SUM | HI1: PeKo_PROGN_18_FwD_STELLE | HJ1: PeKo_PROGN_18_FSJ_STELLE | HK1: SK_Zeitraum_Wahl | HL1: SK_ZEITR_VON | HM1: SK_ZEITR_BIS | HN1: SK_BT_abweichender Zeitraum | HO1: SK_ZEITR_21_LEBENSM | HP1: SK_ZEITR_22_PFLEGEBEDARF | HQ1: SK_ZEITR_23_W-E-B | HR1: SK_ZEITR_24_VW_BEDARF | HS1: SK_ZEITR_25_VW_DIENSTE | HT1: SK_ZEITR_26_BETREUUNG | HU1: SK_ZEITR_27_WIRTSCHAFT | HV1: SK_ZEITR_28_S-A-V | HW1: SK_ZEITR_29_WARTUNG | HX1: SK_ZEITR_210_SONSTIGE | HY1: SK_ZEITR_2_SUM | HZ1: FL_ZEITR_31_Küche | IA1: FL_ZEITR_32_WÄSCHEREI | IB1: FL_ZEITR_33_WÄSCHE-KZ | IC1: FL_ZEITR_34_REINIGUNG | ID1: FL_ZEITR_35_VW | IE1: FL_ZEITR_36_HT | IF1: FL_ZEITR_37_EINTR | IG1: FL_ZEITR_37_ZEILE1 | IH1: FL_ZEITR_38_EINTR | II1: FL_ZEITR_38_ZEILE2 | IJ1: FL_ZEITR_3_SUM | IK1: SK_PROGN_21_LEBENSM | IL1: SK_PROGN_22_PFLEGEBEDARF | IM1: SK_PROGN_23_W-E-B | IN1: SK_PROGN_24_VW_BEDARF | IO1: SK_PROGN_25_VW_DIENSTE | IP1: SK_PROGN_26_BETREUUNG | IQ1: SK_PROGN_27_WIRTSCHAFT | IR1: SK_PROGN_28_S-A-V | IS1: SK_PROGN_29_WARTUNG | IT1: SK_PROGN_210_SONSTIGE | IU1: SK_PROGN_2_SUM | IV1: FL_PROGN_31_Küche | IW1: FL_PROGN_32_WÄSCHEREI | IX1: FL_PROGN_33_WÄSCHE-KZ | IY1: FL_PROGN_34_REINIGUNG | IZ1: FL_PROGN_35_VW | JA1: FL_PROGN_36_HT | JB1: FL_PROGN_37_EINTR | JC1: FL_PROGN_37_ZEILE1 | JD1: FL_PROGN_38_EINTR | JE1: FL_PROGN_38_ZEILE2 | JF1: FL_PROGN_3_SUM | JG1: SK_PROGN-BT_21_LEBENSM | JH1: SK_PROGN-BT_22_PFLEGEBEDARF | JI1: SK_PROGN-BT_23_W-E-B | JJ1: SK_PROGN-BT_24_VW_BEDARF | JK1: SK_PROGN-BT_25_VW_DIENSTE | JL1: SK_PROGN-BT_26_BETREUUNG | JM1: SK_PROGN-BT_27_WIRTSCHAFT | JN1: SK_PROGN-BT_28_S-A-V | JO1: SK_PROGN-BT_29_WARTUNG | JP1: SK_PROGN-BT_210_SONSTIGE | JQ1: SK_PROGN-BT_2_SUM | JR1: FL_PROGN-BT_31_Küche | JS1: FL_PROGN-BT_32_WÄSCHEREI | JT1: FL_PROGN-BT_33_WÄSCHE-KZ | JU1: FL_PROGN-BT_34_REINIGUNG | JV1: FL_PROGN-BT_35_VW | JW1: FL_PROGN-BT_36_HT | JX1: FL_PROGN-BT_37_EINTR | JY1: FL_PROGN-BT_37_ZEILE1 | JZ1: FL_PROGN-BT_38_EINTR | KA1: FL_PROGN-BT_38_ZEILE2 | KB1: FL_PROGN-BT_3_SUM | KC1: SK_PROGN_UR_PROZ | KD1: SK_PROGN_UR_BETR | KE1: FORD_VK_111_PDL-stellvPDL | KF1: FORD_VK_112_QM | KG1: FORD_VK_113_HM | KH1: FORD_VK_121_PFK/BFK | KI1: FORD_VK_122_PK/BK | KJ1: FORD_VK_123_PK/BK o. | KK1: FORD_VK_131_43b | KL1: FORD_VK_14_LuV | KM1: FORD_VK_15_HW | KN1: FORD_VK_16_KÜCHE | KO1: FORD_VK_17_HAT | KP1: FORD_Anzahhl_18_FwD_FSJ | KQ1: FORD_VK_111_PDL-stellvPDL_DAV_VST | KR1: FORD_VK_112_QM_DAV_VST | KS1: FORD_VK_113_HM_DAV_VST | KT1: FORD_VK_121_PFK/BFK_DAV_VST | KU1: FORD_VK_122_PK/BK_DAV_VST | KV1: FORD_VK_123_PK/BK o._DAV_VST | KW1: FORD_VK_131_43b_DAV_VST | KX1: FORD_VK_14_LuV_DAV_VST | KY1: FORD_VK_15_HW_DAV_VST | KZ1: FORD_VK_16_KÜCHE_DAV_VST | LA1: FORD_VK_17_HAT_DAV_VST | LB1: FORD_Anzahl_18_FwD_FSJ_DAV_VST | LC1: FORD_VK_111_PDL-stellvPDL_DAV_KZP | LD1: FORD_VK_112_QM_DAV_KZP | LE1: FORD_VK_113_HM_DAV_KZP | LF1: FORD_VK_121_PFK/BFK_DAV_KZP | LG1: FORD_VK_122_PK/BK_DAV_KZP | LH1: FORD_VK_123_PK/BK o._DAV_KZP | LI1: FORD_VK_131_43b_DAV_KZP | LJ1: FORD_VK_14_LuV_DAV_KZP | LK1: FORD_VK_15_HW_DAV_KZP | LL1: FORD_VK_16_KÜCHE_DAV_KZP | LM1: FORD_VK_17_HAT_DAV_KZP | LN1: FORD_Anzahl_18_FwD_FSJ_DAV_KZP | LO1: FORD_ANT_113c_121_PFK/BFK | LP1: FORD_ANT_113c_122_PK/BK | LQ1: FORD_ANT_113c_123_PK/BK o. | LR1: FORD_PR_131_43b_ | LS1: FORD_PR_14_LuV_ | LT1: FORD_PR_15_HW_ | LU1: FORD_PR_16_KÜCHE_ | LV1: FORD_PR_17_HAT_ | LW1: FORD_PR_18_FwD_FSJ_ | LX1: FORD_EEE_VST | LY1: FORD_PS-PG1_VST | LZ1: FORD_PS-PG2_VST | MA1: FORD_PS-PG3_VST | MB1: FORD_PS-PG4_VST | MC1: FORD_PS-PG5_VST | MD1: FORD_43b_VST | ME1: FORD_U_VST | MF1: FORD_V_VST | MG1: FORD_PS-PG1-5_KZP | MH1: FORD_43b_KZP | MI1: FORD_U_KZP | MJ1: FORD_V_KZP | MK1: VWBUD_GES_PeKo_PROGN | ML1: VWBUD_PeKo_BREUCK | MM1: VWBUD_PeKo_SK-FL_BERUECK | MN1: VWBUD_PROZENT | MO1: VWBUD_BETRAG | MP1: VWBUD_AUFSCHLAG | MQ1: VWBUD_AUFSCHLAG_BETRAG | MR1: VWBUD_N_AUSG_STELLENANT | MS1: VWBUD_PK_JE_VK | MT1: VWBUD_ERGEBNIS | MU1: Bel_letzte24 M_von | MV1: Bel_letzte24 M_bis | MW1: BEL_letze24M_PG1 | MX1: BEL_letze24M_PG2 | MY1: BEL_letze24M_PG3 | MZ1: BEL_letze24M_PG4 | NA1: BEL_letze24M_PG5 | NB1: BEL_letze24M_SUM | NC1: BelTage_letzten12M | ND1: PKL_PERS_IST_131_43b_PFK/BFK | NE1: PKL_AG_Brutto_IST_131_43b_PFK/BFK | NF1: PKL_PERS_IST_14_LuV | NG1: PKL_AG_Brutto_IST_14_LuV | NH1: PKL_PERS_IST_15_HW_Kü_HAT | NI1: PKL_AG_Brutto_IST_15_HW_KÜ_HAT | NJ1: ständige Anwesenh. PFK | NK1: PERS_STICHT_15-17_HW_Kü_HAT | NL1: PERS_PROGN_15-17_HW_Kü_HAT | NM1: GES_PeKo_PROGN_15-17_HW_Kü_HAT | NN1: FORD_PR_PDL/ stellv. PDL_ | NO1: FORD_VK_Pflege/Betreuung_PG 1-5 | NP1: FORD_PR_Pflege/ Betreuung_PG 1-5 | NQ1: FORD_VK_LuV | NR1: FORD_PR_LuV | NS1: FORD_VK_HW_Kü_HAT | NT1: FORD_PR_HW_Kü_HAT
A2: pauschal_B_PH | B2: ='B_PH_Allgemeine Angaben'!L6 -> 0 | C2: ='B_PH_Allgemeine Angaben'!L7 -> 0 | D2: ='B_PH_Allgemeine Angaben'!L4 -> 0 | E2: ='B_PH_Allgemeine Angaben'!D6 -> 0 | F2: ='B_PH_Allgemeine Angaben'!D12 -> 0 | G2: ='B_PH_Allgemeine Angaben'!D14 -> 0 | H2: ='B_PH_Allgemeine Angaben'!D16 -> 0 | I2: ='B_PH_Allgemeine Angaben'!J16 -> 0 | J2: ='B_PH_Allgemeine Angaben'!D18 -> 0 | K2: ='B_PH_Allgemeine Angaben'!J18 -> 0 | L2: ='B_PH_Allgemeine Angaben'!D20 -> 0 | M2: ='B_PH_Allgemeine Angaben'!J20 -> 0 | N2: ='B_PH_Allgemeine Angaben'!D22 -> 0 | O2: ='B_PH_Allgemeine Angaben'!J22 -> 0 | P2: ='B_PH_Allgemeine Angaben'!D26 -> 0 | Q2: ='B_PH_Allgemeine Angaben'!D28 -> 0 | R2: ='B_PH_Allgemeine Angaben'!D30 -> 0 | S2: ='B_PH_Allgemeine Angaben'!J30 -> 0 | T2: ='B_PH_Allgemeine Angaben'!D32 -> 0 | U2: ='B_PH_Allgemeine Angaben'!J32 -> 0 | V2: ='B_PH_Allgemeine Angaben'!D34 -> 0 | W2: ='B_PH_Allgemeine Angaben'!J34 -> 0 | X2: ='B_PH_Allgemeine Angaben'!D36 -> 0 | Y2: ='B_PH_Allgemeine Angaben'!H41 -> 0 | Z2: ='B_PH_Allgemeine Angaben'!H45 -> 0 | AA2: ='B_PH_Allgemeine Angaben'!L47 -> 0 | AB2: ='B_PH_Allgemeine Angaben'!L48 -> 0 | AC2: ='B_PH_Allgemeine Angaben'!H52 -> 0 | AD2: ='B_PH_Allgemeine Angaben'!K52 -> 0 | AE2: ='B_PH_Allgemeine Angaben'!H54 -> 0 | AF2: ='B_PH_Allgemeine Angaben'!K54 -> 0 | AG2: ='B_PH_Allgemeine Angaben'!K64 -> 0 | AH2: ='B_PH_Allgemeine Angaben'!K65 -> 0 | AI2: ='B_PH_Allgemeine Angaben'!K66 -> 0 | AJ2: ='B_PH_Allgemeine Angaben'!K67 -> 0 | AK2: ='B_PH_Allgemeine Angaben'!K68 -> 0 | AL2: ='B_PH_Allgemeine Angaben'!K69 -> 0 | AM2: ='B_PH_Allgemeine Angaben'!K70 -> 0 | AN2: ='B_PH_Allgemeine Angaben'!K72 -> 0 | AQ2: =B_PH_Kalkulation!D7/100 -> 0 | BD2: =B_PH_Kalkulation!H15 -> 0 | BE2: =B_PH_Kalkulation!I15 -> 0 | BF2: =B_PH_Kalkulation!J15 -> 0 | BG2: =B_PH_Kalkulation!K15 -> 0 | BH2: =B_PH_Kalkulation!L15 -> 0 | BI2: =B_PH_Kalkulation!L13 -> 0 | BJ2: =B_PH_Kalkulation!H18 -> 0 | BK2: =B_PH_Kalkulation!I18 -> 0 | BL2: =B_PH_Kalkulation!J18 -> 0 | BM2: =B_PH_Kalkulation!K18 -> 0 | BN2: =B_PH_Kalkulation!L18 -> 0 | BO2: =B_PH_Kalkulation!L17 -> 0 | DJ2: ='B_PH_Allgemeine Angaben'!H56 -> 0 | DK2: ='B_PH_Allgemeine Angaben'!H57 -> 0 | DL2: ='B_PH_Allgemeine Angaben'!H58 -> 0 | DM2: ='B_PH_Allgemeine Angaben'!H59 -> 0 | FD2: =B_PH_Kalkulation!J21 -> 0 | FE2: =B_PH_Kalkulation!J22 -> 0 | FF2: =B_PH_Kalkulation!J23 -> 0 | FH2: =B_PH_Kalkulation!J24 -> 0 | FJ2: =B_PH_Kalkulation!J25 -> 0 | FL2: =B_PH_Kalkulation!J26 -> 0 | FO2: =B_PH_Kalkulation!I24 -> 0 | FP2: =B_PH_Kalkulation!I25 -> 0 | FQ2: =B_PH_Kalkulation!I26 -> 0 | FT2: =B_PH_Kalkulation!J27 -> 0 | FW2: =B_PH_Kalkulation!J28 -> 0 | FX2: =B_PH_Kalkulation!J29 -> 0 | GD2: =B_PH_Kalkulation!J30 -> 0 | GE2: =B_PH_Kalkulation!J31 -> 0 | GF2: =B_PH_Kalkulation!J32 -> 0 | GG2: 0 | GR2: =B_PH_Gesamtkalkulation!D17 -> 0 | GS2: =B_PH_Gesamtkalkulation!D18 -> 0 | GT2: =B_PH_Gesamtkalkulation!D19 -> 0 | GV2: =B_PH_Gesamtkalkulation!D20 -> 0 | GW2: =B_PH_Gesamtkalkulation!D21 -> 0 | GX2: =B_PH_Gesamtkalkulation!D22 -> 0 | HB2: =B_PH_Gesamtkalkulation!D23 -> 0 | HE2: =B_PH_Gesamtkalkulation!D24 -> 0 | HF2: =B_PH_Gesamtkalkulation!D25 -> 0 | HG2: =B_PH_Gesamtkalkulation!D26 -> 0 | HH2: =B_PH_Gesamtkalkulation!D27 -> 0 | HI2: =B_PH_Gesamtkalkulation!D28 -> 0 | HJ2: 0 | IK2: =B_PH_Kalkulation!L36 -> 0 | IL2: =B_PH_Kalkulation!L37 -> 0 | IM2: =B_PH_Kalkulation!L38 -> 0 | IP2: =B_PH_Kalkulation!L39 -> 0 | IQ2: =B_PH_Kalkulation!L40 -> 0 | IR2: =B_PH_Kalkulation!L41 -> 0 | IS2: =B_PH_Kalkulation!L42 -> 0 | IT2: =B_PH_Kalkulation!L43 -> 0 | IU2: =B_PH_Kalkulation!L44 -> 0 | IV2: =B_PH_Kalkulation!L47 -> 0 | IW2: =B_PH_Kalkulation!L48 -> 0 | IX2: =B_PH_Kalkulation!L49 -> 0 | IY2: =B_PH_Kalkulation!L50 -> 0 | JA2: =B_PH_Kalkulation!L51 -> 0 | JB2: =B_PH_Kalkulation!C52 -> 0 | JC2: =B_PH_Kalkulation!L52 -> 0 | JD2: =B_PH_Kalkulation!C53 -> 0 | JE2: =B_PH_Kalkulation!L53 -> 0 | JF2: =B_PH_Kalkulation!L54 -> 0 | JG2: =B_PH_Kalkulation!M36 | JH2: =B_PH_Kalkulation!M37 | JI2: =B_PH_Kalkulation!M38 | JL2: =B_PH_Kalkulation!M39 | JM2: =B_PH_Kalkulation!M40 | JN2: =B_PH_Kalkulation!M41 | JO2: =B_PH_Kalkulation!M42 | JP2: =B_PH_Kalkulation!M43 | JQ2: =B_PH_Kalkulation!M44 -> 0 | JR2: =B_PH_Kalkulation!M47 | JS2: =B_PH_Kalkulation!M48 | JT2: =B_PH_Kalkulation!M49 | JU2: =B_PH_Kalkulation!M50 | JW2: =B_PH_Kalkulation!M51 | JX2: =B_PH_Kalkulation!C52 -> 0 | JY2: =B_PH_Kalkulation!M52 | JZ2: =B_PH_Kalkulation!C53 -> 0 | KA2: =B_PH_Kalkulation!M53 | KB2: =B_PH_Kalkulation!M54 -> 0 | KE2: =B_PH_Ergebnis!F31 -> 0 | KF2: =B_PH_Ergebnis!F32 -> 0 | KG2: =B_PH_Ergebnis!F33 -> 0 | KH2: =B_PH_Ergebnis!F36 -> 0 | KI2: =B_PH_Ergebnis!F37 -> 0 | KJ2: =B_PH_Ergebnis!F38 -> 0 | KK2: =B_PH_Ergebnis!F42 -> 0 | KM2: =B_PH_Ergebnis!F46 -> 0 | KN2: =B_PH_Ergebnis!F48 -> 0 | KO2: =B_PH_Ergebnis!F50 -> 0 | KP2: =B_PH_Ergebnis!F53 -> 0 | KQ2: =B_PH_Ergebnis!H31 -> 0 | KR2: =B_PH_Ergebnis!H32 -> 0 | KS2: =B_PH_Ergebnis!H33 -> 0 | KT2: =B_PH_Ergebnis!H36 -> 0 | KU2: =B_PH_Ergebnis!H37 -> 0 | KV2: =B_PH_Ergebnis!H38 -> 0 | KW2: =B_PH_Ergebnis!H42 -> 0 | KY2: =B_PH_Ergebnis!H46 -> 0 | KZ2: =B_PH_Ergebnis!H48 -> 0 | LA2: =B_PH_Ergebnis!H50 -> 0 | LB2: =B_PH_Ergebnis!H53 -> 0 | LC2: =B_PH_Ergebnis!I31 -> 0 | LD2: =B_PH_Ergebnis!I32 -> 0 | LE2: =B_PH_Ergebnis!I33 -> 0 | LF2: =B_PH_Ergebnis!I36 -> 0 | LG2: =B_PH_Ergebnis!I37 -> 0 | LH2: =B_PH_Ergebnis!I38 -> 0 | LI2: =B_PH_Ergebnis!I42 -> 0 | LK2: =B_PH_Ergebnis!I46 -> 0 | LL2: =B_PH_Ergebnis!I48 -> 0 | LM2: =B_PH_Ergebnis!I50 -> 0 | LN2: =B_PH_Ergebnis!I53 -> 0 | LO2: =B_PH_Ergebnis!J36 -> 0 | LP2: =B_PH_Ergebnis!J37 -> 0 | LQ2: =B_PH_Ergebnis!J38 -> 0 | LR2: =B_PH_Ergebnis!L42 -> 20 | LT2: =B_PH_Ergebnis!L46 | LU2: =B_PH_Ergebnis!L48 | LV2: =B_PH_Ergebnis!L50 | LX2: =B_PH_Ergebnis!F74 | LY2: =B_PH_Ergebnis!F78 | LZ2: =B_PH_Ergebnis!F80 | MA2: =B_PH_Ergebnis!F82 | MB2: =B_PH_Ergebnis!F84 | MC2: =B_PH_Ergebnis!F86 | MD2: =B_PH_Ergebnis!F88 | ME2: =B_PH_Ergebnis!F92 | MF2: =B_PH_Ergebnis!F94 | MG2: =B_PH_Ergebnis!L78 | MH2: =B_PH_Ergebnis!L88 | MI2: =B_PH_Ergebnis!L92 | MJ2: =B_PH_Ergebnis!L94 | MK2: =B_PH_Gesamtkalkulation!D16 | ML2: =IFERROR(B_PH_Gesamtkalkulation!D16-B_PH_Gesamtkalkulation!D23-B_PH_Gesamtkalkulation!D24,0) -> 0 | MM2: =B_PH_Kalkulation!L57 -> 0 | MN2: =B_PH_Kalkulation!L58 -> 0 | MO2: =B_PH_Kalkulation!M58 -> 0 | MP2: =B_PH_Kalkulation!L60 -> 0 | MQ2: =B_PH_Kalkulation!M60 -> 0 | MR2: =B_PH_Kalkulation!J60 -> 0.75 | MS2: =B_PH_Kalkulation!K60 -> 98662 | MT2: =B_PH_Kalkulation!M61 -> 0
A3: Version 19.10.2026 | AQ3: Formel | DQ3: entfernt: B_PH_Berechnung rüE'!C34 | DR3: entfernt: B_PH_Berechnung rüE'!D34 | DS3: entfernt: B_PH_Berechnung rüE'!E34 | DT3: entfernt: B_PH_Berechnung rüE'!C36 | DU3: entfernt: B_PH_Berechnung rüE'!D36 | DV3: entfernt: B_PH_Berechnung rüE'!E36 | DW3: entfernt: B_PH_Berechnung rüE'!C37 | DX3: entfernt: B_PH_Berechnung rüE'!C40 | DY3: entfernt: B_PH_Berechnung rüE'!C42 | DZ3: entfernt: B_PH_Berechnung rüE'!D42 | EA3: entfernt: B_PH_Berechnung rüE'!E42
ML4: Formel
A5: BEL_PG1 | B5: BEL_PG2 | C5: BEL_PG3 | D5: BEL_PG4 | E5: BEL_PG5 | F5: BEL_DAV_KZP_PG1 | G5: BEL_DAV_KZP_PG2 | H5: BEL_DAV_KZP_PG3 | I5: BEL_DAV_KZP_PG4 | J5: BEL_DAV_KZP_PG5 | K5: SV_ANT | L5: bAV_ANT | M5: TV_ Steigerung | N5: PNK_ANT | O5: PNK € | P5: stfr. Sachbez. | Q5: stfr. Sachbez. € | R5: UR_ANT | S5: UR € | T5: PFK/ BFK_VK_ 113c | U5: PK/BK_VK_113c | V5: PK/BK o._VK_113c | W5: PFK/BFK aus ZV (§ 8 Abs. 6/ § 84 Abs. 9) | X5: PK/BK_VK_aus ZV (§ 8 Abs. 6/ § 84 Abs. 9) | Y5: PK/BK o._VK_ aus ZV (§ 8 Abs. 6/ § 84 Abs. 9) | Z5: PDL / stellvertretende PDL_VK | AA5: Qualitätsmanagement_VK | AB5: Hygienemanagement_VK | AC5: HW_PFK/BFK_DAVON_Präsenzkraft_VK | AD5: HW_PK/BK_DAVON_Präsenzkraft_VK | AE5: HW_PK/BK o._DAVON_Präsenzkraft_VK | AF5: VK_EL | AG5: PR_HW | AH5: HW_PFK/BFK_DAVON_Präsenzkraft_VK | AI5: HW_PK/BK_DAVON_Präsenzkraft_VK | AJ5: HW_PK/BK o._DAVON_Präsenzkraft_VK | AK5: PR_Kü | AL5: PR_HAT | AM5: Anzahl_Freiw. Dienste | AN5: PDL / stellvertretende PDL_PK €/VK | AO5: Qualitätsmanagement_PK €/VK | AP5: Hygienemanagement_VK €/VK | AQ5: PFK/BFK_VK €/VK | AR5: PK/BK_VK €/VK | AS5: PK/BK o._VK €/VK | AT5: 43b_PK €/VK | AU5: EL_PK €/VK | AV5: HW_PK €/VK | AW5: Kü_PK €/VK | AX5: HAT_PK €/VK | AY5: Freiw. Dienste_PK €/Stelle | AZ5: SK_UR_Ant. | BA5: Ford._LM_€/BT | BB5: Ford._pfleg. Sachbedarf_€/BT | BC5: Ford._WEB_€/BT | BD5: Ford._VW-Bedarf_€/BT | BE5: Ford._ZVW_€/BT | BF5: Ford._Betreuungsaufw._€/BT | BG5: Ford._Wirt-Bedarf_€/BT | BH5: Ford._S/A/V_€/BT | BI5: Ford._Wartung_€/BT | BJ5: Ford._sonst.Sachbedarf_€/BT | BK5: Ford._FL Kü_€/BT | BL5: Ford._FL Wä_€/BT | BM5: Ford._FL WäKZ_€/BT | BN5: Ford._FL Reinigung_€/BT | BO5: Ford._FL VW_€/BT | BP5: Ford._FL HAT_€/BT | BQ5: Ford._FL sonstige_€/BT | BR5: Ford._FL sonstige_€/BT | BS5: Angebot_LM_€/BT | BT5: Angebot_pfleg. Sachbedarf_€/BT | BU5: Angebot_WEB_€/BT | BV5: Angebot_VW-Bedarf_€/BT | BW5: Angebot_ZVW_€/BT | BX5: Angebot_Betreuungsaufw._€/BT | BY5: Angebot_Wirt-Bedarf_€/BT | BZ5: Angebot_S/A/V_€/BT | CA5: Angebot_Wartung_€/BT | CB5: Angebot_sonst.Sachbedarf_€/BT | CC5: Angebot_FL Kü_€/BT | CD5: Angebot_FL Wä_€/BT | CE5: Angebot_FL WäKZ_€/BT | CF5: Angebot_FL Reinigung_€/BT | CG5: Angebot_FL VW_€/BT | CH5: Angebot_FL HAT_€/BT | CI5: Angebot_FL sonstige_€/BT | CJ5: Angebot_FL sonstige_€/BT | CK5: VWBUD_GES_PeKo_PROGN | CL5: VWBUD_PeKo_BREUCK | CM5: VWBUD_PeKo_SK-FL_BERUECK | CN5: VWBUD_PROZENT | CO5: VWBUD_BETRAG | CP5: VWBUD_AUFSCHLAG | CQ5: VWBUD_AUFSCHLAG_BETRAG | CR5: VWBUD_N_AUSG_STELLENANT | CS5: VWBUD_PK_JE_VK | CT5: VWBUD_ERGEBNIS | CU5: Psatz_VST_PG 1 | CV5: Psatz_VST_PG 2 | CW5: Psatz_VST_PG 3 | CX5: Psatz_VST_PG 4 | CY5: Psatz_VST_PG 5 | CZ5: EEE | DA5: U_VST | DB5: V_VST | DC5: § 43b_VST | DD5: Psatz_KZP_PG 1 bis 5 | DE5: U_KZP | DF5: V_KZP | DG5: § 43b_KZP
A6: =B_PH_Ergebnis!F16 -> 0 | B6: =B_PH_Ergebnis!F17 -> 0 | C6: =B_PH_Ergebnis!F18 -> 0 | D6: =B_PH_Ergebnis!F19 -> 0 | E6: =B_PH_Ergebnis!F20 -> 0 | F6: =B_PH_Ergebnis!I16 -> 0 | G6: =B_PH_Ergebnis!I17 -> 0 | H6: =B_PH_Ergebnis!I18 -> 0 | I6: =B_PH_Ergebnis!I19 -> 0 | J6: =B_PH_Ergebnis!I20 -> 0 | T6: =B_PH_Ergebnis!F36 -> 0 | U6: =B_PH_Ergebnis!F37 -> 0 | V6: =B_PH_Ergebnis!F38 -> 0 | Z6: =B_PH_Ergebnis!F31 -> 0 | AA6: =B_PH_Ergebnis!F32 -> 0 | AB6: =B_PH_Ergebnis!F33 -> 0 | AF6: =B_PH_Ergebnis!F44 -> 0 | AG6: =B_PH_Ergebnis!L46 | AK6: =B_PH_Ergebnis!L48 | AL6: =B_PH_Ergebnis!L50 | AM6: =B_PH_Ergebnis!F53 -> 0 | AN6: =B_PH_Ergebnis!N31 -> 0 | AO6: =B_PH_Ergebnis!N32 -> 0 | AP6: =B_PH_Ergebnis!N33 -> 0 | AQ6: =B_PH_Ergebnis!N36 -> 0 | AR6: =B_PH_Ergebnis!N37 -> 0 | AS6: =B_PH_Ergebnis!N38 -> 0 | AT6: =B_PH_Ergebnis!N42 -> 0 | AU6: =B_PH_Ergebnis!N44 -> 0 | AV6: =B_PH_Ergebnis!N46 -> 0 | AW6: =B_PH_Ergebnis!N48 -> 0 | AX6: =B_PH_Ergebnis!N50 -> 0 | AY6: =B_PH_Ergebnis!N53 -> 0 | BS6: =B_PH_Kalkulation!M36 | BT6: =B_PH_Kalkulation!M37 | BU6: =B_PH_Kalkulation!M38 | BX6: =B_PH_Kalkulation!M39 | BY6: =B_PH_Kalkulation!M40 | BZ6: =B_PH_Kalkulation!M41 | CA6: =B_PH_Kalkulation!M42 | CB6: =B_PH_Kalkulation!M43 | CC6: =B_PH_Kalkulation!M47 | CD6: =B_PH_Kalkulation!M48 | CE6: =B_PH_Kalkulation!M49 | CF6: =B_PH_Kalkulation!M50 | CH6: =B_PH_Kalkulation!M51 | CI6: =B_PH_Kalkulation!M52 | CJ6: =B_PH_Kalkulation!M53 | CK6: =B_PH_Gesamtkalkulation!D16 | CL6: =IFERROR(B_PH_Gesamtkalkulation!D16-B_PH_Gesamtkalkulation!D23-B_PH_Gesamtkalkulation!D24,0) -> 0 | CM6: =B_PH_Kalkulation!L57 -> 0 | CN6: =B_PH_Kalkulation!L58 -> 0 | CO6: =B_PH_Kalkulation!M58 -> 0 | CP6: =B_PH_Kalkulation!L60 -> 0 | CQ6: =B_PH_Kalkulation!M60 -> 0 | CR6: =B_PH_Kalkulation!J60 -> 0.75 | CS6: =B_PH_Kalkulation!K60 -> 98662 | CT6: =B_PH_Kalkulation!M61 -> 0 | CU6: =B_PH_Ergebnis!F78 | CV6: =B_PH_Ergebnis!F80 | CW6: =B_PH_Ergebnis!F82 | CX6: =B_PH_Ergebnis!F84 | CY6: =B_PH_Ergebnis!F86 | CZ6: =B_PH_Ergebnis!F74 | DA6: =B_PH_Ergebnis!F92 | DB6: =B_PH_Ergebnis!F94 | DC6: =B_PH_Ergebnis!F88 | DD6: =B_PH_Ergebnis!L78 | DE6: =B_PH_Ergebnis!L92 | DF6: =B_PH_Ergebnis!L94 | DG6: =B_PH_Ergebnis!L88
CL7: Formel
A8: für Bvgl
A9: Erfassungstag /Änderungstag | B9: Platzzahl | C9: dav_KZP_Plätze | D9: IK KZP | E9: KZP bzw. Art KZP | F9: Auslastung_E | G9: Auslastung KZP | H9: VG_PDL-stellvPDL | I9: VG_QM | J9: VG_HM | K9: VG_PFK/BFK | L9: VG_PK/BK | M9: VG_PK/BK o. | N9: VG_43b | O9: VG_EL | P9: VG_HW | Q9: VG_Küche | R9: VG_HT | S9: VG_ZDL-FSJ | T9: PNK (%) | U9: stfr.Sachbez. (%) | V9: Risiko/Wagnis/Gewinn-PK (%) | W9: Risiko/Wagnis/Gewinn-SK (%) | X9: SK_Lebensmittel BelTag | Y9: SK_pfleg_ Bedarf BelTag | Z9: SK_W/E/B BelTag | AA9: SK_VW-Bedarf BelTag | AB9: SK_Zentr-VW BelTag | AC9: SK_Betreuung BelTag | AD9: SK_Wirt-bedarf BelTag | AE9: SK_S/A/V BelTag | AF9: SK_Wartung BelTag | AG9: SK_Sonstiges BelTag | AH9: FL_Küche BelTag | AI9: FL_Wäscherei BelTag | AJ9: FL_Wäschekennz_BelTag | AK9: FL_Reinigung BelTag | AL9: FL_Zentrale Verwaltung BelTag | AM9: FL_Haustechnik BelTag | AN9: FL_Sonstiges_HW_HT BelTag | AO9: FL_Sonstiges BelTag | AP9: VE_PS_PG1 | AQ9: VE_PS_PG2 | AR9: VE_PS_PG3 | AS9: VE_PS_PG4 | AT9: VE_PS_PG5 | AU9: VE_EEE | AV9: VE_U | AW9: VE_V | AX9: VE_FK | AY9: VE-Beginn | AZ9: VE-Ende | BA9: Verhandlungs-verfahren | BB9: VE_PS_PG1-5_KZP | BC9: VE_U_KZP | BD9: VE_V_KZP | BE9: Auslastung_12_Mon_Erf | BF9: Bel_PG1 | BG9: Bel_PG2 | BH9: Bel_PG3 | BI9: Bel_PG4 | BJ9: Bel_PG5 | BK9: VK_PDL-stellvPDL | BL9: VK_QM | BM9: VK_HM | BN9: VK_PFK/BFK | BO9: VK_PK/BK | BP9: VK_PK/BK_o. | BQ9: ANT_PFK_zu113c(1)3 | BR9: ANT_PK/BK_zu113c(1)2 | BS9: ANT_PK/BK o._zu113c(1)1 | BT9: PR_L/V | BU9: PR_Hauswirtschaft | BV9: PR_Küche | BW9: PR_Haustechnik | BX9: Anz_BFD/FSJ | BY9: unmittelbare Tarifbindung | BZ9: Entlohng nach | CA9: Tarif | CB9: STD_VG_PFK/BFK | CC9: STD_VG_PK/BK | CD9: STD_VG_PK/BK_o. | CE9: STD_VG_einr.ind.Egniveau_Erf | CF9: VK_PFK/BFK_GVWG | CG9: VK_PK/BK_GVWG | CH9: VK_PK/BK_o._GVWG | CI9: GES_VG_PFK/BFK | CJ9: GES_VG_PK/BK | CK9: GES_VG_PK/BK_o. | CL9: VWBUD_PROZENT | CM9: VWBUD_BETRAG | CN9: VWBUD_AUFSCHLAG | CO9: VWBUD_AUFSCHLAG_BETRAG | CP9: VWBUD_N_AUSG_STELLENANT | CQ9: VWBUD_PK_JE_VK | CR9: VWBUD_ERGEBNIS_BelT | CS9: VK_EL | CT9: PLATZHALTER | CU9: PLATZHALTER | CV9: ANT_PFK_zu113c(1)3 VOR | CW9: ANT_PK/BK_zu113c(1)3 VOR | CX9: ANT_PK/BKo._zu113c(1)3 VOR | CY9: VK_PFK/BFK_PG1 | CZ9: VK_PFK/BFK_PG2 | DA9: VK_PFK/BFK_PG3 | DB9: VK_PFK/BFK_PG4 | DC9: VK_PFK/BFK_PG5 | DD9: VK_PK/BK_PG1 | DE9: VK_PK/BK_PG2 | DF9: VK_PK/BK_PG3 | DG9: VK_PK/BK_PG4 | DH9: VK_PK/BK_PG5 | DI9: VK_PK/BK o._PG1 | DJ9: VK_PK/BK o._PG2 | DK9: VK_PK/BK o._PG3 | DL9: VK_PK/BK o._PG4 | DM9: VK_PK/BK o._PG5 | DN9: Veränderung PK (gesamt - inkl. FSJ/BufDi) | DO9: Veränderung drchn PK €/VK (ohne FSJ/BufDi) | DP9: Veränderung SK | DQ9: Veränderung FL | DR9: Gesamtkosten | DS9: Gesamtkosten o. 43 b
A10: =TODAY() -> 46317 | B10: ='B_PH_Allgemeine Angaben'!L47 -> 0 | C10: ='B_PH_Allgemeine Angaben'!L48 -> 0 | D10: ='B_PH_Allgemeine Angaben'!L7 -> 0 | E10: =IF('B_PH_Allgemeine Angaben'!L7>0,"angebundene KZP",IF(AND('B_PH_Allgemeine Angaben'!L7="",'B_PH_Allgemeine Angaben'!L48>0),"integrierte KZP","ohne angebundene / integrierte KZP")) -> ohne angebundene / integrierte KZP | F10: =B_PH_Kalkulation!D7/100 -> 0 | G10: =IF('B_PH_Allgemeine Angaben'!L48=0,0%,80%) -> 0 | H10: =B_PH_Ergebnis!N31 -> 0 | I10: =B_PH_Ergebnis!N32 -> 0 | J10: =B_PH_Ergebnis!N33 -> 0 | K10: =B_PH_Ergebnis!N36 -> 0 | L10: =B_PH_Ergebnis!N37 -> 0 | M10: =B_PH_Ergebnis!N38 -> 0 | N10: =B_PH_Ergebnis!N42 -> 0 | O10: =B_PH_Ergebnis!N44 -> 0 | P10: =B_PH_Ergebnis!N46 -> 0 | Q10: =B_PH_Ergebnis!N48 -> 0 | R10: =B_PH_Ergebnis!N50 -> 0 | S10: =B_PH_Ergebnis!N53 -> 0 | X10: =B_PH_Kalkulation!M36 | Y10: =B_PH_Kalkulation!M37 | Z10: =B_PH_Kalkulation!M38 | AC10: =B_PH_Kalkulation!M39 | AD10: =B_PH_Kalkulation!M40 | AE10: =B_PH_Kalkulation!M41 | AF10: =B_PH_Kalkulation!M42 | AG10: =B_PH_Kalkulation!M43 | AH10: =B_PH_Kalkulation!M47 | AI10: =B_PH_Kalkulation!M48 | AJ10: =B_PH_Kalkulation!M49 | AK10: =B_PH_Kalkulation!M50 | AM10: =B_PH_Kalkulation!M51 | AN10: =B_PH_Kalkulation!M52 | AO10: =B_PH_Kalkulation!M53 | AP10: =B_PH_Gesamtkalkulation!J57 | AQ10: =B_PH_Gesamtkalkulation!L57 -> #VALUE! | AR10: =B_PH_Gesamtkalkulation!N57 -> #VALUE! | AS10: =B_PH_Gesamtkalkulation!P57 -> #VALUE! | AT10: =B_PH_Gesamtkalkulation!R57 -> #VALUE! | AU10: =B_PH_Gesamtkalkulation!J59 -> #VALUE! | AV10: =B_PH_Gesamtkalkulation!T57 -> #VALUE! | AW10: =B_PH_Gesamtkalkulation!V57 -> #VALUE! | AY10: =B_PH_Ergebnis!F11 | AZ10: =B_PH_Ergebnis!I11 -> 0 | BA10: =IF(B_PH_Ergebnis!B99="AOK PLUS","pauschal SAC B AOK",IF(B_PH_Ergebnis!B99="KSV","pauschal SAC B KSV",IF(B_PH_Ergebnis!B99="vdek","pauschal SAC B vdek",0))) -> 0 | BB10: =IF('B_PH_Allgemeine Angaben'!L48>0,B_PH_Gesamtkalkulation!J61,"") | BC10: =IF('B_PH_Allgemeine Angaben'!L48>0,B_PH_Gesamtkalkulation!T61,"") | BD10: =IF('B_PH_Allgemeine Angaben'!L48>0,B_PH_Gesamtkalkulation!V61,"") | BF10: =B_PH_Ergebnis!F16 -> 0 | BG10: =B_PH_Ergebnis!F17 -> 0 | BH10: =B_PH_Ergebnis!F18 -> 0 | BI10: =B_PH_Ergebnis!F19 -> 0 | BJ10: =B_PH_Ergebnis!F20 -> 0 | BK10: =B_PH_Ergebnis!F31 -> 0 | BL10: =B_PH_Ergebnis!F32 -> 0 | BM10: =B_PH_Ergebnis!F33 -> 0 | BN10: =B_PH_Ergebnis!F36 -> 0 | BO10: =B_PH_Ergebnis!F37 -> 0 | BP10: =B_PH_Ergebnis!F38 -> 0 | BQ10: =B_PH_Ergebnis!J36 -> 0 | BR10: =B_PH_Ergebnis!J37 -> 0 | BS10: =B_PH_Ergebnis!J38 -> 0 | BU10: =B_PH_Ergebnis!L46 | BV10: =B_PH_Ergebnis!L48 | BW10: =B_PH_Ergebnis!L50 | BX10: =B_PH_Ergebnis!F53 -> 0 | BY10: ='B_PH_Allgemeine Angaben'!H56 -> 0 | BZ10: ='B_PH_Allgemeine Angaben'!H57 -> 0 | CA10: ='B_PH_Allgemeine Angaben'!H58 -> 0 | CL10: =B_PH_Kalkulation!L58 -> 0 | CM10: =B_PH_Kalkulation!M58 -> 0 | CN10: =B_PH_Kalkulation!L60 -> 0 | CO10: =B_PH_Kalkulation!M60 -> 0 | CP10: =B_PH_Kalkulation!J60 -> 0.75 | CQ10: =B_PH_Kalkulation!K60 -> 98662 | CR10: =B_PH_Kalkulation!M61/B_PH_Gesamtkalkulation!P6 -> #VALUE! | CS10: =B_PH_Ergebnis!F44 -> 0 | CY10: =KAT!N35 -> 0 | CZ10: =KAT!N36 -> 0 | DA10: =KAT!N37 -> 0 | DB10: =KAT!N38 -> 0 | DC10: =KAT!N39 -> 0 | DD10: =KAT!O35 -> 0 | DE10: =KAT!O36 -> 0 | DF10: =KAT!O37 -> 0 | DG10: =KAT!O38 -> 0 | DH10: =KAT!O39 -> 0 | DI10: =KAT!P35 -> 0 | DJ10: =KAT!P36 -> 0 | DK10: =KAT!P37 -> 0 | DL10: =KAT!P38 -> 0 | DM10: =KAT!P39 -> 0 | DN10: =SUMPRODUCT(B_PH_Kalkulation!L21:L32,B_PH_Kalkulation!J21:J32)/SUMPRODUCT(B_PH_Kalkulation!F21:F32,B_PH_Kalkulation!D21:D32)-1 -> #DIV/0! | DO10: =(SUMPRODUCT(B_PH_Kalkulation!L21:L31,B_PH_Kalkulation!J21:J31)/SUM(B_PH_Kalkulation!J21:J31))/(SUMPRODUCT(B_PH_Kalkulation!F21:F31,B_PH_Kalkulation!D21:D31)/SUM(B_PH_Kalkulation!D21:D31))-1 -> #DIV/0! | DP10: =B_PH_Kalkulation!M35 -> 0 | DQ10: =B_PH_Kalkulation!M46 -> 0 | DR10: =B_PH_Gesamtkalkulation!D16+B_PH_Gesamtkalkulation!D30+B_PH_Gesamtkalkulation!D40+B_PH_Gesamtkalkulation!D49 -> #VALUE! | DS10: =DR10-B_PH_Gesamtkalkulation!D23 -> #VALUE!
A11: Version 19.10.2026 | H11: N31 | I11: N32 | J11: N33 | K11: N36 | L11: N37 | M11: N38 | N11: N42 | O11: N44 | P11: N46 | Q11: N48 | R11: N50 | S11: N53 | T11: entfällt bei B | U11: entfällt bei B | V11: entfällt bei B | W11: entfällt bei B | X11: M36 | Y11: M37 | Z11: M38 | AA11: gibt es nicht mehr, VW-Budget | AC11: M39 | AD11: M40 | AE11: M41 | AF11: M42 | AG11: M43 | AH11: M47 | AI11: M48 | AJ11: M49 | AK11: M50 | AL11: =AA11 -> gibt es nicht mehr, VW-Budget | AM11: M51 | AN11: M52 | AO11: M53 | AP11: J57 | AQ11: L57 | AR11: N57 | AS11: P57 | AT11: R57 | AU11: J59 | AV11: T57 | AW11: V57 | AY11: F11 | AZ11: I11 | BA11: Formel | BB11: J61 und Ergänzung Wennfunktion für KZP-Plätze | BC11: T61 und Ergänzung Wennfunktion für KZP-Plätze | BD11: V61 und Ergänzung Wennfunktion für KZP-Plätze | BF11: F16 | BG11: F17 | BH11: F18 | BI11: F19 | BJ11: F20 | BK11: F31 | BL11: F32 | BM11: F33 | BN11: F36 | BO11: F37 | BP11: F38 | BQ11: J36 | BR11: J37 | BS11: J38 | BT11: gibt es nicht mehr, VW-Budget | BU11: L46 | BV11: L48 | BW11: L50 | BX11: F53 | BY11: H56 | BZ11: H57 | CA11: H58 | CB11: entfernt: =WENN(UND('B_PH_Allgemeine Angaben'!H56="nein";'B_PH_Allgemeine Angaben'!H57="rüE");'B_PH_Berechnung rüE'!C34;"") | CC11: entfernt: =WENN(UND('B_PH_Allgemeine Angaben'!H56="nein";'B_PH_Allgemeine Angaben'!H57="rüE");'B_PH_Berechnung rüE'!D34;"") | CD11: entfernt: =WENN(UND('B_PH_Allgemeine Angaben'!H56="nein";'B_PH_Allgemeine Angaben'!H57="rüE");'B_PH_Berechnung rüE'!E34;"") | CE11: entfernt: =WENN(UND('B_PH_Allgemeine Angaben'!H56="nein";'B_PH_Allgemeine Angaben'!H57="rüE");'B_PH_Berechnung rüE'!C40;"") | CF11: entfernt: =WENN(UND('B_PH_Allgemeine Angaben'!H56="nein";'B_PH_Allgemeine Angaben'!H57="rüE");'B_PH_Berechnung rüE'!C36;"") | CG11: entfernt: =WENN(UND('B_PH_Allgemeine Angaben'!H56="nein";'B_PH_Allgemeine Angaben'!H57="rüE");'B_PH_Berechnung rüE'!D36;"") | CH11: entfernt: =WENN(UND('B_PH_Allgemeine Angaben'!H56="nein";'B_PH_Allgemeine Angaben'!H57="rüE");'B_PH_Berechnung rüE'!E36;"") | CI11: entfernt: =WENN(UND('B_PH_Allgemeine Angaben'!H56="nein";'B_PH_Allgemeine Angaben'!H57="rüE");'B_PH_Berechnung rüE'!C42;"") | CJ11: entfernt: =WENN(UND('B_PH_Allgemeine Angaben'!H56="nein";'B_PH_Allgemeine Angaben'!H57="rüE");'B_PH_Berechnung rüE'!D42;"") | CK11: entfernt: =WENN(UND('B_PH_Allgemeine Angaben'!H56="nein";'B_PH_Allgemeine Angaben'!H57="rüE");'B_PH_Berechnung rüE'!E42;"") | CL11: L58 | CM11: M58 | CN11: L60 | CO11: M60 | CP11: J60 | CQ11: K60 | CR11: Formel | CS11: F44 | CV11: seit 2026 nicht mehr relevant | CW11: seit 2026 nicht mehr relevant | CX11: seit 2026 nicht mehr relevant | CY11: N35 | CZ11: N26 | DA11: N37 | DB11: N38 | DC11: N39 | DD11: O35 | DE11: O36 | DF11: O37 | DG11: O38 | DH11: O39 | DI11: P35 | DJ11: P36 | DK11: P37 | DL11: P38 | DM11: P39 | DN11: Formel | DO11: Formel | DP11: M35 | DQ11: M46 | DR11: Formel
A13: Zeile 2 | B13: => Erfassung Vollkalkulation - Prognose | G13: offene Fragen an Bischi: | I13: Art und Auslastung der KZP >>> TESTEN, ob Formel einwandfrei funktioniert | P13: erledigt
A14: Zeile 6 | B14: => Erfassung Folgeverhandlung | G14: Abstimmung mit Astrid 9/26 | I14: Prozent PNK, Risiko? | P14: entfällt
A15: Zeile 10 | B15: => Erfassung Betriebsvergleich | I15: Sachkostenberechnung richtig? (Gesamtbetrag/365/Plätze?) | P15: erledigt
I16: Verhandlungsverfahren als fester Wert (pauschal SAC B), Verhandlungsführerschaft? | P16: erledigt
I17: Auslastung_12_Mon_Erf - gibt es Eintragungen zur Auslastung? | P17: entfällt
I18: Rundung Anteile §113c auf zwei Nachkommastellen? > umgesetzt über Datenüberprüfung | P18: erledigt
I19: Rundung Personalrelationen auf zwei Nachkommastellen? > umgesetzt über Datenüberprüfung | P19: erledigt
I20: Berechnung VW-Budget auf den Belegungstag - Formel testen!! | P20: erledigt
I21: Umrechnungstabelle im Hintergrund bei KAT einbauen, um die VK je QN auf die Pflegegrade aufzuteilen | P21: erledigt

Sheet KAT
A1: Einrichtungsart | B1: Kreuz | C1: Tage/Monat | D1: Öffnungstage | E1: Auslastung | F1: Ja/Nein | G1: Qualifikation | H1: Kostenträger | J1: ja
A2: vollstationäre Pflege | B2: x | C2: 30.42 | D2: 365 | E2: 1 | F2: ja | G2: PFK/BFK | H2: AOK PLUS
A3: Wohnpflegeheim | E3: 0.99 | F3: nein | G3: PK/BK | H3: KSV
A4: Wachkoma | E4: 0.98 | G4: PK/BK o. | H4: vdek | J4: Differenzierung KZP:
A5: 4. Generation | E5: 0.97 | G5: keine Pflege | J5: 1 | K5: = keinen eigenen VV = gleiches IK wie vst. PE
E6: 0.96 | J6: 2 | K6: = eigener VV = eigenes IK
A7: solitär | J7: 3 | K7: = keine KZP
A8: angebunden | J8: =IF('B_PH_Allgemeine Angaben'!L48=0,3,IF(AND('B_PH_Allgemeine Angaben'!L48>0,'B_PH_Allgemeine Angaben'!L6<>'B_PH_Allgemeine Angaben'!L7),2,IF(AND('B_PH_Allgemeine Angaben'!L48>0,'B_PH_Allgemeine Angaben'!L7='B_PH_Allgemeine Angaben'!L6),1))) -> 3 | K8: Prüfergebnis
A11: VK-Umfang für Sonderfunktionen entsprechend RVT
A13: PDL/ stellv. PDL
A14: Plätze von | B14: Plätze bis | C14: VK | D14: VK PDL für PE
A15: 1 | B15: 40 | C15: 0.75 | D15: =IF('B_PH_Allgemeine Angaben'!L47<A16,C15,IF('B_PH_Allgemeine Angaben'!L47<A17,C16,IF('B_PH_Allgemeine Angaben'!L47<A18,C17,C18))) -> 0.75
A16: 41 | B16: 80 | C16: 1
A17: 81 | B17: 150 | C17: 1.25
A18: 151 | B18: < 151 | C18: 2
A20: Qualitätsmanagement | D20: 0.5
A21: Hygienemanagement | D21: 0.25
A24: Mindestpersonalausstattung Pflege und Betreuung entsprechend RVT
A25: PFK/BFK | B25: 0.75 | E25: Prüfwert QN 1-3
A26: PK/BK | B26: 0.7 | E26: =(B_PH_Kalkulation!J25+B_PH_Kalkulation!J26)/(KAT!F40+KAT!H40) -> #DIV/0!
A32: Herleitung der Verteilungsschlüssel (%) für Personalkosten der Pflege/Betreuung in den PG | L32: Abstand PG 1 zu PG 2 (für Ableitung Pflegesatz PG 1 bei Nullbelegung in PG 1) | N32: Berichtspflicht - Verteilung VK je Berufsgruppe und PG auf Basis des Verteilungsschlüssels je PG für Personalkostenbudget Pflege | Q32: Verteilung P-Personalkosten im Gesamtbudget (Berichtspflicht)
B33: Belegung - Prognose | C33: PFK/BFK § 113 c Abs. 1 SGB XI je 1 Heimbewo. | D33: PFK/BFK § 113 c Abs. 1 SGB XI lt. Belegungs-prognose | E33: PK/BK § 113 c Abs. 1 SGB XI je Heimbewo. | F33: PK/BK § 113 c Abs. 1 SGB XI lt. Belegungs-prognose | G33: PK/BK o. § 113 c Abs. 1 SGB XI je Heimbewo. | H33: PK/BK o. § 113 c Abs. 1 SGB XI lt. Belegungs-prognose | I33: Summe § 113 c Abs. 1 SGB XI lt. Belegungs-prognose = Basis für Verteilung | J33: Pflege / Betreuung
J34: Prognose in VK | K34: Prognose in % | L34: Summe § 113 c Abs. 1 SGB XI | M34: Verhältnis PG 1 zu PG 2 | N34: VK - Angebot PFK/BFK | O34: VK - Angebot PFK/BFK | P34: VK - Angebot PK/BK o. | Q34: VK -Verteilung je PG | R34: in %
A35: Pflegegrad 1 | B35: =B_PH_Kalkulation!H15 -> 0 | C35: 0.077 | D35: =C35*B35 -> 0 | E35: 0.0564 | F35: =E35*B35 -> 0 | G35: 0.0872 | H35: =G35*B35 -> 0 | I35: =H35+F35+D35 -> 0 | J35: =I35/I$40*J$40 -> #DIV/0! | K35: =IFERROR(J35/$J$40,0) -> 0 | L35: =G35+E35+C35 -> 0.2206 | M35: =ROUND(L35/L36,4) -> 0.757 | N35: =$N$40*$R35 -> 0 | O35: =$O$40*$R35 -> 0 | P35: =$P$40*$R35 -> 0 | Q35: =IFERROR(I35*$Q$40/$I$40,0) -> 0 | R35: =IFERROR(Q35/$Q$40,0) -> 0
A36: Pflegegrad 2 | B36: =B_PH_Kalkulation!I15 -> 0 | C36: 0.1037 | D36: =C36*B36 -> 0 | E36: 0.0675 | F36: =E36*B36 -> 0 | G36: 0.1202 | H36: =G36*B36 -> 0 | I36: =H36+F36+D36 -> 0 | J36: =I36/I$40*J$40 -> #DIV/0! | K36: =IFERROR(J36/$J$40,0) -> 0 | L36: =G36+E36+C36 -> 0.2914 | N36: =$N$40*$R36 -> 0 | O36: =$O$40*$R36 -> 0 | P36: =$P$40*$R36 -> 0 | Q36: =IFERROR(I36*$Q$40/$I$40,0) -> 0 | R36: =IFERROR(Q36/$Q$40,0) -> 0
A37: Pflegegrad 3 | B37: =B_PH_Kalkulation!J15 -> 0 | C37: 0.1551 | D37: =C37*B37 -> 0 | E37: 0.1074 | F37: =E37*B37 -> 0 | G37: 0.1449 | H37: =G37*B37 -> 0 | I37: =H37+F37+D37 -> 0 | J37: =I37/I$40*J$40 -> #DIV/0! | K37: =IFERROR(J37/$J$40,0) -> 0 | N37: =$N$40*$R37 -> 0 | O37: =$O$40*$R37 -> 0 | P37: =$P$40*$R37 -> 0 | Q37: =IFERROR(I37*$Q$40/$I$40,0) -> 0 | R37: =IFERROR(Q37/$Q$40,0) -> 0
A38: Pflegegrad 4 | B38: =B_PH_Kalkulation!K15 -> 0 | C38: 0.2463 | D38: =C38*B38 -> 0 | E38: 0.1413 | F38: =E38*B38 -> 0 | G38: 0.1627 | H38: =G38*B38 -> 0 | I38: =H38+F38+D38 -> 0 | J38: =I38/I$40*J$40 -> #DIV/0! | K38: =IFERROR(J38/$J$40,0) -> 0 | N38: =$N$40*$R38 -> 0 | O38: =$O$40*$R38 -> 0 | P38: =$P$40*$R38 -> 0 | Q38: =IFERROR(I38*$Q$40/$I$40,0) -> 0 | R38: =IFERROR(Q38/$Q$40,0) -> 0
A39: Pflegegrad 5 | B39: =B_PH_Kalkulation!L15 -> 0 | C39: 0.3842 | D39: =C39*B39 -> 0 | E39: 0.1102 | F39: =E39*B39 -> 0 | G39: 0.1758 | H39: =G39*B39 -> 0 | I39: =H39+F39+D39 -> 0 | J39: =I39/I$40*J$40 -> #DIV/0! | K39: =IFERROR(J39/$J$40,0) -> 0 | N39: =$N$40*$R39 -> 0 | O39: =$O$40*$R39 -> 0 | P39: =$P$40*$R39 -> 0 | Q39: =IFERROR(I39*$Q$40/$I$40,0) -> 0 | R39: =IFERROR(Q39/$Q$40,0) -> 0
A40: Summe: | B40: =SUM(B35:B39) -> 0 | D40: =ROUND(SUM(D35:D39),4) -> 0 | F40: =ROUND(SUM(F35:F39),4) -> 0 | H40: =ROUND(SUM(H35:H39),4) -> 0 | I40: =SUM(I35:I39) -> 0 | J40: =SUM(B_PH_Kalkulation!J24:J26) -> 0 | N40: =D40 -> 0 | O40: =F40 -> 0 | P40: =H40 -> 0 | Q40: =SUM(N40:P40) -> 0 | R40: =SUM(R35:R39) -> 0
N41: =IFERROR(ROUND(N40/D40,4),"") | O41: =IFERROR(ROUND(O40/F40,4),"") | P41: =IFERROR(ROUND(P40/H40,4),"") | Q41: Anteil zu max. § 113 c Abs. 1 SGB XI:
A42: Budget Leitung und Verwaltung (Beschluss PSK vom 12.03.2026)
A44: Einrichtungsleitung (max. Stellenanteil)
A45: Plätze von | B45: Plätze bis | C45: VK | D45: VK für PE
A46: 1 | B46: 40 | C46: 0.75 | D46: =IF('B_PH_Allgemeine Angaben'!L47<A47,C46,IF('B_PH_Allgemeine Angaben'!L47<A48,C47,IF('B_PH_Allgemeine Angaben'!L47<A49,C48,C49))) -> 0.75
A47: 41 | B47: 80 | C47: 1
A48: 81 | B48: 150 | C48: 1.5
A49: 151 | C49: 2
A51: Pauschalen
A53: Anteil Verwaltungsbudget | D53: 0.07
A54: PK je VK Leitung unausgeschöpfte Stellenanteile | D54: 98662 | E54: (gültig für 2027)
A56: sv-freie Zuschläge
A57: Funktionsbereich | B57: Einrichtungsformen - sv-freie Zuschläge | D57: Funktionsbereich | E57: Einrichtungsformen -Steigerung PK | G57: % Ansatz für sv-freie Zuschläge für:
B58: vst./KZP | E58: vst./KZP | G58: Pflege/ Betreuung, zusätzliche Betreuung entspr. PSK Beschluss 19.05.2022
A59: Pflege&Betreuung | B59: 0.085 | D59: HW | E59: 0.0515 | G59: LuV/HW/Kü, HAT - kein Veto in AG VM 08.06.2022
A60: zusätzliche Betreung § 43 b SGB XI | B60: 0.0415 | D60: Kü | E60: 0.0515 | G60: Entscheidung UAG und Kostenträger 21.11.2024 (Pflege,Betreuung,43b, HW,Kü;HAT) für vst./KZP - LuV bleibt - bei TP bleiben alle Werte
A61: LuV | B61: 0.02 | D61: HAT | E61: 0.041
A64: SV-Beiträge | B64: 2026 | F64: Steigerungsraten
A65: (in%) | B65: Gesamt | C65: AG | D65: AN | L65: Im Antrag:
A66: KV | B66: =14.6%+3.1% -> 0.177 | C66: =B66/2 -> 0.0885 | D66: =C66 -> 0.0885 | I66: rüE alt | J66: rüE | K66: Tarifbindung/Tarifanlehnung | L66: =IF(OR('B_PH_Allgemeine Angaben'!$H$56="ja",'B_PH_Allgemeine Angaben'!H57="Tarifanlehnung"),KAT!K66,KAT!J66) -> rüE
A67: RV | B67: =C67*2 -> 0.186 | C67: 0.093 | D67: =C67 -> 0.093 | F67: Pflege/ Betreuung | H67: max. bis | J67: 0.03 | K67: 0.05 | L67: =INDEX(I67:K67,MATCH($L$66,I$66:$K$66,0)) -> 0.03
A68: AV | B68: =C68*2 -> 0.026 | C68: 0.013 | D68: =C68 -> 0.013 | F68: Einrichtungsleitung | H68: max. bis | J68: 0.0342 | K68: 0.05 | L68: =INDEX(I68:K68,MATCH($L$66,I$66:$K$66,0)) -> 0.0342
A69: PV* mit Kd. | B69: =3.4%+0.2% -> 0.036 | C69: =1.2%+0.1% -> 0.013 | D69: =2.2%+0.1% -> 0.023 | F69: Hauswirtschaft: | H69: max. bis | J69: 0.03 | K69: 0.05 | L69: =INDEX(I69:K69,MATCH($L$66,I$66:$K$66,0)) -> 0.03
A70: Gesamt * | C70: =(C69+C68+C67+C66) -> 0.2075 | F70: Küche: | H70: max. bis | J70: 0.03 | K70: 0.05 | L70: =INDEX(I70:K70,MATCH($L$66,I$66:$K$66,0)) -> 0.03
A71: U2 | B71: 100% Erstatt. | C71: 0.0044 | F71: Haustechnik: | H71: max. bis | J71: 0.03 | K71: 0.05 | L71: =INDEX(I71:K71,MATCH($L$66,I$66:$K$66,0)) -> 0.03
A72: U1 | B72: 50% Erstatt. | C72: 0.0215 | F72: Freiwillige Dienste/FSJ Einsatz: | H72: max. bis | J72: 0.04 | K72: 0.04 | L72: =INDEX(I72:K72,MATCH($L$66,I$66:$K$66,0)) -> 0.04
A73: Insolvenzgeld | C73: 0.0015
A74: Gesamt *+U2+Insolvenzgeld | C74: =(C70+C71+C73) -> 0.2134 | F74: Sachkosten | H74: max | J74: 0.03 | K74: =J74 -> 0.03 | L74: =INDEX(I74:K74,MATCH($L$66,I$66:$K$66,0)) -> 0.03
A75: Gesamt *+U1+U2+Insolvenzgeld | C75: =C74+C72 -> 0.2349 | F75: Fremdleistung | H75: max | J75: 0.05 | K75: 0.05 | L75: =INDEX(I75:K75,MATCH($L$66,I$66:$K$66,0)) -> 0.05
A77: Regional übliches Entgelt / allgemeiner Mindestlohn
E78: Stand 30.09.2026
A79: rüE | E79: 24.02
A80: rüE Pflege- und Betreuungsfachkräfte mit mind. dreijähriger Berufsausbildung | E80: 27.18
A81: rüE Pflege- und Betreuungskräfte mit mind. einjähriger berufsausbildung | E81: 22.52
A82: rüE Pflege- und Betreuungskräfte ohne mind. einjähriger berufsausbildung | E82: 20.88
E83: gültig ab 01.01.2027
A84: allgemeiner Mindestlohn | E84: 14.6
A88: *Berechnungsgrundlagen Mindestlohn für LAUFZEIT für Arbeitnehmer, die nicht in der Grundpflege tätig sind, HAUSWIRTSCHAFT
A89: Stundenlohn: | B89: =E84 -> 14.6
A90: Jahresbruttostunden | B90: =8*5*13/3*12 -> 2080 | C90: 40 Std./Wo
A91: Jahresbruttolohn: | B91: =B90*B89 -> 30368
A92: Arbeitgeberanteile: | B92: =B91*C92 -> 6480.5312 | C92: =MAX('B_PH_Berechnung rüE'!$H$13,C74) -> 0.2134
A93: Zwischensumme: | B93: =B91+B92 -> 36848.531 | C93: sofern keine Zuschläge
A94: Zuschläge: | B94: =B91*C94 -> 1563.952 | C94: =KAT!E59 -> 0.0515
A95: Zwischensumme: | B95: =B91+B92+B94 -> 38412.483 | C95: sofern keine fest vereinbarten Sonderzahlungen
A96: 13. Monatsgehalt**: | B96: =B95/12 -> 3201.0403
A97: Zwischensumme: | B97: =B95+B96 -> 41613.523
A98: inkl. 2% PNK + 2% UR: | B98: =B97*102%*102% -> 43294.71 | C98: =ROUND(B98,-2) -> 43300 | D98: < | E98: =C98+0.009 -> 43300.009 | F98: HW
A100: *Berechnungsgrundlagen Mindestlohn für LAUFZEIT für Arbeitnehmer, die nicht in der Grundpflege tätig sind, KÜCHE
A101: Stundenlohn: | B101: =B89 -> 14.6
A102: Jahresbruttostunden | B102: =8*5*13/3*12 -> 2080 | C102: 40 Std./Wo
A103: Jahresbruttolohn: | B103: =B102*B101 -> 30368
A104: Arbeitgeberanteile: | B104: =B103*C104 -> 6480.5312 | C104: =C92 -> 0.2134
A105: Zwischensumme: | B105: =B103+B104 -> 36848.531 | C105: sofern keine Zuschläge
A106: Zuschläge: | B106: =B103*C106 -> 1563.952 | C106: =KAT!E60 -> 0.0515
A107: Zwischensumme: | B107: =B103+B104+B106 -> 38412.483 | C107: sofern keine fest vereinbarten Sonderzahlungen
A108: 13. Monatsgehalt**: | B108: =B107/12 -> 3201.0403
A109: Zwischensumme: | B109: =B107+B108 -> 41613.523
A110: inkl. 2% PNK + 2% UR: | B110: =B109*102%*102% -> 43294.71 | C110: =ROUND(B110,-2) -> 43300 | D110: < | E110: =C110+0.009 -> 43300.009 | F110: Kü
A112: *Berechnungsgrundlagen Mindestlohn für LAUFZEIT für Arbeitnehmer, die nicht in der Grundpflege tätig sind, HAT
A113: Stundenlohn: | B113: =B101 -> 14.6
A114: Jahresbruttostunden | B114: =8*5*13/3*12 -> 2080 | C114: 40 Std./Wo
A115: Jahresbruttolohn: | B115: =B114*B113 -> 30368
A116: Arbeitgeberanteile: | B116: =B115*C116 -> 6480.5312 | C116: =C104 -> 0.2134
A117: Zwischensumme: | B117: =B115+B116 -> 36848.531 | C117: sofern keine Zuschläge
A118: Zuschläge: | B118: =B115*C118 -> 1245.088 | C118: =KAT!E61 -> 0.041
A119: Zwischensumme: | B119: =B115+B116+B118 -> 38093.619 | C119: sofern keine fest vereinbarten Sonderzahlungen
A120: 13. Monatsgehalt**: | B120: =B119/12 -> 3174.4683
A121: Zwischensumme: | B121: =B119+B120 -> 41268.087
A122: inkl. 2% PNK + 2% UR: | B122: =B121*102%*102% -> 42935.318 | C122: =ROUND(B122,-2) -> 42900 | D122: < | E122: =C122+0.009 -> 42900.009 | F122: HAT
A125: Hinweisfelder hervorheben
...

Sheet B_PH_Hinweise
A1: Hinweise zum vereinfachten Verfahren der Aufforderung zum Abschluss einer Pflegesatzvereinbarung gemäß §§ 84, 85 SGB XI sowie von Vereinbarungen nach § 75 SGB XII für vollstationäre Pflegeeinrichtungen und für Kurzzeitpflegeeinrichtungen im Sinne § 1 Abs. 7 dieses Rahmenvertrages
A3: Aus Gründen der besseren Lesbarkeit wird auf die gleichzeitige Verwendung männlicher und weiblicher Sprachformen verzichtet. Sämtliche Personenbezeichnungen gelten gleichwohl für alle Geschlechter.
A4: Inhaltsverzeichnis
A5: 1. Allgemeine Hinweise
A6: 2. Aufforderungsunterlagen
A7: 2.1. Allgemeine Angaben
A8: 2.2.Kalkulation
A9: 2.3.Bewohnervertretung
A10: 2.4. Ergebnis
A11: 2.5. Gesamtkalkulation
A13: 1. Allgemeine Hinweise Dieses Antragsverfahren kann von vollstationären Pflegeeinrichtungen und Kurzzeitpflegeeinrichtungen im Sinne des § 1 Abs. 7 des Rahmenvertrages zur Kurzzeitpflege gemäß § 75 Abs. 1 SGB XI im Freistaat Sachsen (in Kraft ab 1. Juli 2026) genutzt werden, die - gemäß dem 2. Nachtrag zum Rahmenvertrag zur vollstationären Pflege (in Kraft ab 1. Januar 2026) mindestens eine Vollverhandlung durchgeführt haben, - deren aktuell gültige Pflegesatzvereinbarung ausgelaufen ist und - die seit der Vorverhandlung keine Kapazitätsänderung vorgenommen haben. Grundlagen sind der Rahmenvertrag nach § 75 Abs. 1 SGB XI zur vollstationären Pflege, der 2. Nachtrag zum Rahmenvertrag zur vollstationären Pflege, der Beschluss 2 / 2026 der Pflegesatzkommission und der Rahmenvertrag nach § 75 Abs.1 SGB XI zur Kurzzeitpflege im Freistaat Sachsen. Es sind außerdem die Anforderungen nach dem SächsWTG und der SächsWTVO zu beachten. | H13: zurück
A14: Das vereinfachte Verfahren kann grundsätzlich nur einmal angewendet werden. Ungeachtet dessen erklären sich die Kostenträger bereit, auch über ein weiteres vereinfachtes Verfahren zu verhandeln, sofern hiermit eine entsprechende Laufzeitverlängerung der Pflegesatzvereinbarung verbunden wird. Bis Mitte 2027 werden die Verfahrensbeteiligten einen Vorschlag für die Ausgestaltung und Voraussetzungen eines solchen weiteren vereinfachten Verfahrens erarbeiten.
A15: Basis ist die Ergebniskalkulation zur aktuell gültigen Pflegesatzvereinbarung. Es handelt sich um eine pauschale Herangehensweise, die nicht alle individuellen Veränderungen der Pflegeeinrichtung seit Abschluss der gültigen Pflegesatzvereinbarung berücksichtigt. Die vollständig ausgefüllten Antragsunterlagen sind gemäß § 85 Abs. 2 und Abs. 3 SGB XI den Leistungsträgern oder deren Arbeitsgemeinschaften, auf die im Jahr vor Beginn der Pflegesatzverhandlungen mehr als fünf vom Hundert der Berechnungstage der Pflegeeinrichtung entfallen, spätestens sechs Wochen vor dem beantragten Vereinbarungszeitraum durch den Träger der Pflegeeinrichtung zuzusenden (siehe Adressverzeichnis). Zwischen dem Antragsdatum und dem Laufzeitbeginn können maximal 4 Monate liegen. Sofern der KSV Sachsen nicht bereits Vertragspartei ist, erhält er immer eine Kopie der Allgemeinen Angaben und der Kalkulation. Werden eingereichte Antragsunterlagen korrigiert bzw. ergänzt, müssen die aktualisierten Antragsunterlagen rechtzeitig, in der Regel 14 Tage vor dem Verhandlungstermin, den beteiligten Vertragsparteien vorliegen.
A16: Für jede vollstationäre Pflegeeinrichtung mit einem separaten Versorgungsvertrag nach § 72 SGB XI ist eine gesonderte Aufforderung einzureichen. Sofern auch eine Pflegesatzvereinbarung für Kurzzeitpflege im Sinne § 1 Abs. 7 des Rahmenvertrages abgeschlossen werden soll, sind diese Plätze in der Antragstellung der vollstationären Pflegeeinrichtung mit umfasst und bedürfen keiner separaten Antragstellung. Die Antragsunterlagen und die Stellungnahme der Bewohnervertretung sind rechtsverbindlich zu unterzeichnen. Die Antragsunterlagen sind im Excel-Format und die Unterschriftenseiten (Kalkulation und Bewohnervertretung) im pdf-Format per E-Mail an die zuständigen Vertragsparteien zu übermitteln.
A18: 2. Aufforderungsunterlagen Die Aufforderungsunterlagen enthalten Formeln, so dass sich die beantragten Pflegesätze und Entgelte errechnen. Es sind ausschließlich die gelben Felder auszufüllen. | H18: zurück
A20: 2.1. Mappe Allgemeine Angaben Für jede Pflegeeinrichtung muss zwingend ein leeres Antragsformular verwendet werden. Bereits befüllte Formulare führen bei einer nachträglichen Änderung der Art der Einrichtung zu fehlerhaften Verknüpfungen. Die Platzzahl bestimmt sich nach dem Versorgungsvertrag. Wenn eine Pflegeeinrichtung die Vergütung für die Kurzzeitpflege aus dem vollstationären Antrag ableiten lässt, ist die Platzzahl insgesamt einzutragen und die Platzzahl der Kurzzeitpflege als DAVONposition anzugeben. Beispiel: Vollstationärer Versorgungsvertrag: 40 Plätze davon Kurzzeitpflege (kein eigenes IK für die Kurzzeitpflege): 5 Plätze Gesamtplätze 40, davon 5 Kurzzeitpflegeplätze Beispiel: vollstationärer Versorgungsvertrag: 40 Plätze Kurzzeitpflege (mit eigenem IK für die Kurzzeitpflege): 5 Plätze Gesamtplatzzahl 45, davon 5 Kurzzeitpflegeplätze | H20: zurück
A21: Die eingestreuten Plätze in einer vollstationären Pflegeeinrichtungen nach § 43 SGB XI (siehe § 1 Abs. 8 Rahmenvertrag Kurzzeitpflege) bleiben davon unberührt. Der Vereinbarungszeitraum umfasst regelmäßig mindestens 12 Monate. Die Pflegeeinrichtung muss auswählen, ob sie unmittelbar an einen Tarif / eine AVR gebunden ist, sich an ein Tarifwerk anlehnt oder nach dem regional üblichen Entgelt entlohnt. In Abhängigkeit der getroffenen Aussage stehen differenzierte Steigerungsraten für die Kalkulation zur Verfügung. Die Parteien der Pflegesatzvereinbarung sind gemäß § 85 Abs. 2 SGB XI zu ermitteln und ihr Anteil an den Berechnungstagen der Pflegeeinrichtung entsprechend anzugeben. Der Anteil der Bewohner, die ergänzende Leistungen der Sozialhilfe erhalten, ist zusätzlich als Davonposition auszuweisen.
A23: 2.2. Mappe Kalkulation Auslastungsgrad vollstationäre Pflegeeinrichtung 96 % bis 100 % Der abgeleitete Pflegesatz und die Entgelte der Kurzzeitpflegeplätze werden mit einem Auslastungsgrad von 80 % kalkuliert. jährliche Öffnungstage 365 Tage Im Übrigen bildet der linke Teil der Tabelle den Sachstand der aktuell gültigen Pflegesatzvereinbarung ab. Im rechten Teil der Tabelle wird die Forderung der Pflegeeinrichtung dargestellt. Pflegebedürftige in der Einrichtung Die Pflegeeinrichtung trägt die Belegung mit Pflegebedürftigen nach den 5 Pflegegraden entsprechend der aktuell gültigen Pflegesatzvereinbarung ein. Eine Änderung für die prognostische Belegung ist nicht möglich. Die Belegung muss der Platzzahl im Versorgungsvertrag entsprechen. Auch wenn eine Pflegeeinrichtung bei einzelnen Pflegegraden eine Nullbelegung angibt, wird für diesen Pflegegrad ein Personalanteilswert Pflege / Betreuung und ein Pflegesatz ermittelt. | H23: zurück
A24: Personalausstattung der Pflegeeinrichtung Grundlage für die Ermittlung der beantragten Personalausstattung ist das prospektiv in der Einrichtung beschäftigte Personal. Eine Vollkraft wird mit 40 Stunden / Woche kalkuliert. Alle folgenden Angaben umfassen ggf. immer auch die Kurzzeitpflege. Für die Sonderfunktionen PDL / stellvertretende PDL, Qualitätsmanagement (QM) und Hygienemanagement (HM) übernimmt die Pflegeeinrichtung die Angaben aus der aktuell gültigen Pflegesatzvereinbarung. Der Stellenanteil von PDL / stellvertretender PDL bestimmt sich nach der Einrichtungsgröße • bis 40 Plätze → bis zu 0,75 VK • 41 bis 80 Plätze → bis zu 1,00 VK • 81 bis 150 Plätze → bis zu 1,25 VK • ab 151 Plätze → bis zu 2,00 VK Qualitätsmanagement (QM) Für das Qualitätsmanagement kann zusätzlich bis zu 0,50 VK vereinbart werden. Hygienemanagement (HM) Für das Hygienemanagement kann zusätzlich bis zu 0,25 VK vereinbart werden. Sofern für die Sonderfunktionen die Maximalwerte entsprechend dem 2. Nachtrag zum Rahmenvertrag zur vollstationären Pflege noch nicht erreicht, aber vorgehalten werden oder die Pflegeeinrichtung erstmals Personal dafür vorhält, kann der Wert in der Prognose angepasst werden. Das gilt auch für den Fall, dass die Pflegeeinrichtung den Stellenumfang für die Sonderfunktionen reduzieren möchte.
A25: Für den Funktionsbereich Pflege / Betreuung werden die Anteilswerte für die Pflege- und Betreuungsfachkräfte, die Pflege- und Betreuungskräfte mit mindestens einjähriger Ausbildung und für die Pflege- und Betreuungskräfte ohne einjährige Ausbildung aus der aktuell gültigen Pflegesatzvereinbarung übernommen. Eine Erhöhung der Anteilswerte ist im vereinfachten Verfahren nicht möglich, auch nicht, wenn noch keine 100 % gemäß § 113c Abs. 1 SGB XI vereinbart sind. Eine Reduzierung ist möglich. Dabei muss die Mindestpersonalausstattung entsprechend dem 2. Nachtrag zum Rahmenvertrag zur vollstationären Pflege eingehalten sein. • mindestens 75 % der höchstens zu vereinbarenden personellen Ausstattung gemäß § 113c Abs. 1 Nr. 3 SGB XI für Fachkräfte Pflege und Betreuung • mindestens 70 % der Gesamtsumme aus der höchstens zu vereinbarenden personellen Ausstattung für Hilfskräfte mit und ohne Ausbildung gemäß § 113c Abs. 1 Nr. 1 und 2 SGB XI Für die Einrichtungsleitung kann gemäß Beschluss 2 / 2026 der PSK (gültig ab 1. Juli 2026) ein Stellenanteil von • bis 40 Plätze → bis zu 0,75 VK • 41 bis 80 Plätze → bis zu 1,00 VK • 81 bis 150 Plätze → bis zu 1,50 VK • ab 151 Plätze → bis zu 2,00 VK vereinbart werden. Weiteres Personal für Leitung / Verwaltung wird aus dem Verwaltungsbudget finanziert. Schöpft eine Einrichtung die VK-Zahl der Einrichtungsleitung entsprechend der Platzzahl nicht aus, kann das Verwaltungsbudget erhöht werden (Budgetaufschlag).
A26: Aus der aktuell gültigen Pflegesatzvereinbarung kann der Wert zur Zeit mehrheitlich noch nicht übertragen werden. Die Einrichtungsleitung war in der Personalrelation Leitung / Verwaltung enthalten. Allerdings liegen den Verhandlungspartnern der bisherige Stellenanteil und die berücksichtigten Personalkosten in der Regel vor. In den Bereichen zusätzliche Betreuung nach § 43b SGB XI, Hauswirtschaft, Küche und Haustechnik werden die Personalrelationen unverändert aus der aktuell gültigen Pflegesatzvereinbarung übernommen. Die Stellen für Freiwillige Dienste / FSJ sind ebenfalls der aktuell gültigen Pflegesatzvereinbarung zu entnehmen. Eine prospektive Veränderung ist möglich. Entsprechende Hinweise (Fehlermeldungen) sind zu beachten.
A27: Personalkosten Die Personalkosten werden aus der aktuell gültigen Pflegesatzvereinbarung, unter Beachtung der Hinweise zur Einrichtungsleitung, übernommen. Die Angaben der Personalkosten Prognose sind abhängig von der Wahl der Entlohnung (AVR / Tarif, Tarifanlehner, regional übliches Entgelt) in der Mappe Allgemeine Angaben. Die Steigerung der Personalkosten wird für alle Funktionsbereiche in der Mappe Kalkulation eingetragen. Die bisher geeinten Personalkosten können in den Funktionsbereichen:
E28: Tarifgebundene Einrichtungen / Tarifanlehner | F28: Regional übliches Entgelt
B29: Pflege / Betreuung | E29: um maximal 5 % | F29: um maximal 3 %
B30: zusätzliche Betreuung und Aktivierung nach § 43 b SGB XI | E30: um maximal 5 % | F30: um maximal 3 %
B31: Einrichtungsleitung | E31: um maximal 5 % | F31: um maximal 3,42 %
B32: Hauswirtschaft | E32: um maximal 5 % | F32: um maximal 3 %
B33: Küche | E33: um maximal 5 % | F33: um maximal 3 %
B34: Haustechnik | E34: um maximal 5 % | F34: um maximal 3 %
B35: Freiwillige Dienste / FSJ | E35: um maximal 4 % | F35: um maximal 4 %
A37: gesteigert werden. Für Freiwillige Dienste und FSJ sind im Antrag Netto-Personalkosten darzustellen. Für die Sonderfunktionen Qualitätsmanagement (QM) und Hygienemanagement (HM) sind die Auswahloptionen davon abhängig, ob bereits Personal vereinbart ist. Bitte beachten Sie ggf. rote Hinweise. Sofern bisher kein Personal für die Sonderfunktionen Qualitätsmanagement (QM) und / oder Hygienemanagement (HM) vereinbart ist, muss für eine erstmalige Vereinbarung in der Prognose eine Qualifikation aus den Beschäftigungsgruppen Pflege- und Betreuungsfachkräfte, Pflege- und Betreuungskräfte mit mindestens einjähriger Ausbildung oder Pflege- und Betreuungskräfte ohne einjährige Ausbildung angegeben werden. Gemäß dieser Auswahl werden die der Qualifikation entsprechenden durchschnittlichen Personalkosten berücksichtigt. Wenn als Qualifikation „keine Pflege“ oder eine Beschäftigungsgruppe gewählt wird, für die kein Anteilswert und damit keine Personalkosten hinterlegt sind, erscheint ein Hinweis und es erfolgt keine Berechnung. Eine individuelle Vereinbarung von Personalkosten ist im vereinfachten Verfahren nicht möglich.
A38: Ist bereits Personal für eine oder beide Sonderfunktionen vereinbart, kann entsprechend der Qualifikation aus den drei Beschäftigungsgruppen oder „keine Pflege“ gewählt werden. Der Stellenanteil kann innerhalb der rahmenverträglichen Bestimmungen unter Beachtung der Vorhaltung in der Pflegeeinrichtung geändert werden. Die dafür bisher vereinbarten Personalkosten werden im ersten Schritt übernommen. Im zweiten Schritt können sie durch die Auswahl der Qualifikation angepasst oder bei Auswahl „keine Pflege“ prozentual gesteigert werden. Wenn eine Beschäftigungsgruppe gewählt wird, für die kein Anteilswert und damit keine Personalkosten hinterlegt sind, erscheint ein Hinweis und es erfolgt keine Berechnung. Das regionale Entlohnungsniveau für Pflege / Betreuung und zusätzliche Betreuung nach § 43b SGB XI im Rahmen der Veröffentlichung nach § 82c Abs. 5 SGB XI (Stand 30.09.2026) für das regional übliche Entgelt beträgt:
B39: Regional übliches Entlohnungsniveau je Beschäftigtengruppe gemäß § 4 Absatz 3 der Richtlinien des GKV-SV nach § 82c Absatz 4 SGB XI in Sachsen (Stand 30.9.2026)
B40: Pflege- und Betreuungskräfte ohne mindestens einjährige Berufsausbildung | F40: 20,88 € / h
B41: Pflege- und Betreuungskräfte mit mindestens einjähriger Berufsausbildung | F41: 22,52 € / h
B42: Fachkräfte in den Bereichen Pflege und Betreuung mit mindestens dreijähriger Berufsausbildung | F42: 27,18 € / h
B44: Regionale Durchschnittswerte der tarifvertraglich oder in kirchlichen Arbeitsrechtsregelungen vereinbarten variablen pflegetypischen Zuschläge auf den Stundenlohn (Grundgehalt) gemäß § 5 Absatz 2 der Richtlinien des GKV-SV nach § 82c Absatz 4 SGB XI in Sachsen (Stand 30.9.2026)
B45: Nachtzuschläge für eine Tätigkeit in der Nacht, mindestens im Zeitraum zwischen 23 und 6 Uhr | F45: 0.23
B46: Sonntagszuschläge für eine Tätigkeit an Sonntagen im Zeitraum zwischen 0 und 24 Uhr | F46: 0.3
B47: Feiertagszuschläge für eine Tätigkeit an gesetzlichen Feiertagen im Zeitraum zwischen 0 und 24 Uhr (mit Freizeitausgleich) | F47: 0.35
B48: Feiertagszuschläge für eine Tätigkeit an gesetzlichen Feiertagen im Zeitraum zwischen 0 und 24 Uhr (ohne Freizeitausgleich) | F48: 1.33
A50: Die Personalkosten von PDL / stellvertretender PDL bleiben bei der Ermittlung des regional üblichen Entlohnungsniveaus unberücksichtigt. Sachkosten Mit Einführung des Verwaltungsbudgets gemäß Beschluss 2 / 2026 der Pflegesatzkommission (gültig ab 1. Juli 2026) fallen die bisherigen Positionen Verwaltungsbedarf und zentrale Verwaltungsdienste aus den Sachkosten sowie die Verwaltung aus den Fremdleistungen weg. Diese werden im Verwaltungsbudget berücksichtigt. Die Sachkosten können in allen Positionen pauschal um maximal 3,0 % bezogen auf die aktuell geeinten Werte gesteigert werden. Fremdleistungen Die Fremdleistungen können in allen Positionen pauschal um maximal 5,0 % bezogen auf die aktuell geeinten Werte gesteigert werden. Verwaltungsbudget Das Verwaltungsbudget kann in Höhe von bis zu 7 % der Gesamtsumme aus Personalkosten (ohne Einrichtungsleitung und ohne Personal nach § 43b SGB XI), Sachkosten und Fremdleistungen vereinbart werden. Eine höhere Steigerung ist nur dann möglich, wenn bereits der aktuell geeinte Wert der Steigerung für das Verwaltungsbudget höher ist. Falls für Pflegeeinrichtungen bis zu 40 Plätzen das Verwaltungsbudget nicht auskömmlich ist, kann bei sachlicher Begründung eine Anpassung des Zuschlags nur durch eine Vollverhandlung abgebildet werden.
A51: Schöpft eine Pflegeeinrichtung entsprechend der Platzzahl die maximal mögliche VK-Zahl für die Einrichtungsleitung nicht aus, kann bis zur Höhe der Differenz ein Aufschlag verhandelt werden. Die dafür anzusetzenden Personalkosten werden jährlich zum 1. Januar mit der Steigerung des Grundlohns p.a. (gemäß § 72 Abs. 3 SGB XI) fortentwickelt und betragen bei Laufzeitbeginn ab 1. Januar 2027 98.662 €. Beispiel: 50 Plätze → max. 1 VK Einrichtungsleitung → angesetzt 0,75 VK Einrichtungsleitung Differenz → max. 0,25 VK * 98.662 € = 24.665,50 € Erhöhung Verwaltungsbudget Die Richtigkeit der Angaben der Pflegeeinrichtung ist mit Unterschrift zu bestätigen.
A53: 2.3. Mappe Bewohnervertretung Vollstationäre Pflegeeinrichtungen haben gemäß § 85 Abs. 3 SGB XI zum Zeitpunkt der Antragstellung eine Stellungnahme der Bewohnervertretung beizufügen. | H53: zurück
A55: 2.4. Mappe Ergebnis Bis zur Ausfertigung der Pflegesatzvereinbarung erhält die Pflegeeinrichtung nach abgeschlossener Pflegesatzverhandlung ein von der Kostenträgerseite unterzeichnetes Ergebnis. Ausbildungsvergütung gemäß § 82a SGB XI Sofern die Pflegeeinrichtung eine Vereinbarung zur Ausbildungsvergütung gemäß § 82a SGB XI abgeschlossen hat, erhöht sich der jeweilige Pflegesatz bzw. der einrichtungseinheitliche Eigenanteil um diesen Betrag. | H55: zurück
A57: 2.5. Mappe Gesamtkalkulation Die Gesamtkalkulation fasst die vorangegangenen Angaben zur Ermittlung der Entgeltbestandteile nach den fünf Pflegegraden zusammen. Hier kann die Pflegeeinrichtung keine Änderungen vornehmen. Ggf. sind Korrekturen auf den vorhergehenden Seiten erforderlich. Sofern auch eine Pflegesatzvereinbarung für Kurzzeitpflege im Sinne § 1 Abs. 7 des Rahmenvertrages abgeschlossen werden soll, werden die Kosten anteilig für die vollstationäre Pflege und die Kurzzeitpflege dargestellt. | H57: zurück

Sheet B_PH_Allgemeine Angaben
A1: Vereinfachtes Verfahren der Aufforderung zum Abschluss einer Pflegesatzvereinbarung gemäß § 84, 85 SGB XI - Vollstationäre Pflegeeinrichtungen und für Kurzzeitpflegeeinrichtungen im Sinne § 1 Abs. 7 dieses Rahmenvertrages
A2: Allgemeine Angaben
A3: =IF('B_PH_Allgemeine Angaben'!D12>0,CONCATENATE(D12,", ",'B_PH_Allgemeine Angaben'!D16," ",'B_PH_Allgemeine Angaben'!J16),"")
A4: =IF(L6>0,"IK "&TEXT(L6,"000 000 000"),"") | K4: Antrag vom:
A5: 46314
B6: Art der Einrichtung: | K6: Institutionskennzeichen (IK):
E7: =IF(D6>0,IF(D6="Wohnpflegeheim","WPH","")) -> FALSE | F7: =IF(D6="4. Generation","4.","") | K7: IK KZP:
B10: Allgemeine Angaben zur Pflegeeinrichtung und zum Träger
D11: =IF(AND(D6=0,D12<>0),"bitte wählen Sie noch die Art der Einrichtung aus","")
B12: Pflegeeinrichtung:
D13: Name der Einrichtung
D15: Straße
D17: PLZ | J17: Ort
D19: Telefon | J19: Fax
D21: E-Mail | J21: Web-Adresse
D23: Einrichtungsleitung | J23: PDL
B26: In Trägerschaft von:
D27: Name des Trägers
D29: Straße
D31: PLZ | J31: Ort
D33: Telefon | J33: Fax
D35: E-Mail | J35: Web-Adresse
D37: Ansprechpartner/ Funktion
B39: Zugehörigkeit zu einer Vereinigung von Trägern von stationären Pflegeeinrichtungen im Land
G41: Wenn ja, welche?
B43: Hiermit erteilen wir o.g. Vereinigung Verhandlungsmandat
B45: Zulassungsdatum der Pflegeeinrichtung: | K45: =DATEDIF(H45,H52,"m") -> 0
K46: =IF(AND(H45="",H52<>""),"Bitte Erfassung des Zulassungsdatums!","")
B47: Platzzahl der Pflegeeinrichtung entsprechend des Versorgungsvertrages:
B48: davon Platzzahl der Kurzzeitpflege gemäß § 1 Abs. 7 Rahmenvertrag Kurzzeitpflege | M48: =IF(L48>0,1,0) -> 0
L49: =IF(AND(L48>0,L7=0),"Bitte IK für KZP angeben.","")
B50: Pflegeeinrichtungskonzeption Stand:
B52: Vereinbarungszeitraum prospektiv: | F52: von | J52: bis | M52: =IFERROR(DATEDIF(H52,K52,"m")+1,0) -> 1
M53: =IF(H52<DATEVALUE("01.01.2027"),1,2) -> 1
B54: letzter Vereinbarungszeitraum: | F54: von | J54: bis
J55: =IF(K54>H52,"Vereinbarungsbeginn liegt vor dem Ende der Vorvereinbarung.","")
B56: unmittelbare Bindung Tarif / AVR:
B57: Entlohnung nach:
B58: Welcher Tarif / AVR:
B59: Fassung vom: | J59: =IF(AND(H58="",H57<>"rüE"),"Bitte Angaben zum Tarif / AVR vornehmen.","") -> Bitte Angaben zum Tarif / AVR vornehmen. | N59: 0
B61: Parteien der Pflegesatzvereinbarung (gem. § 85 Abs. 2 SGB XI)
C63: Pflegekassen:
C64: AOK PLUS | H64: Anteil in %
C65: vdek | H65: Anteil in %
C66: BKK | H66: Anteil in %
C67: IKK | H67: Anteil in %
C68: Knappschaft | H68: Anteil in %
C69: PKV | H69: Anteil in %
C70: Sonstige Sozialversicherungsträger | H70: Anteil in %
K71: =IF(OR(SUM(K64:K70)<100,SUM(K64:K70)>100),"Anteil der Kostenträger entspricht nicht 100%.","") -> Anteil der Kostenträger entspricht nicht 100%.
H72: davon Träger der Sozialhilfe in %
K73: =IF(AND(H52>0,K72<=5),"Mappe 'B1_Allgemeine Angaben' und Mappe 'B1_Kalkulation' an den KSV senden!","")
B74: Nachrichtliche Angaben zum Zeitpunkt der Antragstellung und nicht Gegenstand dieses Antrages
B76: Ausbildungsbetrieb und/oder Praktikumsbetrieb nach dem Pflegeberufegesetz
B78: Angebot gesundheitliche Versorgungsplanung in der letzten Lebensphase (§132g SGB V)
D81: gehe weiter zu B_PH_Kalkulation

Sheet B_PH_Kalkulation
A1: ='B_PH_Allgemeine Angaben'!A1:N1 -> Vereinfachtes Verfahren der Aufforderung zum Abschluss einer Pflegesatzvereinbarung gemäß § 84, 85 SGB XI - Vollstationäre Pflegeeinrichtungen und für Kurzzeitpflegeeinrichtungen im Sinne § 1 Abs. 7 dieses Rahmenvertrages
A2: Kalkulation
N3: Institutionskennzeichen: | P3: =IFERROR(TEXT('B_PH_Allgemeine Angaben'!L6,"000 000 000"),"") -> 000 000 000
B4: Einrichtung: | C4: ='B_PH_Allgemeine Angaben'!D12 -> 0 | N4: ='B_PH_Allgemeine Angaben'!K7 -> IK KZP: | P4: ='B_PH_Allgemeine Angaben'!L7 -> 0
B5: PLZ Ort: | C5: =IF('B_PH_Allgemeine Angaben'!D16>0,CONCATENATE('B_PH_Allgemeine Angaben'!D16," ",'B_PH_Allgemeine Angaben'!J16),"") | N5: Antrag vom: | P5: =IFERROR('B_PH_Allgemeine Angaben'!L4,"") -> 0
B7: kalkulatorischer Auslastungsgrad: | H7: jährliche Öffnungstage: | I7: 365 | K7: Art der Einrichtung: | L7: =IF('B_PH_Allgemeine Angaben'!D6>0,'B_PH_Allgemeine Angaben'!D6,"")
B9: Verhandelte Kostenkalkulation der letzten Pflegesatzvereinbarung: | H9: Forderung:
B11: Laufzeit: | C11: vom: | D11: ='B_PH_Allgemeine Angaben'!H54 -> 0 | E11: bis: | F11: ='B_PH_Allgemeine Angaben'!K54 -> 0 | H11: Laufzeit: | I11: vom: | J11: =IF('B_PH_Allgemeine Angaben'!H52=0,"",'B_PH_Allgemeine Angaben'!H52) | K11: bis: | L11: =IF('B_PH_Allgemeine Angaben'!K52=0,0,'B_PH_Allgemeine Angaben'!K52) -> 0
B13: Belegung gesamt: | E13: gesamt: | F13: =SUM(B15:F15) -> 0 | H13: Belegung gesamt: | K13: gesamt: | L13: =SUM(H15:L15) -> 0
B14: Pflegegrad 1 | C14: Pflegegrad 2 | D14: Pflegegrad 3 | E14: Pflegegrad 4 | F14: Pflegegrad 5 | H14: Pflegegrad 1 | I14: Pflegegrad 2 | J14: Pflegegrad 3 | K14: Pflegegrad 4 | L14: Pflegegrad 5
H15: =B15 -> 0 | I15: =C15 -> 0 | J15: =D15 -> 0 | K15: =E15 -> 0 | L15: =F15 -> 0
B16: =IF(F13<>'B_PH_Allgemeine Angaben'!L47,"Prognose entspricht nicht Platzzahl!","")
B17: davon Belegung KZP: | E17: gesamt: | F17: =SUM(B18:F18) -> 0 | H17: davon Belegung KZP: | K17: gesamt: | L17: =SUM(H18:L18) -> 0
H18: =B18 -> 0 | I18: =C18 -> 0 | J18: =D18 -> 0 | K18: =E18 -> 0 | L18: =F18 -> 0 | T18: Neberechnung Personalkosten QM & HM (0 = nein; 1 = ja)
B19: =IF(F17<>'B_PH_Allgemeine Angaben'!L48,"Prognose entspricht nicht Platzzahl!","") | O19: Begründungen für: | V19: Ansatz PK (max. einer der Werte beträgt 1)
B20: Personalausstattung: | C20: Anteilswert / Personalrelation | D20: Stellen | E20: Personalkosten: | F20: €/VK bzw. €/Stelle | H20: Personalausstattung: | I20: Anteilswert / Personalrelation | J20: Stellen | K20: Personalkosten: | L20: €/VK bzw. €/Stelle | M20: Steigerungsrate | O20: - Personalkostensteigerungen - | T20: rüE | U20: bisher bereits vereinbart | V20: wie bisher + x% | W20: wie QN 4 | X20: wie QN 3 | Y20: wie QN 1-2
B21: PDL/stellv. PDL | H21: PDL/stellv. PDL | I21: =IF(J21>KAT!$D$15,"(max. "&TEXT(KAT!$D$15,"0,0000")&" VK)","") | K21: =IF(OR(AND(J22>0,L22=0,K22=""),AND(J23>0,L23=0,K23="")),"Qualifikation auswählen!","") | L21: =F21*(1+M21) -> 0
B22: Qualitätsmanagement | H22: Qualitätsmanagement | I22: =IF(J22>KAT!D20,"(max. "&TEXT(KAT!D20,"0,0000")&" VK)","") | L22: {=(V22*F22*(1+M22))+SUMPRODUCT(($L$24:$L$26)*TRANSPOSE(W22:Y22))} -> 0 | T22: ='B_PH_Allgemeine Angaben'!$N$59 -> 0 | U22: =(D22>0)*1 -> 0 | V22: =(T22=0)*(U22=1)+(T22=1)*(K22=KAT!$G$5)*(U22=1) -> 0 | W22: =OR(T22=1,U22=0)*(K22=KAT!$G$2) -> 0 | X22: =OR(T22=1,U22=0)*(K22=KAT!$G$3) -> 0 | Y22: =OR(T22=1,U22=0)*(K22=KAT!$G$4) -> 0
B23: Hygienemanagement | H23: Hygienemanagement | I23: =IF(J23>KAT!D21,"(max. "&TEXT(KAT!D21,"0,0000")&" VK)","") | L23: {=(V23*F23*(1+M23))+SUMPRODUCT(($L$24:$L$26)*TRANSPOSE(W23:Y23))} -> 0 | T23: ='B_PH_Allgemeine Angaben'!$N$59 -> 0 | U23: =(D23>0)*1 -> 0 | V23: =(T23=0)*(U23=1)+(T23=1)*(K23=KAT!$G$5)*(U23=1) -> 0 | W23: =OR(T23=1,U23=0)*(K23=KAT!$G$2) -> 0 | X23: =OR(T23=1,U23=0)*(K23=KAT!$G$3) -> 0 | Y23: =OR(T23=1,U23=0)*(K23=KAT!$G$4) -> 0
B24: PFK/BFK | D24: {=ROUND(SUMPRODUCT((B15:F15)*TRANSPOSE(KAT!C35:C39))*C24,4)} -> 0 | H24: PFK/BFK | J24: =IFERROR(ROUND(KAT!D40*I24,4),"") -> 0 | L24: =IF('B_PH_Allgemeine Angaben'!$N$59=1,'B_PH_Berechnung rüE'!J16,F24*(1+M24)) -> 0
B25: PK/BK | D25: {=ROUND(SUMPRODUCT((B15:F15)*TRANSPOSE(KAT!E35:E39))*C25,4)} -> 0 | H25: PK/BK | J25: =IFERROR(ROUND(KAT!F40*I25,4),"") -> 0 | K25: =IFERROR(IF(KAT!E26<KAT!B26,"Personalausstattung QN 1-3 unter Minimum gem. RV ("&TEXT(KAT!B26,"00%")&")",""),"") | L25: =IF(J25>0,IF('B_PH_Allgemeine Angaben'!$N$59=1,'B_PH_Berechnung rüE'!J17,F25*(1+M25)),0) -> 0
B26: PK/BK o. | D26: {=ROUND(SUMPRODUCT((B15:F15)*TRANSPOSE(KAT!G35:G39))*C26,4)} -> 0 | H26: PK/BK o. | J26: =IFERROR(ROUND(KAT!H40*I26,4),"") -> 0 | L26: =IF(J26>0,IF('B_PH_Allgemeine Angaben'!$N$59=1,'B_PH_Berechnung rüE'!J18,F26*(1+M26)),0) -> 0
B27: zusätzliche Betreuung und Aktivierung nach § 43 b SGB XI | C27: 20 | D27: =$F$13/C27 -> 0 | E27: zusätzliche Betreuung und Aktivierung nach § 43 b SGB XI: | H27: zusätzliche Betreuung und Aktivierung nach § 43 b SGB XI | I27: 20 | J27: =IFERROR(ROUND($L$13/I27,4),"") -> 0 | K27: zusätzliche Betreuung und Aktivierung nach § 43 b SGB XI | L27: =IF('B_PH_Allgemeine Angaben'!$N$59=1,'B_PH_Berechnung rüE'!J24,F27*(1+M27)) -> 0
B28: Einrichtungsleitung | E28: =B28 -> Einrichtungsleitung | H28: Einrichtungsleitung | I28: =IF(J28>KAT!D46,"(max. "&TEXT(KAT!D46,"0,0000")&" VK)","") | K28: =H28 -> Einrichtungsleitung | L28: =IF(F28=0,0,F28*M28+F28) -> 0
B29: Hauswirtschaft | D29: =IFERROR($F$13/C29,0) -> 0 | E29: =B29 -> Hauswirtschaft | H29: Hauswirtschaft | I29: =C29 -> 0 | J29: =IFERROR($L$13/I29,0) -> 0 | K29: =H29 -> Hauswirtschaft | L29: =IF(F29=0,0,F29*M29+F29) -> 0
B30: Küche | D30: =IFERROR($F$13/C30,0) -> 0 | E30: =B30 -> Küche | H30: Küche | I30: =C30 -> 0 | J30: =IFERROR($L$13/I30,0) -> 0 | K30: =H30 -> Küche | L30: =IF(F30=0,0,F30*M30+F30) -> 0
B31: Haustechnik | D31: =IFERROR($F$13/C31,0) -> 0 | E31: =B31 -> Haustechnik | H31: Haustechnik | I31: =C31 -> 0 | J31: =IFERROR($L$13/I31,0) -> 0 | K31: =H31 -> Haustechnik | L31: =IF(F31=0,0,F31*M31+F31) -> 0
B32: Freiwillige Dienste/ FSJ Einsatz | E32: =B32 -> Freiwillige Dienste/ FSJ Einsatz | H32: Freiwillige Dienste/FSJ Einsatz | K32: =H32 -> Freiwillige Dienste/FSJ Einsatz | L32: =IF(OR(F32=0,J32=0),0,F32*M32+F32) -> 0 | T32: B1 - Grundsatz:
T33: Die Belegung, die PR für Pflege, Betreuung und sonstige Mitarbeiter, die FKQ Pflege sind für die Prognose veränderbar im Rahmen der Wirtschaftlichkeit und der rahmenvertraglichen Vorgaben. Die restliche Personalausstattung bleibt unverändert. Die Sachkosten, die Fremdleistungen sowie die Beförderungsvergütungen werden auf Basis der geeinten Werte prognostisch um x% gesteigert. Die Personalkosten werden für Mitarbeiter Pflege/Betreuung nach GVWG umgestellt. Die Personalkosten in den Funktionsbereichen LuV, HW, Kü, HAT werden auf Basis der geeinten Personalkosten um x% gesteigert aber mindestens um x% auf den Mindestlohn
B35: Sachaufwendungen | F35: € gesamt | H35: Sachaufwendungen | L35: € gesamt | O35: - Sachkostensteigerungen -
B36: 2.1. | C36: Lebensmittel | H36: 2.1. | I36: Lebensmittel | L36: =IF($M$35<>0,F36*(100%+$M$35),F36) -> 0 | M36: =(IFERROR(L36/B_PH_Gesamtkalkulation!$P$6,""))
B37: 2.2. | C37: pflegerischer Sachbedarf | H37: 2.2. | I37: pflegerischer Sachbedarf | L37: =IF($M$35<>0,F37*(100%+$M$35),F37) -> 0 | M37: =(IFERROR(L37/B_PH_Gesamtkalkulation!$P$6,"")) | T37: Herleitung der Personalkosten
B38: 2.3. | C38: Wasser, Energie, Brennstoffe | H38: 2.3. | I38: Wasser, Energie, Brennstoffe | L38: =IF($M$35<>0,F38*(100%+$M$35),F38) -> 0 | M38: =(IFERROR(L38/B_PH_Gesamtkalkulation!$P$6,""))
B39: 2.4. | C39: Betreuungsaufwand | H39: 2.4. | I39: Betreuungsaufwand | L39: =IF($M$35<>0,F39*(100%+$M$35),F39) -> 0 | M39: =(IFERROR(L39/B_PH_Gesamtkalkulation!$P$6,"")) | T39: => für Leitung/Verwaltung, HW, Kü, HAT = pauschale Steigerung der bisher geeinten PK um x% aber mindestens um x% auf den Mindestlohn
B40: 2.5. | C40: Wirtschaftsbedarf | H40: 2.5. | I40: Wirtschaftsbedarf | L40: =IF($M$35<>0,F40*(100%+$M$35),F40) -> 0 | M40: =(IFERROR(L40/B_PH_Gesamtkalkulation!$P$6,"")) | T40: => sonstige Stellen = pauschale Steigerung der bisher geeinten PK um x%
B41: 2.6. | C41: Steuern/Abgaben/Versicherungen | H41: 2.6. | I41: Steuern/Abgaben/Versicherungen | L41: =IF($M$35<>0,F41*(100%+$M$35),F41) -> 0 | M41: =(IFERROR(L41/B_PH_Gesamtkalkulation!$P$6,""))
B42: 2.7. | C42: Wartung (keine Instandhaltung) | H42: 2.7. | I42: Wartung (keine Instandhaltung) | L42: =IF($M$35<>0,F42*(100%+$M$35),F42) -> 0 | M42: =(IFERROR(L42/B_PH_Gesamtkalkulation!$P$6,"")) | T42: Berechnung der progn. PK auf Basis der geeinten PK
B43: 2.8. | C43: sonstige Aufwendungen | H43: 2.8. | I43: sonstige Aufwendungen | L43: =IF($M$35<>0,F43*(100%+$M$35),F43) -> 0 | M43: =(IFERROR(L43/B_PH_Gesamtkalkulation!$P$6,"")) | T43: bisher geeinten Personalkosten => | W43: pauschale Herleitung der Prognose
C44: Gesamtsumme: | F44: =SUM(F36:F43) -> 0 | I44: Gesamtsumme: | L44: =SUM(L36:L43) -> 0 | M44: =SUM(M36:M43) -> 0 | U44: 0 | V44: => | W44: 0
U45: unter Mindestlohn =>
B46: Fremdleistungen/ Leistungen des Trägers | F46: € gesamt | H46: Fremdleistungen/ Leistungen des Trägers | L46: € gesamt | O46: - Fremdleistungen - | U46: unter Mindestlohn => | W46: Mindestlohn +x %
B47: 3.1. | C47: Küche | H47: 3.1. | I47: Küche | L47: =IF($M$46<>0,F47*(100%+$M$46),F47) -> 0 | M47: =(IFERROR(L47/B_PH_Gesamtkalkulation!$P$6,"")) | U47: über Mindestlohn => | W47: geeint + x%
B48: 3.2. | C48: Wäscherei | H48: 3.2. | I48: Wäscherei | L48: =IF($M$46<>0,F48*(100%+$M$46),F48) -> 0 | M48: =(IFERROR(L48/B_PH_Gesamtkalkulation!$P$6,""))
B49: 3.3. | C49: Wäschekennzeichnung | H49: 3.3. | I49: Wäschekennzeichnung | L49: =IF($M$46<>0,F49*(100%+$M$46),F49) -> 0 | M49: =(IFERROR(L49/B_PH_Gesamtkalkulation!$P$6,"")) | T49: Die Berechnungen gehen immer von der korrekten Erfassung und der Wiedergabe der geeinten Werte vom Ergebnisblatt aus!
B50: 3.4. | C50: Reinigung | H50: 3.4. | I50: Reinigung | L50: =IF($M$46<>0,F50*(100%+$M$46),F50) -> 0 | M50: =(IFERROR(L50/B_PH_Gesamtkalkulation!$P$6,""))
B51: 3.5. | C51: Haustechnik | H51: 3.5. | I51: Haustechnik | L51: =IF($M$46<>0,F51*(100%+$M$46),F51) -> 0 | M51: =(IFERROR(L51/B_PH_Gesamtkalkulation!$P$6,""))
B52: 3.6. | H52: 3.6. | I52: =IF(C52<>"",C52,"") | L52: =IF($M$46<>0,F52*(100%+$M$46),F52) -> 0 | M52: =(IFERROR(L52/B_PH_Gesamtkalkulation!$P$6,""))
B53: 3.7. | H53: 3.7. | I53: =IF(C53<>"",C53,"") | L53: =IF($M$46<>0,F53*(100%+$M$46),F53) -> 0 | M53: =(IFERROR(L53/B_PH_Gesamtkalkulation!$P$6,""))
C54: Gesamtsumme: | F54: =SUM(F47:F53) -> 0 | I54: Gesamtsumme: | L54: =SUM(L47:L53) -> 0 | M54: =SUM(M47:M53) -> 0
B56: Verwaltungsbudget | H56: Verwaltungsbudget
C57: Verwaltungsbudget | E57: Prozentsatz | I57: Berücksichtigungsfähiges Gesamtbudget vor Verwaltungsleistungen | L57: {=SUMPRODUCT(J21:J26*L21:L26)+SUMPRODUCT(J29:J32*L29:L32)+L44+L54} -> 0
C58: Verwaltungsbudget | E58: Betrag | H58: 4. | I58: Verwaltungsbudget | K58: Prozentsatz | M58: =L58*L57 -> 0
C60: Budgetaufschlag | I60: Budgetaufschlag | J60: =KAT!D46-B_PH_Kalkulation!J28 -> 0.75 | K60: =KAT!D54 -> 98662 | M60: =(L60="ja")*(KAT!D46-B_PH_Kalkulation!J28>0)*(KAT!D46-B_PH_Kalkulation!J28)*K60 -> 0
B61: 4. | C61: Verwaltungsbudget (ggf. inkl. Budgetaufschlag) | F61: =F58+F60 -> 0 | H61: 4. | I61: Verwaltungsbudget (inkl. Budgetaufschlag) | M61: =SUM(M58:M60) -> 0
B63: Vereinbarungswerte | H63: Forderung
B64: Pflegesätze | H64: Pflegesätze
B65: Pflegegrad 1 | C65: Pflegegrad 2 | D65: Pflegegrad 3 | E65: Pflegegrad 4 | F65: Pflegegrad 5 | H65: Pflegegrad 1 | I65: Pflegegrad 2 | J65: Pflegegrad 3 | K65: Pflegegrad 4 | L65: Pflegegrad 5
H66: =B_PH_Gesamtkalkulation!J57 | I66: =IFERROR(B_PH_Gesamtkalkulation!L57,0) -> 0 | J66: =IFERROR(B_PH_Gesamtkalkulation!N57,0) -> 0 | K66: =IFERROR(B_PH_Gesamtkalkulation!P57,0) -> 0 | L66: =IFERROR(B_PH_Gesamtkalkulation!R57,0) -> 0
B68: Pflegesatz für KZP | H68: Pflegesatz für KZP
F69: Pflegegrad 1 bis 5 | L69: Pflegegrad 1 bis 5
L70: =IFERROR(B_PH_Gesamtkalkulation!J61,0) -> 0
C72: Vergütungszuschlag für: | I72: Vergütungszuschlag für:
B73: Eigenanteil: | C73: Unterkunft | D73: Verpflegung: | E73: § 43 b SGB XI | H73: Eigenanteil: | I73: Unterkunft | J73: Verpflegung: | K73: § 43 b SGB XI
H74: =IFERROR(B_PH_Gesamtkalkulation!L54,0) -> 0 | I74: =IFERROR(B_PH_Gesamtkalkulation!T57,0) -> 0 | J74: =IFERROR(B_PH_Gesamtkalkulation!V57,0) -> 0 | K74: =IFERROR(B_PH_Gesamtkalkulation!X57,0) -> 0
C76: Vergütungszuschlag KZP für: | I76: Vergütungszuschlag KZP für:
C77: Unterkunft | D77: Verpflegung: | E77: $ 43 b SGB XI | I77: Unterkunft | J77: Verpflegung: | K77: $ 43 b SGB XI
I78: =IFERROR(B_PH_Gesamtkalkulation!T61,0) -> 0 | J78: =IFERROR(B_PH_Gesamtkalkulation!V61,0) -> 0 | K78: =IFERROR(B_PH_Gesamtkalkulation!X61,0) -> 0
H81: Die ständige Anwesenheit einer Pflegefachkraft wird sichergestellt: | M81: =IF(L81<>"ja","Bitte Anwesenheit Pflegefachkraft bestätigen.","") -> Bitte Anwesenheit Pflegefachkraft bestätigen.
B82: Die Richtigkeit der o. g. Angaben wird bestätigt:
B84: Datum | H84: Träger der Einrichtung
H87: gehe weiter zu B_PH_Berechnung rüE
H89: gehe weiter zu B_PH_Bewohnervertretung

Sheet B_PH_Berechnung rüE
A1: ='B_PH_Allgemeine Angaben'!A1:A1 -> Vereinfachtes Verfahren der Aufforderung zum Abschluss einer Pflegesatzvereinbarung gemäß § 84, 85 SGB XI - Vollstationäre Pflegeeinrichtungen und für Kurzzeitpflegeeinrichtungen im Sinne § 1 Abs. 7 dieses Rahmenvertrages | N1: SPERREN UND AUSBLENDEN
B2: Berechnung
I3: =B_PH_Kalkulation!N3 -> Institutionskennzeichen: | K3: ='B_PH_Allgemeine Angaben'!L6 -> 0
B4: Einrichtung: | C4: ='B_PH_Allgemeine Angaben'!D12 -> 0 | I4: ='B_PH_Allgemeine Angaben'!K7 -> IK KZP: | K4: ='B_PH_Allgemeine Angaben'!L7 -> 0
B5: PLZ Ort: | C5: =IF('B_PH_Allgemeine Angaben'!D16>0,CONCATENATE('B_PH_Allgemeine Angaben'!D16," ",'B_PH_Allgemeine Angaben'!J16),"") | I5: =B_PH_Kalkulation!N5 -> Antrag vom: | K5: =_xlfn.SINGLE('B_PH_Allgemeine Angaben'!L4) -> 0
B8: =IF('B_PH_Allgemeine Angaben'!N59=0,"Inhalte dieses Blattes nur bei Entlohnung nach regional üblichem Entgelt relevant.","") -> Inhalte dieses Blattes nur bei Entlohnung nach regional üblichem Entgelt relevant.
B12: Funktionsbereich | C12: VK | D12: regional übliches Entgeltniveau | E12: gesteigert bis max. 10% | F12: inkl. variable pflegetypische Zuschläge | G12: Entgeltniveau inkl. variabler pflegetypischer Zuschläge pro Jahr/VK | H12: inkl. SV-Beiträge | I12: inkl. PNK | J12: inkl. Zuschlag nach § 32 RV | N12: Hilfsspalten
H13: 0.2134 | I13: 0.02 | J13: 0.02
N14: PFK/BFK | O14: PK/BK | P14: PK/BK o. | Q14: Register
B15: Pflege und Betreuung ohne Sonderfunktionen | F15: =KAT!B59 -> 0.085 | N15: =C36 -> 0 | O15: =D36 -> 0 | P15: =E36 -> 0 | Q15: VK
B16: Pflege-/Betreuungsfachkraft, mind.3 Jahre Berufsausbildung | C16: =B_PH_Kalkulation!J24 -> 0 | D16: =KAT!E80 -> 27.18 | E16: =ROUND(IFERROR(D16*(100%+$E$15),0),2) -> 27.18 | F16: =ROUND(IFERROR(E16*(100%+$F$15),0),2) -> 29.49 | G16: =ROUND(IFERROR(F16*40*13/3*12,0),2) -> 61339.2 | H16: =(E16*40*13/3*12*$H$13)+G16 -> 73403.641 | I16: =H16*(100%+$I$13) -> 74871.714 | J16: =I16*(100%+$J$13) -> 76369.148
B17: Pflege-/Betreuungshilfskraft, mind. 1 Jahr Berufsausbildung | C17: =B_PH_Kalkulation!J25 -> 0 | D17: =KAT!E81 -> 22.52 | E17: =ROUND(IFERROR(D17*(100%+$E$15),0),2) -> 22.52 | F17: =ROUND(IFERROR(E17*(100%+$F$15),0),2) -> 24.43 | G17: =ROUND(IFERROR(F17*40*13/3*12,0),2) -> 50814.4 | H17: =(E17*40*13/3*12*$H$13)+G17 -> 60810.397 | I17: =H17*(100%+$I$13) -> 62026.605 | J17: =I17*(100%+$J$13) -> 63267.137 | N17: =(ROUND(E16*(100%+F15),2)+(E16*$H$13))*(100%+$I$13)*(100%+$J$13)*40*13/3*12*(B_PH_Kalkulation!J22*(B_PH_Kalkulation!K22=KAT!G2)+B_PH_Kalkulation!J23*(B_PH_Kalkulation!K23=KAT!G2)) -> 0 | O17: =(ROUND(E17*(100%+F15),2)+(E17*$H$13))*(100%+$I$13)*(100%+$J$13)*40*13/3*12*(B_PH_Kalkulation!J22*(B_PH_Kalkulation!K22=KAT!G3)+B_PH_Kalkulation!J23*(B_PH_Kalkulation!K23=KAT!G3)) -> 0 | P17: =(ROUND(E18*(100%+F15),2)+(E18*$H$13))*(100%+$I$13)*(100%+$J$13)*40*13/3*12*(B_PH_Kalkulation!J22*(B_PH_Kalkulation!K22=KAT!G4)+B_PH_Kalkulation!J23*(B_PH_Kalkulation!K23=KAT!G4)) -> 0 | Q17: QM & HM - Personalkosten gesamt
B18: Pflege-/Betreuungshilfskraft, ohne mind. 1 Jahr Berufsausbildung | C18: =B_PH_Kalkulation!J26 -> 0 | D18: =KAT!E82 -> 20.88 | E18: =ROUND(IFERROR(D18*(100%+$E$15),0),2) -> 20.88 | F18: =ROUND(IFERROR(E18*(100%+$F$15),0),2) -> 22.65 | G18: =ROUND(IFERROR(F18*40*13/3*12,0),2) -> 47112 | H18: =(E18*40*13/3*12*$H$13)+G18 -> 56380.047 | I18: =H18*(100%+$I$13) -> 57507.648 | J18: =I18*(100%+$J$13) -> 58657.801 | N18: =(ROUND(E16*(100%+F15),2)+(E16*$H$13))*(100%+$I$13)*(100%+$J$13)*40*13/3*12*C16 -> 0 | O18: =(ROUND(E17*(100%+F15),2)+(E17*$H$13))*(100%+$I$13)*(100%+$J$13)*C17*40*13/3*12 -> 0 | P18: =(ROUND(E18*(100%+F15),2)+(E18*$H$13))*(100%+$I$13)*(100%+$J$13)*40*13/3*12*C18 -> 0 | Q18: Pflge & Betreuung - Personalkosten gesamt.
N19: =(ROUND(E21*(100%+F20),2)+(E21*$H$13))*(100%+$I$13)*(100%+$J$13)*C21*40*13/3*12 -> 0 | O19: =(ROUND(E22*(100%+F20),2)+(E22*$H$13))*(100%+$I$13)*(100%+$J$13)*40*13/3*12*C22 -> 0 | P19: =(ROUND(E23*(100%+F20),2)+(E23*$H$13))*(100%+$I$13)*(100%+$J$13)*40*13/3*12*C23 -> 0 | Q19: zusätzliche Betreuung - Personalkosten gesamt:
B20: zusätzliche Betreuung | F20: =KAT!B60 -> 0.0415 | N20: =SUM(N17:N19) -> 0 | O20: =SUM(O17:O19) -> 0 | P20: =SUM(P17:P19) -> 0 | Q20: Personalkosten gesamt:
B21: Pflege-/Betreuungsfachkraft, mind.3 Jahre Berufsausbildung | D21: =KAT!E80 -> 27.18 | E21: =ROUND(IFERROR(D21*(100%+$E$20),0),2) -> 27.18 | N21: =N20/N15 -> #DIV/0! | O21: =O20/O15 -> #DIV/0! | P21: =P20/P15 -> #DIV/0! | Q21: Personalkosten in €/VK
B22: Pflege-/Betreuungshilfskraft, mind. 1 Jahr Berufsausbildung | D22: =KAT!E81 -> 22.52 | E22: =ROUND(IFERROR(D22*(100%+$E$20),0),2) -> 22.52
B23: Pflege-/Betreuungshilfskraft, ohne mind. 1 Jahr Berufsausbildung | C23: =C24-C21-C22 -> 0 | D23: =KAT!E82 -> 20.88 | E23: =ROUND(IFERROR(D23*(100%+$E$20),0),2) -> 20.88
B24: Gesamt § 43 b SGB XI: | C24: =IFERROR(B_PH_Kalkulation!J27,0) -> 0 | E24: =IF(C23<0,"Fehler",ROUND(IFERROR(((E23*C23+C22*E22+E21*C21)/C24),0),2)) -> 0 | F24: =ROUND(IFERROR(E24*(100%+$F$20),0),2) -> 0 | G24: =ROUND(IFERROR(F24*40*13/3*12,0),2) -> 0 | H24: =(E24*40*13/3*12*$H$13)+G24 -> 0 | I24: =H24*(100%+$I$13) -> 0 | J24: =I24*(100%+$J$13) -> 0
B27: Entlohnung der Pflege-/Betreuungsmitarbeiter inkl. QM und HM entsprechend der Vorgaben
B29: Beschäftigungsgruppe | C29: PFK/BFK | D29: PK/BK | E29: PK/BK o.
C30: mind. 3 Jahre Berufsausbildung | D30: mind. 1 Jahr Berufsausbildung | E30: mind. ohne 1 Jahr Berufsausbildung
B32: fixe, regelm. Entlohnung je VK | C32: =IFERROR(((E21*C21+C16*E16)*40*13/3)/SUM(C16,C21),0) -> 0 | D32: =IFERROR(((E22*C22+E17*C17)*40*13/3)/SUM(C17,C22),0) -> 0 | E32: =IFERROR(((C18*E18+E23*C23)*40*13/3)/SUM(C18,C23),0) -> 0
B33: mtl. Arbeitszeit (40 h/Woche) | C33: =40*13/3 -> 173.33333 | D33: =40*13/3 -> 173.33333 | E33: =40*13/3 -> 173.33333
B34: arbeitszeitnormierter Std.lohn | C34: =C32/C33 -> 0 | D34: =D32/D33 -> 0 | E34: =E32/E33 -> 0
B36: VK | C36: =C16+C21+B_PH_Kalkulation!J22*(B_PH_Kalkulation!K22=KAT!G2)+B_PH_Kalkulation!J23*(B_PH_Kalkulation!K23=KAT!G2) -> 0 | D36: =C17+C22+B_PH_Kalkulation!J22*(B_PH_Kalkulation!K22=KAT!G3)+B_PH_Kalkulation!J23*(B_PH_Kalkulation!K23=KAT!G3) -> 0 | E36: =C18+C23+B_PH_Kalkulation!J22*(B_PH_Kalkulation!K22=KAT!G4)+B_PH_Kalkulation!J23*(B_PH_Kalkulation!K23=KAT!G4) -> 0
B37: VK alle Beschäftigungsgruppen | C37: =IFERROR(SUM(C36:E36),0) -> 0
B38: Anteil je Beschäftigungsgruppe | C38: =IFERROR(C36/C37,0) -> 0 | D38: =IFERROR(D36/C37,0) -> 0 | E38: =IFERROR(E36/C37,0) -> 0
B40: einrichtungsindividuelles Entgeltniveau | C40: =IFERROR(C38*C34+D34*D38+E34*E38,0) -> 0 | F40: =IF(C40>KAT!$E$79*110%,"Forderung liegt über 10% des regional üblichen Entgeltes.","")
N41: STD_VG_PFK | O41: STD_VH_PHK_mit ausbildung | P41: STD_VG_PHK_ohne Ausbildung | Q41: STD_VG_einr. ind. Egniveau | R41: VK_PFK | S41: VK_PHK_mit ausbildung | T41: VK_PHK_ohne Ausbildung | U41: GES_VG_PFK | V41: GES_VG_PHK_mit Ausbildung | W41: GES_VG_PHK_ohne Ausbildung
B42: Gesamtbruttopersonalkosten je Jahr | C42: =IFERROR(N21,0) -> 0 | D42: =IFERROR(O21,0) -> 0 | E42: =IFERROR(P21,0) -> 0 | N42: =C34 -> 0 | O42: =D34 -> 0 | P42: =E34 -> 0 | Q42: =C40 -> 0 | R42: =C36 -> 0 | S42: =D36 -> 0 | T42: =E36 -> 0 | U42: =C42 -> 0 | V42: =D42 -> 0 | W42: =E42 -> 0
D45: gehe weiter zu B_PH_Bewohnervertretung

Sheet B_PH_Bewohnervertretung
A1: Stellungnahme der Bewohnervertretung gem. § 85 (3) SGB XI
A3: ='B_PH_Allgemeine Angaben'!A3
A4: ='B_PH_Allgemeine Angaben'!A4:N4
B6: Bewohnervertretung | L6: Bewohnersprecher *
B8: * Im Sinne der besseren Lesbarkeit wurde stellvertretend für beide Geschlechtsformen durchgehend nur die männliche Form verwendet.
B10: a) | C10: Schriftliche Stellungnahme liegt vor
F12: Ja
F13: weitere Angaben unter c) oder als Anlage erforderlich
F15: Nein
F16: weitere Angaben unter b) erforderlich
B18: b) | C18: Begründung für Nichtvorlage der schriftlichen Stellungnahme
F20: Gelegenheit zur Stellungnahme wurde eingeräumt,
F21: Bewohnervertretung oder Bewohnersprecher haben diese nicht wahrgenommen
F24: Bewohnervertretung oder Bewohnersprecher nicht vorhanden,
F25: (schriftliche Mitteilung des Trägers der Einrichtung an die zuständige Behörde beifügen)
B29: c) | C29: Einbeziehung der Bewohnervertretung / des Bewohnersprechers:
B31: Der vorliegende Antrag auf Abschluss einer neuen Pflegesatzvereinbarung, die zu einer Erhöhung der
B32: Entgelte für Pflege, Unterkunft, Verpflegung und des einrichtungseinheitlichen Eigenanteils in vollstationären
B33: Einrichtungen nach § 43 führen kann, wurde uns vom Einrichtungsträger vorgelegt und erläutert. Die dem
B34: Antrag zugrunde liegenden Einzelpositionen, der Umlagemaßstab sowie die Antragsbegründung wurden
B35: ausführlich dargestellt und auf die Möglichkeit an der Pflegesatzverhandlung teilzunehmen hingewiesen.
B37: Stellungnahme der Bewohnervertretung / des Bewohnersprechers:
B63: Ort, Datum | K63: Unterschrift des Vorsitzenden der Bewohnervertretung
K64: oder des Bewohnersprechers
B66: gehe weiter zu B_PH_Ergebnis

Sheet B_PH_Ergebnis
A1: ='B_PH_Allgemeine Angaben'!A1:N1 -> Vereinfachtes Verfahren der Aufforderung zum Abschluss einer Pflegesatzvereinbarung gemäß § 84, 85 SGB XI - Vollstationäre Pflegeeinrichtungen und für Kurzzeitpflegeeinrichtungen im Sinne § 1 Abs. 7 dieses Rahmenvertrages
A2: ERGEBNIS
L3: Antrag vom: | N3: ='B_PH_Allgemeine Angaben'!L4 -> 0
B5: Pflegeeinrichtung | F5: Trägerdaten
B6: =IF('B_PH_Allgemeine Angaben'!D12<>0,'B_PH_Allgemeine Angaben'!D12,"") | F6: =IF('B_PH_Allgemeine Angaben'!D26<>0,'B_PH_Allgemeine Angaben'!D26,"")
B7: =IF('B_PH_Allgemeine Angaben'!D14<>0,'B_PH_Allgemeine Angaben'!D14,"") | F7: =IF('B_PH_Allgemeine Angaben'!D28<>0,'B_PH_Allgemeine Angaben'!D28,"")
B8: =IF('B_PH_Allgemeine Angaben'!D16<>0,'B_PH_Allgemeine Angaben'!D16&" "&'B_PH_Allgemeine Angaben'!J16,"") | F8: =IF('B_PH_Allgemeine Angaben'!D30<>0,'B_PH_Allgemeine Angaben'!D30&" "&'B_PH_Allgemeine Angaben'!J30,"")
B9: ='B_PH_Allgemeine Angaben'!K6 -> Institutionskennzeichen (IK): | C9: ='B_PH_Allgemeine Angaben'!L6 -> 0 | F9: Institutionskennzeichen Kurzzeitpflege: | J9: =IF('B_PH_Allgemeine Angaben'!L7<>0,'B_PH_Allgemeine Angaben'!L7,"")
B11: Vereinbarungszeitraum: | F11: =IF('B_PH_Allgemeine Angaben'!H52>0,'B_PH_Allgemeine Angaben'!H52,"") | H11: bis: | I11: =IFERROR('B_PH_Allgemeine Angaben'!K52,"") -> 0
F13: Belegung | H13: =IF(KAT!J8=1,"Belegung","davon Belegung") -> davon Belegung | I13: davon Belegung
B14: Belegung: | F14: gesamt | H14: =IF(KAT!J8=2,"für vollstationäre Pflege-einrichtung","vollstationäre Pflege-einrichtung") -> vollstationäre Pflege-einrichtung | I14: für Kurzzeitpflege
B16: Pflegegrad 1: | F16: =B_PH_Kalkulation!H15 -> 0 | H16: =IFERROR(IF(KAT!J8=2,(F16-I16),F16),0) -> 0 | I16: =B_PH_Kalkulation!H18 -> 0
B17: Pflegegrad 2: | F17: =B_PH_Kalkulation!I15 -> 0 | H17: =IFERROR(IF(KAT!J8=2,(F17-I17),F17),0) -> 0 | I17: =B_PH_Kalkulation!I18 -> 0
B18: Pflegegrad 3: | F18: =B_PH_Kalkulation!J15 -> 0 | H18: =IFERROR(IF(KAT!J8=2,(F18-I18),F18),0) -> 0 | I18: =B_PH_Kalkulation!J18 -> 0
B19: Pflegegrad 4: | F19: =B_PH_Kalkulation!K15 -> 0 | H19: =IFERROR(IF(KAT!J8=2,(F19-I19),F19),0) -> 0 | I19: =B_PH_Kalkulation!K18 -> 0
B20: Pflegegrad 5: | F20: =B_PH_Kalkulation!L15 -> 0 | H20: =IFERROR(IF(KAT!J8=2,(F20-I20),F20),0) -> 0 | I20: =B_PH_Kalkulation!L18 -> 0
B22: Gesamt: | F22: =B_PH_Kalkulation!L13 -> 0 | H22: =IFERROR(IF(KAT!J8=2,(F22-I22),F22),0) -> 0 | I22: =B_PH_Kalkulation!L17 -> 0
F24: Vollkräfte | H24: davon Vollkräfte | I24: davon Vollkräfte | J24: Anteil in Bezug zu max. Werten nach § 113 c Abs. 1 SGB XI | L24: Personal-relation | N24: Personal-kosten je VK
F26: gesamt | H26: für vollstationäre Pflege-einrichtungen | I26: für Kurzzeitpflege
B28: Personelle Ausstattung / Personalkosten der Pflegeeinrichtung:
B30: Sonderfunktionen (gemäß Rahmenvertrag)
B31: PDL / stellvertretende PDL | F31: =IF(B_PH_Kalkulation!J21>0,B_PH_Kalkulation!J21,0) -> 0 | H31: =IFERROR(ROUND(F31/'B_PH_Allgemeine Angaben'!L47*('B_PH_Allgemeine Angaben'!L47-'B_PH_Allgemeine Angaben'!L48),4),0) -> 0 | I31: =IFERROR(ROUND(F31/'B_PH_Allgemeine Angaben'!L47*'B_PH_Allgemeine Angaben'!L48,4),0) -> 0 | K31: =IF(AND(F31>0,N31=0),"Bitte Angaben prüfen!","") | N31: =IF(B_PH_Kalkulation!L21>0,B_PH_Kalkulation!L21,0) -> 0
B32: Qualitätsmanagement | F32: =IF(B_PH_Kalkulation!J22>0,B_PH_Kalkulation!J22,0) -> 0 | H32: =IFERROR(ROUND(F32/'B_PH_Allgemeine Angaben'!L47*('B_PH_Allgemeine Angaben'!L47-'B_PH_Allgemeine Angaben'!L48),4),0) -> 0 | I32: =IFERROR(ROUND(F32/'B_PH_Allgemeine Angaben'!L47*'B_PH_Allgemeine Angaben'!L48,4),0) -> 0 | K32: =IF(AND(F32>0,N32=0),"Bitte Angaben prüfen!","") | N32: =IF(B_PH_Kalkulation!L22>0,B_PH_Kalkulation!L22,0) -> 0
B33: Hygienemanagement | F33: =IF(B_PH_Kalkulation!J23>0,B_PH_Kalkulation!J23,0) -> 0 | H33: =IFERROR(ROUND(F33/'B_PH_Allgemeine Angaben'!L47*('B_PH_Allgemeine Angaben'!L47-'B_PH_Allgemeine Angaben'!L48),4),0) -> 0 | I33: =IFERROR(ROUND(F33/'B_PH_Allgemeine Angaben'!L47*'B_PH_Allgemeine Angaben'!L48,4),0) -> 0 | K33: =IF(AND(F33>0,N33=0),"Bitte Angaben prüfen!","") | N33: =IF(B_PH_Kalkulation!L23>0,B_PH_Kalkulation!L23,0) -> 0
B35: Pflege / Betreuung
B36: Pflege- / Betreuungsfachkräfte mit mind. dreijähriger Berufsausbildung (§ 113 c Abs. 1 Nr. 3 SGB XI) | F36: =IF(B_PH_Kalkulation!J24>0,B_PH_Kalkulation!J24,0) -> 0 | H36: =IFERROR(ROUND(F36/'B_PH_Allgemeine Angaben'!L47*('B_PH_Allgemeine Angaben'!L47-'B_PH_Allgemeine Angaben'!L48),4),0) -> 0 | I36: =IFERROR(ROUND(F36/'B_PH_Allgemeine Angaben'!L47*'B_PH_Allgemeine Angaben'!L48,4),0) -> 0 | J36: =IFERROR(B_PH_Kalkulation!I24,"") -> 0 | K36: =IF(AND(F36>0,N36=0),"Bitte Angaben prüfen!","") | N36: =IF(B_PH_Kalkulation!L24>0,B_PH_Kalkulation!L24,0) -> 0
B37: Pflege-- / Betreuungskräfte mit mind. einjähriger Berufsausbildung (§ 113 c Abs. 1 Nr. 2 SGB XI) | F37: =IF(B_PH_Kalkulation!J25>0,B_PH_Kalkulation!J25,0) -> 0 | H37: =IFERROR(ROUND(F37/'B_PH_Allgemeine Angaben'!L47*('B_PH_Allgemeine Angaben'!L47-'B_PH_Allgemeine Angaben'!L48),4),0) -> 0 | I37: =IFERROR(ROUND(F37/'B_PH_Allgemeine Angaben'!L47*'B_PH_Allgemeine Angaben'!L48,4),0) -> 0 | J37: =IFERROR(B_PH_Kalkulation!I25,"") -> 0 | K37: =IF(AND(F37>0,N37=0),"Bitte Angaben prüfen!","") | N37: =IF(B_PH_Kalkulation!L25>0,B_PH_Kalkulation!L25,0) -> 0
B38: Pflege- / Betreuungskräfte ohne mind. einjährige Berufsausbildung (§113 c Abs. 1 Nr. 1 SGB XI) | F38: =IF(B_PH_Kalkulation!J26>0,B_PH_Kalkulation!J26,0) -> 0 | H38: =IFERROR(ROUND(F38/'B_PH_Allgemeine Angaben'!L47*('B_PH_Allgemeine Angaben'!L47-'B_PH_Allgemeine Angaben'!L48),4),0) -> 0 | I38: =IFERROR(ROUND(F38/'B_PH_Allgemeine Angaben'!L47*'B_PH_Allgemeine Angaben'!L48,4),0) -> 0 | J38: =IFERROR(B_PH_Kalkulation!I26,"") -> 0 | K38: =IF(AND(F38>0,N38=0),"Bitte Angaben prüfen!","") | N38: =IF(B_PH_Kalkulation!L26>0,B_PH_Kalkulation!L26,0) -> 0
B40: Gesamt: | F40: =SUM(F36:F38) -> 0 | H40: =SUM(H36:H38) -> 0 | I40: =SUM(I36:I38) -> 0
B42: Zusätzliche Betreuung und Aktivierung nach § 43 b SGB XI | F42: =IF(B_PH_Kalkulation!J27>0,B_PH_Kalkulation!J27,0) -> 0 | H42: =IFERROR(ROUND(F42/'B_PH_Allgemeine Angaben'!L47*('B_PH_Allgemeine Angaben'!L47-'B_PH_Allgemeine Angaben'!L48),4),0) -> 0 | I42: =IFERROR(ROUND(F42/'B_PH_Allgemeine Angaben'!L47*'B_PH_Allgemeine Angaben'!L48,4),0) -> 0 | J42: =IF(AND(F42>0,N42=0),"Angaben prüfen!","") | K42: 1: | L42: =B_PH_Kalkulation!I27 -> 20 | N42: =IF(B_PH_Kalkulation!L27>0,B_PH_Kalkulation!L27,0) -> 0
B44: Einrichtungsleitung | F44: =IF(B_PH_Kalkulation!J28>0,B_PH_Kalkulation!J28,0) -> 0 | H44: =IFERROR(ROUND(F44/'B_PH_Allgemeine Angaben'!L47*('B_PH_Allgemeine Angaben'!L47-'B_PH_Allgemeine Angaben'!L48),4),0) -> 0 | I44: =IFERROR(ROUND(F44/'B_PH_Allgemeine Angaben'!L47*'B_PH_Allgemeine Angaben'!L48,4),0) -> 0 | J44: =IF(AND(F44>0,N44=0),"Angaben prüfen!","") | N44: =IF(B_PH_Kalkulation!L28>0,B_PH_Kalkulation!L28,0) -> 0
B46: Hauswirtschaft | F46: =IF(B_PH_Kalkulation!J29>0,B_PH_Kalkulation!J29,0) -> 0 | H46: =IFERROR(ROUND(F46/'B_PH_Allgemeine Angaben'!L47*('B_PH_Allgemeine Angaben'!L47-'B_PH_Allgemeine Angaben'!L48),4),0) -> 0 | I46: =IFERROR(ROUND(F46/'B_PH_Allgemeine Angaben'!L47*'B_PH_Allgemeine Angaben'!L48,4),0) -> 0 | J46: =IF(AND(F46>0,N46=0),"Angaben prüfen!","") | K46: 1: | L46: =IF(B_PH_Kalkulation!I29>0,B_PH_Kalkulation!I29,"") | N46: =IF(B_PH_Kalkulation!L29>0,B_PH_Kalkulation!L29,0) -> 0
B48: Küche | F48: =IF(B_PH_Kalkulation!J30>0,B_PH_Kalkulation!J30,0) -> 0 | H48: =IFERROR(ROUND(F48/'B_PH_Allgemeine Angaben'!L47*('B_PH_Allgemeine Angaben'!L47-'B_PH_Allgemeine Angaben'!L48),4),0) -> 0 | I48: =IFERROR(ROUND(F48/'B_PH_Allgemeine Angaben'!L47*'B_PH_Allgemeine Angaben'!L48,4),0) -> 0 | J48: =IF(AND(F48>0,N48=0),"Angaben prüfen!","") | K48: 1: | L48: =IF(B_PH_Kalkulation!I30>0,B_PH_Kalkulation!I30,"") | N48: =IF(B_PH_Kalkulation!L30>0,B_PH_Kalkulation!L30,0) -> 0
B50: Haustechnik | F50: =IF(B_PH_Kalkulation!J31>0,B_PH_Kalkulation!J31,0) -> 0 | H50: =IFERROR(ROUND(F50/'B_PH_Allgemeine Angaben'!L47*('B_PH_Allgemeine Angaben'!L47-'B_PH_Allgemeine Angaben'!L48),4),0) -> 0 | I50: =IFERROR(ROUND(F50/'B_PH_Allgemeine Angaben'!L47*'B_PH_Allgemeine Angaben'!L48,4),0) -> 0 | J50: =IF(AND(F50>0,N50=0),"Angaben prüfen!","") | K50: 1: | L50: =IF(B_PH_Kalkulation!I31>0,B_PH_Kalkulation!I31,"") | N50: =IF(B_PH_Kalkulation!L31>0,B_PH_Kalkulation!L31,0) -> 0
F52: Anzahl: | H52: Anzahl: | I52: Anzahl: | N52: Kosten je Stelle
B53: Einsatzstellen Freiwillige Dienste / FSJ | F53: =IF(B_PH_Kalkulation!J32>0,B_PH_Kalkulation!J32,0) -> 0 | H53: =IFERROR(ROUND(F53/'B_PH_Allgemeine Angaben'!L47*('B_PH_Allgemeine Angaben'!L47-'B_PH_Allgemeine Angaben'!L48),4),0) -> 0 | I53: =IFERROR(ROUND(F53/'B_PH_Allgemeine Angaben'!L47*'B_PH_Allgemeine Angaben'!L48,4),0) -> 0 | K53: =IF(AND(F53>0,N53=0),"Angaben prüfen!","") | N53: =IF(B_PH_Kalkulation!L32>0,B_PH_Kalkulation!L32,0) -> 0
B55: Sachaufwendungen (gesamt): | I55: Fremdleistungen / Leistungen des Trägers (gesamt):
B57: 2.1. Lebensmittel | F57: =B_PH_Kalkulation!L36 -> 0 | I57: 3.1. Küche | L57: =B_PH_Kalkulation!L47 -> 0
B58: 2.2. pflegerischer Sachbedarf | F58: =B_PH_Kalkulation!L37 -> 0 | I58: 3.2. Wäscherei | L58: =B_PH_Kalkulation!L48 -> 0
B59: 2.3. Wasser, Energie, Brennstoffe | F59: =B_PH_Kalkulation!L38 -> 0 | I59: 3.3. Wäschekennzeichnung | L59: =B_PH_Kalkulation!L49 -> 0
B60: 2.4. Betreuungsaufwand | F60: =B_PH_Kalkulation!L39 -> 0 | I60: 3.4. Reinigung | L60: =B_PH_Kalkulation!L50 -> 0
B61: 2.5. Wirtschaftsbedarf | F61: =B_PH_Kalkulation!L40 -> 0 | I61: 3.5. Haustechnik | L61: =B_PH_Kalkulation!L51 -> 0
B62: 2.6. Steuern/Abgaben/Versicherungen | F62: =B_PH_Kalkulation!L41 -> 0 | I62: ="3.6. "&IF(B_PH_Kalkulation!C52<>"",B_PH_Kalkulation!C52,"") -> 3.6. | L62: =B_PH_Kalkulation!L52 -> 0
B63: 2.7. Wartung (keine Instandhaltung) | F63: =B_PH_Kalkulation!L42 -> 0 | I63: ="3.7. "&IF(B_PH_Kalkulation!C53<>"",B_PH_Kalkulation!C53,"") -> 3.7. | L63: =B_PH_Kalkulation!L53 -> 0
B64: 2.8. sonstige Aufwendungen | F64: =B_PH_Kalkulation!L43 -> 0
B66: Gesamt: | F66: =B_PH_Kalkulation!L44 -> 0 | I66: Gesamt: | L66: =B_PH_Kalkulation!L54 -> 0
B68: Verwaltungsbudget (gesamt): | F68: ="entsprechend Prozentsatz " & TEXT(B_PH_Kalkulation!L58,"0,00%") -> entsprechend Prozentsatz 0,00% | I68: Budgetaufschlag | L68: gesamt:
F69: =IFERROR(B_PH_Kalkulation!M58,"") -> 0 | I69: =IFERROR(B_PH_Kalkulation!M60,"") -> 0 | L69: =IFERROR(B_PH_Kalkulation!M61,"") -> 0
B71: Einrichtungseinheitlicher Eigenanteil, Pflegesätze und Entgelte
B73: einrichtungseinheitlicher Eigenanteil:
B74: (ohne Ausbildungsvergütung nach § 82 a SGB XI) | F74: =IFERROR(B_PH_Gesamtkalkulation!J59,"") | H74: € / Tag
B76: Pflegesätze: | F76: vollstationäre Pflegeeinrichtung | I76: Kurzzeitpflege
B78: Pflegegrad 1: | F78: =IFERROR(B_PH_Gesamtkalkulation!J57,"") | H78: € / Tag | I78: Pflegegrad 1 bis 5: | L78: =IFERROR(B_PH_Gesamtkalkulation!J61,"") | N78: € / Tag
B80: Pflegegrad 2: | F80: =IFERROR(B_PH_Gesamtkalkulation!L57,"") | H80: € / Tag
B82: Pflegegrad 3: | F82: =IFERROR(B_PH_Gesamtkalkulation!N57,"") | H82: € / Tag
B84: Pflegegrad 4: | F84: =IFERROR(B_PH_Gesamtkalkulation!P57,"") | H84: € / Tag
B86: Pflegegrad 5: | F86: =IFERROR(B_PH_Gesamtkalkulation!R57,"") | H86: € / Tag
B88: Vergütungszuschlag § 43 b SGB XI: | F88: =IFERROR(B_PH_Gesamtkalkulation!X57,"") | H88: € / Tag | I88: Vergütungszuschlag § 43 b SGB XI: | L88: =IFERROR(B_PH_Gesamtkalkulation!X61,"") | N88: € / Tag
B90: Entgelte: | F90: vollstationäre Pflegeeinrichtung | I90: Kurzzeitpflege
B92: für die Unterkunft: | F92: =IFERROR(B_PH_Gesamtkalkulation!T57,"") | H92: € / Tag | I92: für die Unterkunft: | L92: =IFERROR(B_PH_Gesamtkalkulation!T61,"") | N92: € / Tag
B94: für die Verpflegung: | F94: =IFERROR(B_PH_Gesamtkalkulation!V57,"") | H94: € / Tag | I94: für die Verpflegung: | L94: =IFERROR(B_PH_Gesamtkalkulation!V61,"") | N94: € / Tag
B100: Verhandlungsführer | J100: handelnd für alle Kostenträger (Datum, Unterschrift)

Sheet B_PH_Gesamtkalkulation
A1: ='B_PH_Allgemeine Angaben'!A1:N1 -> Vereinfachtes Verfahren der Aufforderung zum Abschluss einer Pflegesatzvereinbarung gemäß § 84, 85 SGB XI - Vollstationäre Pflegeeinrichtungen und für Kurzzeitpflegeeinrichtungen im Sinne § 1 Abs. 7 dieses Rahmenvertrages
A2: Gesamtkalkulation
A3: ='B_PH_Allgemeine Angaben'!A3
A4: ='B_PH_Allgemeine Angaben'!A4
G5: GELBER TEIL | L5: Öffnungstage | N5: Auslastung | P5: Divisor allg | R5: Tage/Monat
C6: Gesamtplätze: | D6: =IF('B_PH_Allgemeine Angaben'!L47>0,'B_PH_Allgemeine Angaben'!L47,"") | G6: WIRD AUS- | L6: =IF(B_PH_Kalkulation!I7>0,B_PH_Kalkulation!I7,"") -> 365 | N6: =IF(B_PH_Kalkulation!D7>0,B_PH_Kalkulation!D7,"") | P6: =IFERROR(N6*L6*'B_PH_Allgemeine Angaben'!L47/100,"") | R6: =IFERROR(ROUND(L6/12,2),"") -> 30.42
G8: GEBLENDET | L8: § 43b: | N8: 100 | P8: =IFERROR(B_PH_Kalkulation!L13*L6*N8/100,"") -> 0
D10: Plätze: | G10: =SUM(J10:R10) -> 0 | H10: EEA-Divisor | J10: =B_PH_Kalkulation!H15 -> 0 | L10: =B_PH_Kalkulation!I15 -> 0 | N10: =B_PH_Kalkulation!J15 -> 0 | P10: =B_PH_Kalkulation!K15 -> 0 | R10: =B_PH_Kalkulation!L15 -> 0
D11: Divisor: | G11: =SUM(J11:R11) -> 0 | H11: =L11+N11+P11+R11 -> #VALUE! | J11: =IFERROR(J10*$L$6*$N$6/100,"") | L11: =IFERROR(L10*$L$6*$N$6/100,"") | N11: =IFERROR(N10*$L$6*$N$6/100,"") | P11: =IFERROR(P10*$L$6*$N$6/100,"") | R11: =IFERROR(R10*$L$6*$N$6/100,"")
D12: Leistungsbetrag § 43 SGB XI (nur vollstationär): | L12: 805 | N12: 1319 | P12: 1855 | R12: 2096
I14: Aufwendungen für Leistungen im Pflegegrad 1 | J14: Aufwendungen für Leistungen im Pflegegrad 1 | K14: Aufwendungen für Leistungen im Pflegegrad 2 | L14: Aufwendungen für Leistungen im Pflegegrad 2 | M14: Aufwendungen für Leistungen im Pflegegrad 3 | N14: Aufwendungen für Leistungen im Pflegegrad 3 | O14: Aufwendungen für Leistungen im Pflegegrad 4 | P14: Aufwendungen für Leistungen im Pflegegrad 4 | Q14: Aufwendungen für Leistungen im Pflegegrad 5 | R14: Aufwendungen für Leistungen im Pflegegrad 5 | S14: Aufwendungen für die Unterkunft | T14: Aufwendungen für die Unterkunft | U14: Aufwendungen für die Verpflegung | V14: Aufwendungen für die Verpflegung | W14: Aufwendungen für § 43b | X14: Aufwendungen für § 43b
D15: Gesamtaufwendungen | E15: davon vollstationär | F15: davon Kurzzeitpflege | G15: Plausi Ges. | H15: ANT am PS | I15: Gesamt in € | J15: €/Tag | K15: Gesamt in € | L15: €/Tag | M15: Gesamt in € | N15: €/Tag | O15: Gesamt in € | P15: €/Tag | Q15: Gesamt in € | R15: €/Tag | S15: Gesamt in € | T15: €/Tag | U15: Gesamt in € | V15: €/Tag | W15: Gesamt in € | X15: €/Tag
B16: 1. | C16: Personalaufwendungen | D16: =IF(SUM(D17:D28)=0,"",SUM(D17:D28)) | E16: =D16/'B_PH_Allgemeine Angaben'!$L$47*('B_PH_Allgemeine Angaben'!$L$47-'B_PH_Allgemeine Angaben'!$L$48) -> #VALUE! | F16: =D16/'B_PH_Allgemeine Angaben'!$L$47*'B_PH_Allgemeine Angaben'!$L$48 -> #VALUE! | G16: =I16+K16+M16+O16+Q16+S16 -> #VALUE! | I16: =SUM(I17:I28) -> #VALUE! | J16: =SUM(J17:J28) -> #VALUE! | K16: =SUM(K17:K28) -> #VALUE! | L16: =SUM(L17:L28) -> #VALUE! | M16: =SUM(M17:M28) -> #VALUE! | N16: =SUM(N17:N28) -> #VALUE! | O16: =SUM(O17:O28) -> #VALUE! | P16: =SUM(P17:P28) -> #VALUE! | ... R16: =SUM(R17:R28) -> #VALUE! | S16: =SUM(S24:S28) -> 0 | T16: =SUM(T24:T28) -> #VALUE!
B17: 1.1.1. | C17: PDL / stellvertretende PDL | D17: =B_PH_Kalkulation!L21*B_PH_Kalkulation!J21 -> 0 | E17: =D17/'B_PH_Allgemeine Angaben'!$L$47*('B_PH_Allgemeine Angaben'!$L$47-'B_PH_Allgemeine Angaben'!$L$48) -> #DIV/0! | F17: =D17/'B_PH_Allgemeine Angaben'!$L$47*'B_PH_Allgemeine Angaben'!$L$48 -> #DIV/0! | G17: =I17+K17+M17+O17+Q17 -> #VALUE! | H17: 1 | I17: =D17*H17/$P$6*$J$11 -> #VALUE! | J17: =I17/$J$11 -> #VALUE! | K17: =$D17*$H17/$P$6*L$11 -> #VALUE! | L17: =K17/$L$11 -> #VALUE! | M17: =$D17*$H17/$P$6*N$11 -> #VALUE! | N17: =M17/$N$11 -> #VALUE! | O17: =$D17*$H17/$P$6*P$11 -> #VALUE! | P17: =O17/$P$11 -> #VALUE! | Q17: =$D17*$H17/$P$6*R$11 -> #VALUE! | R17: =Q17/$R$11 -> #VALUE!
B18: 1.1.2. | C18: Qualitätsmanagement | D18: =B_PH_Kalkulation!L22*B_PH_Kalkulation!J22 -> 0 | E18: =D18/'B_PH_Allgemeine Angaben'!$L$47*('B_PH_Allgemeine Angaben'!$L$47-'B_PH_Allgemeine Angaben'!$L$48) -> #DIV/0! | F18: =D18/'B_PH_Allgemeine Angaben'!$L$47*'B_PH_Allgemeine Angaben'!$L$48 -> #DIV/0! | G18: =I18+K18+M18+O18+Q18 -> #VALUE! | H18: 1 | I18: =D18*H18/$P$6*$J$11 -> #VALUE! | J18: =I18/$J$11 -> #VALUE! | K18: =$D18*$H18/$P$6*L$11 -> #VALUE! | L18: =K18/$L$11 -> #VALUE! | M18: =$D18*$H18/$P$6*N$11 -> #VALUE! | N18: =M18/$N$11 -> #VALUE! | O18: =$D18*$H18/$P$6*P$11 -> #VALUE! | P18: =O18/$P$11 -> #VALUE! | Q18: =$D18*$H18/$P$6*R$11 -> #VALUE! | R18: =Q18/$R$11 -> #VALUE!
B19: 1.1.3. | C19: Hygienemanagement | D19: =B_PH_Kalkulation!L23*B_PH_Kalkulation!J23 -> 0 | E19: =D19/'B_PH_Allgemeine Angaben'!$L$47*('B_PH_Allgemeine Angaben'!$L$47-'B_PH_Allgemeine Angaben'!$L$48) -> #DIV/0! | F19: =D19/'B_PH_Allgemeine Angaben'!$L$47*'B_PH_Allgemeine Angaben'!$L$48 -> #DIV/0! | G19: =I19+K19+M19+O19+Q19 -> #VALUE! | H19: 1 | I19: =D19*H19/$P$6*$J$11 -> #VALUE! | J19: =I19/$J$11 -> #VALUE! | K19: =$D19*$H19/$P$6*L$11 -> #VALUE! | L19: =K19/$L$11 -> #VALUE! | M19: =$D19*$H19/$P$6*N$11 -> #VALUE! | N19: =M19/$N$11 -> #VALUE! | O19: =$D19*$H19/$P$6*P$11 -> #VALUE! | P19: =O19/$P$11 -> #VALUE! | Q19: =$D19*$H19/$P$6*R$11 -> #VALUE! | R19: =Q19/$R$11 -> #VALUE!
B20: 1.2.1. | C20: Pflege- / Betreuungsfachkräfte mit mind. dreijähriger Berufsausbildung (§ 113 c Abs. 1 Nr. 3 SGB XI) | D20: =B_PH_Kalkulation!L24*B_PH_Kalkulation!J24 -> 0 | E20: =D20/'B_PH_Allgemeine Angaben'!$L$47*('B_PH_Allgemeine Angaben'!$L$47-'B_PH_Allgemeine Angaben'!$L$48) -> #DIV/0! | F20: =D20/'B_PH_Allgemeine Angaben'!$L$47*'B_PH_Allgemeine Angaben'!$L$48 -> #DIV/0! | G20: =I20+K20+M20+O20+Q20 -> 0 | H20: 1 | I20: =D20*KAT!$K$35 -> 0 | J20: =I20/$J$11 -> #VALUE! | K20: =$D20*KAT!$K$36 -> 0 | L20: =K20/$L$11 -> #VALUE! | M20: =$D20*KAT!$K$37 -> 0 | N20: =M20/$N$11 -> #VALUE! | O20: =$D20*KAT!$K$38 -> 0 | P20: =O20/$P$11 -> #VALUE! | Q20: =$D20*KAT!$K$39 -> 0 | R20: =Q20/$R$11 -> #VALUE!
B21: 1.2.2. | C21: Pflege- / Betreuungskräfte mit mind. einjähriger Berufsausbildung (§ 113 c Abs. 1 Nr. 2 SGB XI) | D21: =B_PH_Kalkulation!L25*B_PH_Kalkulation!J25 -> 0 | E21: =D21/'B_PH_Allgemeine Angaben'!$L$47*('B_PH_Allgemeine Angaben'!$L$47-'B_PH_Allgemeine Angaben'!$L$48) -> #DIV/0! | F21: =D21/'B_PH_Allgemeine Angaben'!$L$47*'B_PH_Allgemeine Angaben'!$L$48 -> #DIV/0! | G21: =I21+K21+M21+O21+Q21 -> 0 | H21: 1 | I21: =D21*KAT!$K$35 -> 0 | J21: =I21/$J$11 -> #VALUE! | K21: =$D21*KAT!$K$36 -> 0 | L21: =K21/$L$11 -> #VALUE! | M21: =$D21*KAT!$K$37 -> 0 | N21: =M21/$N$11 -> #VALUE! | O21: =$D21*KAT!$K$38 -> 0 | P21: =O21/$P$11 -> #VALUE! | Q21: =$D21*KAT!$K$39 -> 0 | R21: =Q21/$R$11 -> #VALUE!
B22: 1.2.3. | C22: Pflege- / Betreuungskräfte ohne mind. einjährige Berufsausbildung (§ 113 c Abs. 1 Nr. 1 SGB XI) | D22: =B_PH_Kalkulation!L26*B_PH_Kalkulation!J26 -> 0 | E22: =D22/'B_PH_Allgemeine Angaben'!$L$47*('B_PH_Allgemeine Angaben'!$L$47-'B_PH_Allgemeine Angaben'!$L$48) -> #DIV/0! | F22: =D22/'B_PH_Allgemeine Angaben'!$L$47*'B_PH_Allgemeine Angaben'!$L$48 -> #DIV/0! | G22: =I22+K22+M22+O22+Q22 -> 0 | H22: 1 | I22: =D22*KAT!$K$35 -> 0 | J22: =I22/$J$11 -> #VALUE! | K22: =$D22*KAT!$K$36 -> 0 | L22: =K22/$L$11 -> #VALUE! | M22: =$D22*KAT!$K$37 -> 0 | N22: =M22/$N$11 -> #VALUE! | O22: =$D22*KAT!$K$38 -> 0 | P22: =O22/$P$11 -> #VALUE! | Q22: =$D22*KAT!$K$39 -> 0 | R22: =Q22/$R$11 -> #VALUE!
B23: 1.3. | C23: Zusätzliche Betreuung und Aktivierung nach § 43b SGB XI | D23: =IF((B_PH_Kalkulation!L27*B_PH_Kalkulation!J27)=0,0,(B_PH_Kalkulation!L27*B_PH_Kalkulation!J27)) -> 0 | E23: =D23/'B_PH_Allgemeine Angaben'!$L$47*('B_PH_Allgemeine Angaben'!$L$47-'B_PH_Allgemeine Angaben'!$L$48) -> #DIV/0! | F23: =D23/'B_PH_Allgemeine Angaben'!$L$47*'B_PH_Allgemeine Angaben'!$L$48 -> #DIV/0! | G23: =I23+K23+M23+O23+Q23 -> #VALUE! | I23: =D23*H23/$P$6*$J$11 -> #VALUE! | W23: =D23 -> 0 | X23: =W23/$P$8 -> #DIV/0!
B24: 1.4. | C24: Einrichtungsleitung | D24: =IF((B_PH_Kalkulation!L28*B_PH_Kalkulation!J28)=0,0,(B_PH_Kalkulation!L28*B_PH_Kalkulation!J28)) -> 0 | E24: =D24/'B_PH_Allgemeine Angaben'!$L$47*('B_PH_Allgemeine Angaben'!$L$47-'B_PH_Allgemeine Angaben'!$L$48) -> #DIV/0! | F24: =D24/'B_PH_Allgemeine Angaben'!$L$47*'B_PH_Allgemeine Angaben'!$L$48 -> #DIV/0! | G24: =I24+K24+M24+O24+Q24+S24 -> #VALUE! | H24: 0.5 | I24: =D24*H24/$P$6*$J$11 -> #VALUE! | J24: =I24/$J$11 -> #VALUE! | K24: =$D24*$H24/$P$6*L$11 -> #VALUE! | L24: =K24/$L$11 -> #VALUE! | M24: =D24*H24/$P$6*$N$11 -> #VALUE! | N24: =M24/$N$11 -> #VALUE! | O24: =D24*H24/$P$6*$P$11 -> #VALUE! | P24: =O24/$P$11 -> #VALUE! | Q24: =D24*H24/$P$6*$R$11 -> #VALUE! | R24: =Q24/$R$11 -> #VALUE! | S24: =D24*H24 -> 0 | T24: =S24/$P$6 -> #VALUE!
B25: 1.5. | C25: Hauswirtschaft | D25: =IF((B_PH_Kalkulation!L29*B_PH_Kalkulation!J29)=0,0,(B_PH_Kalkulation!L29*B_PH_Kalkulation!J29)) -> 0 | E25: =D25/'B_PH_Allgemeine Angaben'!$L$47*('B_PH_Allgemeine Angaben'!$L$47-'B_PH_Allgemeine Angaben'!$L$48) -> #DIV/0! | F25: =D25/'B_PH_Allgemeine Angaben'!$L$47*'B_PH_Allgemeine Angaben'!$L$48 -> #DIV/0! | G25: =I25+K25+M25+O25+Q25+S25 -> #VALUE! | H25: 0.5 | I25: =D25*H25/$P$6*$J$11 -> #VALUE! | J25: =I25/$J$11 -> #VALUE! | K25: =$D25*$H25/$P$6*L$11 -> #VALUE! | L25: =K25/$L$11 -> #VALUE! | M25: =D25*H25/$P$6*$N$11 -> #VALUE! | N25: =M25/$N$11 -> #VALUE! | O25: =D25*H25/$P$6*$P$11 -> #VALUE! | P25: =O25/$P$11 -> #VALUE! | Q25: =D25*H25/$P$6*$R$11 -> #VALUE! | R25: =Q25/$R$11 -> #VALUE! | S25: =D25*H25 -> 0 | T25: =S25/$P$6 -> #VALUE!
B26: 1.6. | C26: Küche | D26: =IF((B_PH_Kalkulation!L30*B_PH_Kalkulation!J30)=0,0,(B_PH_Kalkulation!L30*B_PH_Kalkulation!J30)) -> 0 | E26: =D26/'B_PH_Allgemeine Angaben'!$L$47*('B_PH_Allgemeine Angaben'!$L$47-'B_PH_Allgemeine Angaben'!$L$48) -> #DIV/0! | F26: =D26/'B_PH_Allgemeine Angaben'!$L$47*'B_PH_Allgemeine Angaben'!$L$48 -> #DIV/0! | G26: =I26+K26+M26+O26+Q26+S26 -> #VALUE! | H26: 0.5 | I26: =D26*H26/$P$6*$J$11 -> #VALUE! | J26: =I26/$J$11 -> #VALUE! | K26: =$D26*$H26/$P$6*L$11 -> #VALUE! | L26: =K26/$L$11 -> #VALUE! | M26: =D26*H26/$P$6*$N$11 -> #VALUE! | N26: =M26/$N$11 -> #VALUE! | O26: =D26*H26/$P$6*$P$11 -> #VALUE! | P26: =O26/$P$11 -> #VALUE! | Q26: =D26*H26/$P$6*$R$11 -> #VALUE! | R26: =Q26/$R$11 -> #VALUE! | S26: =D26*H26 -> 0 | T26: =S26/$P$6 -> #VALUE!
B27: 1.7. | C27: Haustechnik | D27: =IF((B_PH_Kalkulation!L31*B_PH_Kalkulation!J31)=0,0,(B_PH_Kalkulation!L31*B_PH_Kalkulation!J31)) -> 0 | E27: =D27/'B_PH_Allgemeine Angaben'!$L$47*('B_PH_Allgemeine Angaben'!$L$47-'B_PH_Allgemeine Angaben'!$L$48) -> #DIV/0! | F27: =D27/'B_PH_Allgemeine Angaben'!$L$47*'B_PH_Allgemeine Angaben'!$L$48 -> #DIV/0! | G27: =I27+K27+M27+O27+Q27+S27 -> #VALUE! | H27: 0.5 | I27: =D27*H27/$P$6*$J$11 -> #VALUE! | J27: =I27/$J$11 -> #VALUE! | K27: =$D27*$H27/$P$6*L$11 -> #VALUE! | L27: =K27/$L$11 -> #VALUE! | M27: =D27*H27/$P$6*$N$11 -> #VALUE! | N27: =M27/$N$11 -> #VALUE! | O27: =D27*H27/$P$6*$P$11 -> #VALUE! | P27: =O27/$P$11 -> #VALUE! | Q27: =D27*H27/$P$6*$R$11 -> #VALUE! | R27: =Q27/$R$11 -> #VALUE! | S27: =D27*H27 -> 0 | T27: =S27/$P$6 -> #VALUE!
B28: 1.8. | C28: Freiwillige Dienste, FSJ | D28: =B_PH_Kalkulation!L32*B_PH_Kalkulation!J32 -> 0 | E28: =D28/'B_PH_Allgemeine Angaben'!$L$47*('B_PH_Allgemeine Angaben'!$L$47-'B_PH_Allgemeine Angaben'!$L$48) -> #DIV/0! | F28: =D28/'B_PH_Allgemeine Angaben'!$L$47*'B_PH_Allgemeine Angaben'!$L$48 -> #DIV/0! | G28: =I28+K28+M28+O28+Q28+S28 -> #VALUE! | H28: 0.5 | I28: =D28*H28/$P$6*$J$11 -> #VALUE! | J28: =I28/$J$11 -> #VALUE! | K28: =$D28*$H28/$P$6*L$11 -> #VALUE! | L28: =K28/$L$11 -> #VALUE! | M28: =D28*H28/$P$6*$N$11 -> #VALUE! | N28: =M28/$N$11 -> #VALUE! | O28: =D28*H28/$P$6*$P$11 -> #VALUE! | P28: =O28/$P$11 -> #VALUE! | Q28: =D28*H28/$P$6*$R$11 -> #VALUE! | R28: =Q28/$R$11 -> #VALUE! | S28: =D28*H28 -> 0 | T28: =S28/$P$6 -> #VALUE!
B30: 2. | C30: Sachaufwendungen | D30: =SUM(D31:D38) -> 0 | E30: =D30/'B_PH_Allgemeine Angaben'!$L$47*('B_PH_Allgemeine Angaben'!$L$47-'B_PH_Allgemeine Angaben'!$L$48) -> #DIV/0! | F30: =D30/'B_PH_Allgemeine Angaben'!$L$47*'B_PH_Allgemeine Angaben'!$L$48 -> #DIV/0! | G30: =I30+K30+M30+O30+Q30+S30+U30 -> #VALUE! | I30: =SUM(I32:I38) -> #VALUE! | J30: =SUM(J32:J38) -> #VALUE! | K30: =SUM(K32:K38) -> #VALUE! | L30: =SUM(L32:L38) -> #VALUE! | M30: =SUM(M32:M38) -> #VALUE! | N30: =SUM(N32:N38) -> #VALUE! | O30: =SUM(O32:O38) -> #VALUE! | P30: =SUM(P32:P38) -> #VALUE! | ... R30: =SUM(R32:R38) -> #VALUE! | S30: =SUM(S33:S38) -> 0 | T30: =SUM(T33:T38) -> #VALUE! | U30: =SUM(U31:U38) -> 0 | V30: =SUM(V31:V38) -> #VALUE!
B31: 2.1 | C31: Lebensmittel | D31: =B_PH_Kalkulation!L36 -> 0 | E31: =D31/'B_PH_Allgemeine Angaben'!$L$47*('B_PH_Allgemeine Angaben'!$L$47-'B_PH_Allgemeine Angaben'!$L$48) -> #DIV/0! | F31: =D31/'B_PH_Allgemeine Angaben'!$L$47*'B_PH_Allgemeine Angaben'!$L$48 -> #DIV/0! | U31: =D31 -> 0 | V31: =U31/$P$6 -> #VALUE!
B32: 2.2 | C32: Pflegerischer Bedarf | D32: =B_PH_Kalkulation!L37 -> 0 | E32: =D32/'B_PH_Allgemeine Angaben'!$L$47*('B_PH_Allgemeine Angaben'!$L$47-'B_PH_Allgemeine Angaben'!$L$48) -> #DIV/0! | F32: =D32/'B_PH_Allgemeine Angaben'!$L$47*'B_PH_Allgemeine Angaben'!$L$48 -> #DIV/0! | G32: =I32+K32+M32+O32+Q32+S32+U32 -> #VALUE! | H32: 1 | I32: =D32*H32/$P$6*$J$11 -> #VALUE! | J32: =I32/$J$11 -> #VALUE! | K32: =D32*H32/$P$6*$L$11 -> #VALUE! | L32: =K32/$L$11 -> #VALUE! | M32: =D32*H32/$P$6*$N$11 -> #VALUE! | N32: =M32/$N$11 -> #VALUE! | O32: =D32*H32/$P$6*$P$11 -> #VALUE! | P32: =O32/$P$11 -> #VALUE! | Q32: =D32*H32/$P$6*$R$11 -> #VALUE! | R32: =Q32/$R$11 -> #VALUE!
B33: 2.3 | C33: Wasser/ Energie/ Brennstoffe | D33: =B_PH_Kalkulation!L38 -> 0 | E33: =D33/'B_PH_Allgemeine Angaben'!$L$47*('B_PH_Allgemeine Angaben'!$L$47-'B_PH_Allgemeine Angaben'!$L$48) -> #DIV/0! | F33: =D33/'B_PH_Allgemeine Angaben'!$L$47*'B_PH_Allgemeine Angaben'!$L$48 -> #DIV/0! | G33: =I33+K33+M33+O33+Q33+S33+U33 -> #VALUE! | H33: 0.5 | I33: =D33*H33/$P$6*$J$11 -> #VALUE! | J33: =I33/$J$11 -> #VALUE! | K33: =D33*H33/$P$6*$L$11 -> #VALUE! | L33: =K33/$L$11 -> #VALUE! | M33: =D33*H33/$P$6*$N$11 -> #VALUE! | N33: =M33/$N$11 -> #VALUE! | O33: =D33*H33/$P$6*$P$11 -> #VALUE! | P33: =O33/$P$11 -> #VALUE! | Q33: =D33*H33/$P$6*$R$11 -> #VALUE! | R33: =Q33/$R$11 -> #VALUE! | S33: =D33*H33 -> 0 | T33: =S33/$P$6 -> #VALUE!
B34: 2.6 | C34: Betreuungsaufwand | D34: =B_PH_Kalkulation!L39 -> 0 | E34: =D34/'B_PH_Allgemeine Angaben'!$L$47*('B_PH_Allgemeine Angaben'!$L$47-'B_PH_Allgemeine Angaben'!$L$48) -> #DIV/0! | F34: =D34/'B_PH_Allgemeine Angaben'!$L$47*'B_PH_Allgemeine Angaben'!$L$48 -> #DIV/0! | G34: =I34+K34+M34+O34+Q34+S34+U34 -> #VALUE! | H34: 1 | I34: =D34*H34/$P$6*$J$11 -> #VALUE! | J34: =I34/$J$11 -> #VALUE! | K34: =D34*H34/$P$6*$L$11 -> #VALUE! | L34: =K34/$L$11 -> #VALUE! | M34: =D34*H34/$P$6*$N$11 -> #VALUE! | N34: =M34/$N$11 -> #VALUE! | O34: =D34*H34/$P$6*$P$11 -> #VALUE! | P34: =O34/$P$11 -> #VALUE! | Q34: =D34*H34/$P$6*$R$11 -> #VALUE! | R34: =Q34/$R$11 -> #VALUE!
B35: 2.7 | C35: Wirtschaftsbedarf | D35: =B_PH_Kalkulation!L40 -> 0 | E35: =D35/'B_PH_Allgemeine Angaben'!$L$47*('B_PH_Allgemeine Angaben'!$L$47-'B_PH_Allgemeine Angaben'!$L$48) -> #DIV/0! | F35: =D35/'B_PH_Allgemeine Angaben'!$L$47*'B_PH_Allgemeine Angaben'!$L$48 -> #DIV/0! | G35: =I35+K35+M35+O35+Q35+S35+U35 -> #VALUE! | H35: 0.5 | I35: =D35*H35/$P$6*$J$11 -> #VALUE! | J35: =I35/$J$11 -> #VALUE! | K35: =D35*H35/$P$6*$L$11 -> #VALUE! | L35: =K35/$L$11 -> #VALUE! | M35: =D35*H35/$P$6*$N$11 -> #VALUE! | N35: =M35/$N$11 -> #VALUE! | O35: =D35*H35/$P$6*$P$11 -> #VALUE! | P35: =O35/$P$11 -> #VALUE! | Q35: =D35*H35/$P$6*$R$11 -> #VALUE! | R35: =Q35/$R$11 -> #VALUE! | S35: =D35*H35 -> 0 | T35: =S35/$P$6 -> #VALUE!
B36: 2.8 | C36: Steuern/ Abgaben/ Versicherungen | D36: =B_PH_Kalkulation!L41 -> 0 | E36: =D36/'B_PH_Allgemeine Angaben'!$L$47*('B_PH_Allgemeine Angaben'!$L$47-'B_PH_Allgemeine Angaben'!$L$48) -> #DIV/0! | F36: =D36/'B_PH_Allgemeine Angaben'!$L$47*'B_PH_Allgemeine Angaben'!$L$48 -> #DIV/0! | G36: =I36+K36+M36+O36+Q36+S36+U36 -> #VALUE! | H36: 0.5 | I36: =D36*H36/$P$6*$J$11 -> #VALUE! | J36: =I36/$J$11 -> #VALUE! | K36: =D36*H36/$P$6*$L$11 -> #VALUE! | L36: =K36/$L$11 -> #VALUE! | M36: =D36*H36/$P$6*$N$11 -> #VALUE! | N36: =M36/$N$11 -> #VALUE! | O36: =D36*H36/$P$6*$P$11 -> #VALUE! | P36: =O36/$P$11 -> #VALUE! | Q36: =D36*H36/$P$6*$R$11 -> #VALUE! | R36: =Q36/$R$11 -> #VALUE! | S36: =D36*H36 -> 0 | T36: =S36/$P$6 -> #VALUE!
B37: 2.9 | C37: Wartung (keine Instandhaltung) | D37: =B_PH_Kalkulation!L42 -> 0 | E37: =D37/'B_PH_Allgemeine Angaben'!$L$47*('B_PH_Allgemeine Angaben'!$L$47-'B_PH_Allgemeine Angaben'!$L$48) -> #DIV/0! | F37: =D37/'B_PH_Allgemeine Angaben'!$L$47*'B_PH_Allgemeine Angaben'!$L$48 -> #DIV/0! | G37: =I37+K37+M37+O37+Q37+S37+U37 -> #VALUE! | H37: 0.5 | I37: =D37*H37/$P$6*$J$11 -> #VALUE! | J37: =I37/$J$11 -> #VALUE! | K37: =D37*H37/$P$6*$L$11 -> #VALUE! | L37: =K37/$L$11 -> #VALUE! | M37: =D37*H37/$P$6*$N$11 -> #VALUE! | N37: =M37/$N$11 -> #VALUE! | O37: =D37*H37/$P$6*$P$11 -> #VALUE! | P37: =O37/$P$11 -> #VALUE! | Q37: =D37*H37/$P$6*$R$11 -> #VALUE! | R37: =Q37/$R$11 -> #VALUE! | S37: =D37*H37 -> 0 | T37: =S37/$P$6 -> #VALUE!
B38: 2.10 | C38: sonstige Aufwendungen | D38: =B_PH_Kalkulation!L43 -> 0 | E38: =D38/'B_PH_Allgemeine Angaben'!$L$47*('B_PH_Allgemeine Angaben'!$L$47-'B_PH_Allgemeine Angaben'!$L$48) -> #DIV/0! | F38: =D38/'B_PH_Allgemeine Angaben'!$L$47*'B_PH_Allgemeine Angaben'!$L$48 -> #DIV/0! | G38: =I38+K38+M38+O38+Q38+S38+U38 -> #VALUE! | H38: 0.5 | I38: =D38*H38/$P$6*$J$11 -> #VALUE! | J38: =I38/$J$11 -> #VALUE! | K38: =D38*H38/$P$6*$L$11 -> #VALUE! | L38: =K38/$L$11 -> #VALUE! | M38: =D38*H38/$P$6*$N$11 -> #VALUE! | N38: =M38/$N$11 -> #VALUE! | O38: =D38*H38/$P$6*$P$11 -> #VALUE! | P38: =O38/$P$11 -> #VALUE! | Q38: =D38*H38/$P$6*$R$11 -> #VALUE! | R38: =Q38/$R$11 -> #VALUE! | S38: =D38*H38 -> 0 | T38: =S38/$P$6 -> #VALUE!
B40: 3. | C40: Fremdleistungen / Trägerleistungen | D40: =SUM(D41:D47) -> 0 | E40: =D40/'B_PH_Allgemeine Angaben'!$L$47*('B_PH_Allgemeine Angaben'!$L$47-'B_PH_Allgemeine Angaben'!$L$48) -> #DIV/0! | F40: =D40/'B_PH_Allgemeine Angaben'!$L$47*'B_PH_Allgemeine Angaben'!$L$48 -> #DIV/0! | G40: =SUM(G41:G47) -> #VALUE! | I40: =SUM(I41:I47) -> #VALUE! | J40: =SUM(J41:J47) -> #VALUE! | K40: =SUM(K41:K47) -> #VALUE! | L40: =SUM(L41:L47) -> #VALUE! | M40: =SUM(M41:M47) -> #VALUE! | N40: =SUM(N41:N47) -> #VALUE! | O40: =SUM(O41:O47) -> #VALUE! | P40: =SUM(P41:P47) -> #VALUE! | ... T40: =SUM(T41:T47) -> #VALUE!
B41: =B_PH_Kalkulation!H47 -> 3.1. | C41: Küche (ohne Pkt. 2.1) | D41: =B_PH_Kalkulation!L47 -> 0 | E41: =D41/'B_PH_Allgemeine Angaben'!$L$47*('B_PH_Allgemeine Angaben'!$L$47-'B_PH_Allgemeine Angaben'!$L$48) -> #DIV/0! | F41: =D41/'B_PH_Allgemeine Angaben'!$L$47*'B_PH_Allgemeine Angaben'!$L$48 -> #DIV/0! | G41: =I41+K41+M41+O41+Q41+S41 -> #VALUE! | H41: 0.5 | I41: =D41*H41/$P$6*$J$11 -> #VALUE! | J41: =I41/$J$11 -> #VALUE! | K41: =D41*H41/$P$6*$L$11 -> #VALUE! | L41: =K41/$L$11 -> #VALUE! | M41: =D41*H41/$P$6*$N$11 -> #VALUE! | N41: =M41/$N$11 -> #VALUE! | O41: =D41*H41/$P$6*$P$11 -> #VALUE! | P41: =O41/$P$11 -> #VALUE! | Q41: =D41*H41/$P$6*$R$11 -> #VALUE! | R41: =Q41/$R$11 -> #VALUE! | S41: =D41*H41 -> 0 | T41: =S41/$P$6 -> #VALUE!
B42: =B_PH_Kalkulation!H48 -> 3.2. | C42: =B_PH_Kalkulation!I48 -> Wäscherei | D42: =B_PH_Kalkulation!L48 -> 0 | E42: =D42/'B_PH_Allgemeine Angaben'!$L$47*('B_PH_Allgemeine Angaben'!$L$47-'B_PH_Allgemeine Angaben'!$L$48) -> #DIV/0! | F42: =D42/'B_PH_Allgemeine Angaben'!$L$47*'B_PH_Allgemeine Angaben'!$L$48 -> #DIV/0! | G42: =I42+K42+M42+O42+Q42+S42 -> #VALUE! | H42: 0.5 | I42: =D42*H42/$P$6*$J$11 -> #VALUE! | J42: =I42/$J$11 -> #VALUE! | K42: =D42*H42/$P$6*$L$11 -> #VALUE! | L42: =K42/$L$11 -> #VALUE! | M42: =D42*H42/$P$6*$N$11 -> #VALUE! | N42: =M42/$N$11 -> #VALUE! | O42: =D42*H42/$P$6*$P$11 -> #VALUE! | P42: =O42/$P$11 -> #VALUE! | Q42: =D42*H42/$P$6*$R$11 -> #VALUE! | R42: =Q42/$R$11 -> #VALUE! | S42: =D42*H42 -> 0 | T42: =S42/$P$6 -> #VALUE!
B43: =B_PH_Kalkulation!H49 -> 3.3. | C43: =B_PH_Kalkulation!I49 -> Wäschekennzeichnung | D43: =B_PH_Kalkulation!L49 -> 0 | E43: =D43/'B_PH_Allgemeine Angaben'!$L$47*('B_PH_Allgemeine Angaben'!$L$47-'B_PH_Allgemeine Angaben'!$L$48) -> #DIV/0! | F43: =D43/'B_PH_Allgemeine Angaben'!$L$47*'B_PH_Allgemeine Angaben'!$L$48 -> #DIV/0! | G43: =I43+K43+M43+O43+Q43+S43 -> #VALUE! | H43: 0.5 | I43: =D43*H43/$P$6*$J$11 -> #VALUE! | J43: =I43/$J$11 -> #VALUE! | K43: =D43*H43/$P$6*$L$11 -> #VALUE! | L43: =K43/$L$11 -> #VALUE! | M43: =D43*H43/$P$6*$N$11 -> #VALUE! | N43: =M43/$N$11 -> #VALUE! | O43: =D43*H43/$P$6*$P$11 -> #VALUE! | P43: =O43/$P$11 -> #VALUE! | Q43: =D43*H43/$P$6*$R$11 -> #VALUE! | R43: =Q43/$R$11 -> #VALUE! | S43: =D43*H43 -> 0 | T43: =S43/$P$6 -> #VALUE!
B44: =B_PH_Kalkulation!H50 -> 3.4. | C44: =B_PH_Kalkulation!I50 -> Reinigung | D44: =B_PH_Kalkulation!L50 -> 0 | E44: =D44/'B_PH_Allgemeine Angaben'!$L$47*('B_PH_Allgemeine Angaben'!$L$47-'B_PH_Allgemeine Angaben'!$L$48) -> #DIV/0! | F44: =D44/'B_PH_Allgemeine Angaben'!$L$47*'B_PH_Allgemeine Angaben'!$L$48 -> #DIV/0! | G44: =I44+K44+M44+O44+Q44+S44 -> #VALUE! | H44: 0.5 | I44: =D44*H44/$P$6*$J$11 -> #VALUE! | J44: =I44/$J$11 -> #VALUE! | K44: =D44*H44/$P$6*$L$11 -> #VALUE! | L44: =K44/$L$11 -> #VALUE! | M44: =D44*H44/$P$6*$N$11 -> #VALUE! | N44: =M44/$N$11 -> #VALUE! | O44: =D44*H44/$P$6*$P$11 -> #VALUE! | P44: =O44/$P$11 -> #VALUE! | Q44: =D44*H44/$P$6*$R$11 -> #VALUE! | R44: =Q44/$R$11 -> #VALUE! | S44: =D44*H44 -> 0 | T44: =S44/$P$6 -> #VALUE!
B45: =B_PH_Kalkulation!H51 -> 3.5. | C45: =B_PH_Kalkulation!I51 -> Haustechnik | D45: =B_PH_Kalkulation!L51 -> 0 | E45: =D45/'B_PH_Allgemeine Angaben'!$L$47*('B_PH_Allgemeine Angaben'!$L$47-'B_PH_Allgemeine Angaben'!$L$48) -> #DIV/0! | F45: =D45/'B_PH_Allgemeine Angaben'!$L$47*'B_PH_Allgemeine Angaben'!$L$48 -> #DIV/0! | G45: =I45+K45+M45+O45+Q45+S45 -> #VALUE! | H45: 0.5 | I45: =D45*H45/$P$6*$J$11 -> #VALUE! | J45: =I45/$J$11 -> #VALUE! | K45: =D45*H45/$P$6*$L$11 -> #VALUE! | L45: =K45/$L$11 -> #VALUE! | M45: =D45*H45/$P$6*$N$11 -> #VALUE! | N45: =M45/$N$11 -> #VALUE! | O45: =D45*H45/$P$6*$P$11 -> #VALUE! | P45: =O45/$P$11 -> #VALUE! | Q45: =D45*H45/$P$6*$R$11 -> #VALUE! | R45: =Q45/$R$11 -> #VALUE! | S45: =D45*H45 -> 0 | T45: =S45/$P$6 -> #VALUE!
B46: =B_PH_Kalkulation!H52 -> 3.6. | C46: =B_PH_Kalkulation!I52 | D46: =B_PH_Kalkulation!L52 -> 0 | E46: =D46/'B_PH_Allgemeine Angaben'!$L$47*('B_PH_Allgemeine Angaben'!$L$47-'B_PH_Allgemeine Angaben'!$L$48) -> #DIV/0! | F46: =D46/'B_PH_Allgemeine Angaben'!$L$47*'B_PH_Allgemeine Angaben'!$L$48 -> #DIV/0! | G46: =I46+K46+M46+O46+Q46+S46 -> #VALUE! | H46: 0.5 | I46: =D46*H46/$P$6*$J$11 -> #VALUE! | J46: =I46/$J$11 -> #VALUE! | K46: =D46*H46/$P$6*$L$11 -> #VALUE! | L46: =K46/$L$11 -> #VALUE! | M46: =D46*H46/$P$6*$N$11 -> #VALUE! | N46: =M46/$N$11 -> #VALUE! | O46: =D46*H46/$P$6*$P$11 -> #VALUE! | P46: =O46/$P$11 -> #VALUE! | Q46: =D46*H46/$P$6*$R$11 -> #VALUE! | R46: =Q46/$R$11 -> #VALUE! | S46: =D46*H46 -> 0 | T46: =S46/$P$6 -> #VALUE!
B47: =B_PH_Kalkulation!H53 -> 3.7. | C47: =B_PH_Kalkulation!I53 | D47: =B_PH_Kalkulation!L53 -> 0 | E47: =D47/'B_PH_Allgemeine Angaben'!$L$47*('B_PH_Allgemeine Angaben'!$L$47-'B_PH_Allgemeine Angaben'!$L$48) -> #DIV/0! | F47: =D47/'B_PH_Allgemeine Angaben'!$L$47*'B_PH_Allgemeine Angaben'!$L$48 -> #DIV/0! | G47: =I47+K47+M47+O47+Q47+S47 -> #VALUE! | H47: 0.5 | I47: =D47*H47/$P$6*$J$11 -> #VALUE! | J47: =I47/$J$11 -> #VALUE! | K47: =D47*H47/$P$6*$L$11 -> #VALUE! | L47: =K47/$L$11 -> #VALUE! | M47: =D47*H47/$P$6*$N$11 -> #VALUE! | N47: =M47/$N$11 -> #VALUE! | O47: =D47*H47/$P$6*$P$11 -> #VALUE! | P47: =O47/$P$11 -> #VALUE! | Q47: =D47*H47/$P$6*$R$11 -> #VALUE! | R47: =Q47/$R$11 -> #VALUE! | S47: =D47*H47 -> 0 | T47: =S47/$P$6 -> #VALUE!
B49: 4. | C49: Verwaltungsbudget | D49: =B_PH_Kalkulation!M61 -> 0 | E49: =D49/'B_PH_Allgemeine Angaben'!$L$47*('B_PH_Allgemeine Angaben'!$L$47-'B_PH_Allgemeine Angaben'!$L$48) -> #DIV/0! | F49: =D49/'B_PH_Allgemeine Angaben'!$L$47*'B_PH_Allgemeine Angaben'!$L$48 -> #DIV/0! | G49: =I49+K49+M49+O49+Q49+S49 -> #VALUE! | H49: 0.5 | I49: =D49*H49/$P$6*$J$11 -> #VALUE! | J49: =I49/$J$11 -> #VALUE! | K49: =D49*H49/$P$6*$L$11 -> #VALUE! | L49: =K49/$L$11 -> #VALUE! | M49: =D49*H49/$P$6*$N$11 -> #VALUE! | N49: =M49/$N$11 -> #VALUE! | O49: =D49*H49/$P$6*$P$11 -> #VALUE! | P49: =O49/$P$11 -> #VALUE! | Q49: =D49*H49/$P$6*$R$11 -> #VALUE! | R49: =Q49/$R$11 -> #VALUE! | S49: =D49*H49 -> 0 | T49: =S49/$P$6 -> #VALUE!
C52: errechnete Aufwendungen nach Pflegegrad 2 bis 5: | D52: =K52+M52+O52+Q52 -> 0 | G52: =D40+D30+D16-S16-S30-S40-U30-I52 -> #VALUE! | I52: =J52*J11 -> #VALUE! | J52: =IF(B_PH_Kalkulation!H15=0,ROUND(B_PH_Gesamtkalkulation!L57*KAT!M35,2),ROUND((B_PH_Gesamtkalkulation!J16+B_PH_Gesamtkalkulation!J30+B_PH_Gesamtkalkulation!J40+J49),2)) -> #VALUE! | K52: =IFERROR(L52*L11,0) -> 0 | L52: =IF(ISERROR(L40+L30+L16+L49),"",(L40+L30+L16+L49)) | M52: =IFERROR(N52*N11,0) -> 0 | N52: =IF(ISERROR(N40+N30+N16+N49),"",(N40+N30+N16+N49)) | O52: =IFERROR(P52*P11,0) -> 0 | P52: =IF(ISERROR(P40+P30+P16+P49),"",(P40+P30+P16+P49)) | Q52: =IFERROR(R52*R11,0) -> 0 | R52: =IF(ISERROR(R40+R30+R16+R49),"",(R40+R30+R16+R49))
C53: Umsatz Leistungsbeträge § 43 SGB XI: | D53: =(((L12*L10)+(N12*N10)+(P12*P10)+(R12*R10))*12)*$N$6/100 -> #VALUE! | G53: =K53+M53+O53+Q53 -> #VALUE! | K53: =L12/($R$6)*L11 -> #VALUE! | L53: =K53/L11 -> #VALUE! | M53: =N12/($R$6)*N11 -> #VALUE! | N53: =M53/N11 -> #VALUE! | O53: =P12/($R$6)*P11 -> #VALUE! | P53: =O53/P11 -> #VALUE! | Q53: =R12/($R$6)*R11 -> #VALUE! | R53: =Q53/R11 -> #VALUE!
C54: Budget Eigenanteil nach Pflegegraden: | D54: =D52-D53 -> #VALUE! | G54: =K54+M54+O54+Q54 -> #VALUE! | K54: =K52-K53 -> #VALUE! | L54: =ROUND($D$54/eeadivisor,2) -> #VALUE! | M54: =M52-M53 -> #VALUE! | N54: =ROUND($D$54/eeadivisor,2) -> #VALUE! | O54: =O52-O53 -> #VALUE! | P54: =ROUND($D$54/eeadivisor,2) -> #VALUE! | Q54: =Q52-Q53 -> #VALUE! | R54: =ROUND($D$54/eeadivisor,2) -> #VALUE! | T54: (ohne Ausbildungsvergütung nach § 82a SGB XI)
J56: Pflegegrad 1 | L56: Pflegegrad 2 | N56: Pflegegrad 3 | P56: Pflegegrad 4 | R56: Pflegegrad 5 | T56: Unterkunft | V56: Verpflegung | X56: § 43 b SGB XI
D57: errechnete Pflegesätze (Tag je Platz): | I57: Pflegegrad 1: | J57: =IF(ISERROR(J52),"",J52) | K57: Pflegegrad 2: | L57: =ROUND(L12/$R$6+L54,2) -> #VALUE! | M57: Pflegegrad 3: | N57: =ROUND(N12/$R$6+N54,2) -> #VALUE! | O57: Pflegegrad 4: | P57: =ROUND(P12/$R$6+P54,2) -> #VALUE! | Q57: Pflegegrad 5: | R57: =ROUND(R12/$R$6+R54,2) -> #VALUE! | S57: Unterkunft: | T57: =ROUND(T40+T30+T16+T49,2) -> #VALUE! | U57: Verpflegung: | V57: =ROUND(V30,2) -> #VALUE! | W57: § 43b SGB XI: | X57: =X23-0.03 -> #DIV/0!
D59: einrichtungsindividueller Eigenanteil: | J59: =L54 -> #VALUE!
J60: Pflegegrad 1 bis 5 | T60: Unterkunft | V60: Verpflegung | X60: § 43 b SGB XI
B61: =IF('B_PH_Allgemeine Angaben'!M48>0,"errechneter Pflegesatz (Tag je Platz) für Kurzzeitpflege gemäß § 1 Abs. 7 Rahmenvertrag Kurzzeitpflege:","") | I61: Pflegegrad 1 - 5: | J61: =ROUND((D52+(J11*J52))/D6*'B_PH_Allgemeine Angaben'!L48/(365*0.8*'B_PH_Allgemeine Angaben'!L48),2) -> #VALUE! | S61: =IF('B_PH_Allgemeine Angaben'!$M$48>0,B_PH_Gesamtkalkulation!S57,"") | T61: =ROUND(IFERROR(IF('B_PH_Allgemeine Angaben'!$M$48>0,B_PH_Gesamtkalkulation!T57*0.96/0.8,""),0),2) -> #VALUE! | U61: =IF('B_PH_Allgemeine Angaben'!$M$48>0,B_PH_Gesamtkalkulation!U57,"") | V61: =ROUND(IFERROR(IF('B_PH_Allgemeine Angaben'!$M$48>0,B_PH_Gesamtkalkulation!V57*0.96/0.8,""),0),2) -> #VALUE! | X61: =ROUND(IFERROR(IF('B_PH_Allgemeine Angaben'!$M$48>0,B_PH_Gesamtkalkulation!X57+0.03,""),0),2) -> #VALUE!
J66: Zelle H53 neue Formel: =WENN(Belegung!E26>0;Gesamtkalkulation!H47*0,96/0,9;J53*0,78) STATT BISHER: =WENN('Allgemeine Angaben'!$L$45>0;Gesamtkalkulation!L47*0,96/0,9;"")

Sheet Adressverzeichnis
A1: Adressverzeichnis der Parteien der Pflegesatzvereinbarung gem. § 85 Abs. 2 SGB XI sowie von Vergütungen nach § 75 SGB XII
A5: AOK PLUS - Die Gesundheitskasse für Sachsen und Thüringen
A6: Geschäftsbereich Gesundheitspartner
A7: Bereich Pflege/HKP | E7: =IF('B_PH_Allgemeine Angaben'!K64>5,"x","")
A8: Fachbereich Vertrags- und Qualitätsmanagement SAC
A9: Müllerstraße 41 | G9: pflegesatzverhandlungen_sachsen@plus.aok.de
A10: 09113 Chemnitz
A12: IKK classic | E12: =IF('B_PH_Allgemeine Angaben'!K67>5,"x","") | G12: pflegeverhandlungen-sachsen@ikk-classic.de
A13: Postfach 10 02 51
A14: 01072 Dresden
A16: Knappschaft | E16: =IF('B_PH_Allgemeine Angaben'!K68>5,"x","") | G16: vertrag.chemnitz@kbs.de
A17: Regionaldirektion Chemnitz
A18: Jagdschänkenstraße 50
A19: 09117 Chemnitz
A21: Kommunaler Sozialverband Sachsen | E21: =IF('B_PH_Allgemeine Angaben'!K72>5,"x","") | G21: vereinbarungen-pflege@ksv-sachsen.de
A22: Humboldtstraße 18
A23: 04105 Leipzig
A25: Arbeitsgemeinschaft Betriebskrankenkassen
A27: BKK-Landesverband Mitte | E27: =IF('B_PH_Allgemeine Angaben'!K66>5,"x","") | G27: Pflege-SN@bkkmitte.de
A28: Landesrepräsentanz Sachsen
A29: Dr.-Külz-Ring 12
A30: 01219 Dresden
A32: Arbeitsgemeinschaft Ersatzkassen
A34: vdek - Landesvertretung Sachsen | E34: =IF('B_PH_Allgemeine Angaben'!K65>5,"x","") | G34: verguetung-pflege.sac@vdek.com
A35: Glacisstr. 4
A36: 01099 Dresden
G37: und
A39: BARMER | E39: =IF('B_PH_Allgemeine Angaben'!K65>5,"x","") | G39: pflegesatzverhandlungen_sachsen@barmer.de
A40: Landesvertretung Sachsen
A41: Postfach 12 03 65
A42: 01004 Dresden
A44: Mitglieder:
A45: Techniker Krankenkasse
A46: Barmer
A47: DAK-Gesundheit
A48: Kaufmännische Krankenkasse - KKH
A49: Handelskrankenkasse (hkk)
A50: HEK - Hanseatische Krankenkasse
A53: Verband der Privaten Kranken- | E53: =IF('B_PH_Allgemeine Angaben'!K69>5,"x","") | G53: pflege@pkv.de
A54: versicherung e.V.
A55: Heidestraße 40
A56: 10557 Berlin
